Workbook

Sheet Summary
A1: Barber sites: 5-year economics
A2: ESTIMATE. A planning model, not a forecast or tax advice. Month 1 = Nov 2026, starting from zero paying barbers. Edit the Assumptions sheet.
A4: Conservative case
B5: Year 1 | C5: Year 2 | D5: Year 3 | E5: Year 4 | F5: Year 5
A6: Starter barbers (year end) | B6: ='Monthly Conservative'!S16 -> 4.9657388 | C6: ='Monthly Conservative'!S28 -> 10.353271 | D6: ='Monthly Conservative'!S40 -> 15.080337 | E6: ='Monthly Conservative'!S52 -> 17.610288 | F6: ='Monthly Conservative'!S64 -> 19.03419
A7: Maps plan barbers (year end) | B7: ='Monthly Conservative'!T16 -> 0.42194715 | C7: ='Monthly Conservative'!T28 -> 0.85251647 | D7: ='Monthly Conservative'!T40 -> 1.2286493 | E7: ='Monthly Conservative'!T52 -> 1.4176403 | F7: ='Monthly Conservative'!T64 -> 1.5129243
A8: Shop tier (year end) | B8: ='Monthly Conservative'!U16 -> 0 | C8: ='Monthly Conservative'!U28 -> 0 | D8: ='Monthly Conservative'!U40 -> 0 | E8: ='Monthly Conservative'!U52 -> 0 | F8: ='Monthly Conservative'!U64 -> 0
A9: Own it owners (all time) | B9: ='Monthly Conservative'!V16 -> 2.7379863 | C9: ='Monthly Conservative'!V28 -> 7.2081903 | D9: ='Monthly Conservative'!V40 -> 12.855331 | E9: ='Monthly Conservative'!V52 -> 18.573668 | F9: ='Monthly Conservative'!V64 -> 24.330012
A10: On Growth add-on (year end) | B10: ='Monthly Conservative'!X16 -> 0.41904224 | C10: ='Monthly Conservative'!X28 -> 1.1205788 | D10: ='Monthly Conservative'!X40 -> 1.6308987 | E10: ='Monthly Conservative'!X52 -> 1.9027928 | F10: ='Monthly Conservative'!X64 -> 2.0547115
A11: On Barber Pay (year end) | B11: ='Monthly Conservative'!Z16 -> 0 | C11: ='Monthly Conservative'!Z28 -> 0 | D11: ='Monthly Conservative'!Z40 -> 0 | E11: ='Monthly Conservative'!Z52 -> 0 | F11: ='Monthly Conservative'!Z64 -> 0.85612977
A12: New sales in the year | B12: =SUM('Monthly Conservative'!J5:J16) -> 9.126621 | C12: =SUM('Monthly Conservative'!J17:J28) -> 14.90068 | D12: =SUM('Monthly Conservative'!J29:J40) -> 18.823802 | E12: =SUM('Monthly Conservative'!J41:J52) -> 19.061124 | F12: =SUM('Monthly Conservative'!J53:J64) -> 19.187813
A13: Churned in the year | B13: =SUM('Monthly Conservative'!W5:W16) -> 1.548546 | C13: =SUM('Monthly Conservative'!W17:W28) -> 5.5064151 | D13: =SUM('Monthly Conservative'!W29:W40) -> 9.2028908 | E13: =SUM('Monthly Conservative'!W41:W52) -> 11.767513 | F13: =SUM('Monthly Conservative'!W53:W64) -> 13.063551
A14: MRR at year end | B14: ='Monthly Conservative'!AJ16 -> 545.89408 | C14: ='Monthly Conservative'!AJ28 -> 1148.3516 | D14: ='Monthly Conservative'!AJ40 -> 1671.5616 | E14: ='Monthly Conservative'!AJ52 -> 1950.5517 | F14: ='Monthly Conservative'!AJ64 -> 2123.764
A15: Revenue | B15: =SUM('Monthly Conservative'!AI5:AI16) -> 4435.4235 | C15: =SUM('Monthly Conservative'!AI17:AI28) -> 13393.757 | D15: =SUM('Monthly Conservative'!AI29:AI40) -> 20836.247 | E15: =SUM('Monthly Conservative'!AI41:AI52) -> 25742.986 | F15: =SUM('Monthly Conservative'!AI53:AI64) -> 28415.831
A16: Costs | B16: =SUM('Monthly Conservative'!AW5:AW16) -> 5013.8355 | C16: =SUM('Monthly Conservative'!AW17:AW28) -> 6737.1811 | D16: =SUM('Monthly Conservative'!AW29:AW40) -> 8000.6432 | E16: =SUM('Monthly Conservative'!AW41:AW52) -> 9699.7268 | F16: =SUM('Monthly Conservative'!AW53:AW64) -> 16011.78
A17: of which VA / contractor | B17: =SUM('Monthly Conservative'!AS5:AS16) -> 0 | C17: =SUM('Monthly Conservative'!AS17:AS28) -> 0 | D17: =SUM('Monthly Conservative'!AS29:AS40) -> 574.44446 | E17: =SUM('Monthly Conservative'!AS41:AS52) -> 1811.0592 | F17: =SUM('Monthly Conservative'!AS53:AS64) -> 2500.6153
A18: Profit before tax | B18: =SUM('Monthly Conservative'!AX5:AX16) -> -578.41197 | C18: =SUM('Monthly Conservative'!AX17:AX28) -> 6656.5763 | D18: =SUM('Monthly Conservative'!AX29:AX40) -> 12835.603 | E18: =SUM('Monthly Conservative'!AX41:AX52) -> 16043.259 | F18: =SUM('Monthly Conservative'!AX53:AX64) -> 12404.051
A19: After tax (est. set-aside) | B19: =SUM('Monthly Conservative'!AZ5:AZ16) -> -826.01545 | C19: =SUM('Monthly Conservative'!AZ17:AZ28) -> 4659.6034 | D19: =SUM('Monthly Conservative'!AZ29:AZ40) -> 8984.9223 | E19: =SUM('Monthly Conservative'!AZ41:AZ52) -> 11230.281 | F19: =SUM('Monthly Conservative'!AZ53:AZ64) -> 7609.0546
A20: Hours per week needed (Dec) | B20: ='Monthly Conservative'!BE16 -> 11.802239 | C20: ='Monthly Conservative'!BE28 -> 15.781943 | D20: ='Monthly Conservative'!BE40 -> 19.877793 | E20: ='Monthly Conservative'!BE52 -> 21.236822 | F20: ='Monthly Conservative'!BE64 -> 22.055363
A21: of which VA hours per week | B21: ='Monthly Conservative'!BF16 -> 0 | C21: ='Monthly Conservative'!BF28 -> 0 | D21: ='Monthly Conservative'!BF40 -> 1.8777933 | E21: ='Monthly Conservative'!BF52 -> 3.2368225 | F21: ='Monthly Conservative'!BF64 -> 4.0553632
A22: First profitable month | B22: =IF(MIN('Monthly Conservative'!BG5:BG64)=999,"Not in 5 yrs",MIN('Monthly Conservative'!BG5:BG64)) -> 8
A23: Barber Pay goes live (month) | B23: =IF(MAX('Monthly Conservative'!Y5:Y64)=0,"Not in 5 yrs",MAX('Monthly Conservative'!Y5:Y64)) -> 56
A24: $100k/yr after-tax pace, 3 months in a row (month) | B24: =IF(MIN('Monthly Conservative'!BI5:BI64)=999,"Not in 5 yrs",MIN('Monthly Conservative'!BI5:BI64)) -> Not in 5 yrs
A25: Freedom point: goal pace 3 months in a row (month) | B25: =IF(MIN('Monthly Conservative'!BH5:BH64)=999,"Not in 5 yrs",MIN('Monthly Conservative'!BH5:BH64)) -> Not in 5 yrs
A26: Cumulative after-tax by month 60 | B26: ='Monthly Conservative'!BA64 -> 31657.846
A28: Base case
B29: Year 1 | C29: Year 2 | D29: Year 3 | E29: Year 4 | F29: Year 5
A30: Starter barbers (year end) | B30: ='Monthly Base'!S16 -> 19.256656 | C30: ='Monthly Base'!S28 -> 43.516765 | D30: ='Monthly Base'!S40 -> 67.914327 | E30: ='Monthly Base'!S52 -> 85.19764 | F30: ='Monthly Base'!S64 -> 97.571305
A31: Maps plan barbers (year end) | B31: ='Monthly Base'!T16 -> 2.3402059 | C31: ='Monthly Base'!T28 -> 5.0747901 | D31: ='Monthly Base'!T40 -> 7.7328392 | E31: ='Monthly Base'!T52 -> 9.4574126 | F31: ='Monthly Base'!T64 -> 10.586378
A32: Shop tier (year end) | B32: ='Monthly Base'!U16 -> 0 | C32: ='Monthly Base'!U28 -> 0 | D32: ='Monthly Base'!U40 -> 0 | E32: ='Monthly Base'!U52 -> 0 | F32: ='Monthly Base'!U64 -> 0
A33: Own it owners (all time) | B33: ='Monthly Base'!V16 -> 9.6165412 | C33: ='Monthly Base'!V28 -> 25.379658 | D33: ='Monthly Base'!V40 -> 45.740367 | E33: ='Monthly Base'!V52 -> 66.940627 | F33: ='Monthly Base'!V64 -> 88.728711
A34: On Growth add-on (year end) | B34: ='Monthly Base'!X16 -> 4.3193724 | C34: ='Monthly Base'!X28 -> 9.7183111 | D34: ='Monthly Base'!X40 -> 15.129433 | E34: ='Monthly Base'!X52 -> 18.93101 | F34: ='Monthly Base'!X64 -> 21.631536
A35: On Barber Pay (year end) | B35: ='Monthly Base'!Z16 -> 0 | C35: ='Monthly Base'!Z28 -> 14.577467 | D35: ='Monthly Base'!Z40 -> 22.69415 | E35: ='Monthly Base'!Z52 -> 28.396516 | F35: ='Monthly Base'!Z64 -> 32.447305
A36: New sales in the year | B36: =SUM('Monthly Base'!J5:J16) -> 32.055137 | C36: =SUM('Monthly Base'!J17:J28) -> 52.543723 | D36: =SUM('Monthly Base'!J29:J40) -> 67.869028 | E36: =SUM('Monthly Base'!J41:J52) -> 70.667536 | F36: =SUM('Monthly Base'!J53:J64) -> 72.626946
A37: Churned in the year | B37: =SUM('Monthly Base'!W5:W16) -> 3.7266966 | C37: =SUM('Monthly Base'!W17:W28) -> 14.514848 | D37: =SUM('Monthly Base'!W29:W40) -> 26.560921 | E37: =SUM('Monthly Base'!W41:W52) -> 36.819467 | F37: =SUM('Monthly Base'!W53:W64) -> 43.872657
A38: MRR at year end | B38: ='Monthly Base'!AJ16 -> 2393.6413 | C38: ='Monthly Base'!AJ28 -> 5967.946 | D38: ='Monthly Base'!AJ40 -> 9520.9632 | E38: ='Monthly Base'!AJ52 -> 12210.16 | F38: ='Monthly Base'!AJ64 -> 14300.835
A39: Revenue | B39: =SUM('Monthly Base'!AI5:AI16) -> 18448.155 | C39: =SUM('Monthly Base'!AI17:AI28) -> 61579.198 | D39: =SUM('Monthly Base'!AI29:AI40) -> 108866.07 | E39: =SUM('Monthly Base'!AI41:AI52) -> 148202.1 | F39: =SUM('Monthly Base'!AI53:AI64) -> 178226.47
A40: Costs | B40: =SUM('Monthly Base'!AW5:AW16) -> 4980.8441 | C40: =SUM('Monthly Base'!AW17:AW28) -> 14875.094 | D40: =SUM('Monthly Base'!AW29:AW40) -> 23239.418 | E40: =SUM('Monthly Base'!AW41:AW52) -> 31491.607 | F40: =SUM('Monthly Base'!AW53:AW64) -> 37384.523
A41: of which VA / contractor | B41: =SUM('Monthly Base'!AS5:AS16) -> 0 | C41: =SUM('Monthly Base'!AS17:AS28) -> 2235.3933 | D41: =SUM('Monthly Base'!AS29:AS40) -> 10331.035 | E41: =SUM('Monthly Base'!AS41:AS52) -> 15821.569 | F41: =SUM('Monthly Base'!AS53:AS64) -> 19668.42
A42: Profit before tax | B42: =SUM('Monthly Base'!AX5:AX16) -> 13467.311 | C42: =SUM('Monthly Base'!AX17:AX28) -> 46704.104 | D42: =SUM('Monthly Base'!AX29:AX40) -> 85626.649 | E42: =SUM('Monthly Base'!AX41:AX52) -> 116710.49 | F42: =SUM('Monthly Base'!AX53:AX64) -> 140841.94
A43: After tax (est. set-aside) | B43: =SUM('Monthly Base'!AZ5:AZ16) -> 9620.081 | C43: =SUM('Monthly Base'!AZ17:AZ28) -> 33558.353 | D43: =SUM('Monthly Base'!AZ29:AZ40) -> 61651.187 | E43: =SUM('Monthly Base'!AZ41:AZ52) -> 84031.556 | F43: =SUM('Monthly Base'!AZ53:AZ64) -> 101406.2
A44: Hours per week needed (Dec) | B44: ='Monthly Base'!BE16 -> 19.500843 | C44: ='Monthly Base'!BE28 -> 33.703052 | D44: ='Monthly Base'!BE40 -> 47.556163 | E44: ='Monthly Base'!BE52 -> 55.432816 | F44: ='Monthly Base'!BE64 -> 61.02782
A45: of which VA hours per week | B45: ='Monthly Base'!BF16 -> 0 | C45: ='Monthly Base'!BF28 -> 8.7030523 | D45: ='Monthly Base'!BF40 -> 22.556163 | E45: ='Monthly Base'!BF52 -> 30.432816 | F45: ='Monthly Base'!BF64 -> 36.02782
A46: First profitable month | B46: =IF(MIN('Monthly Base'!BG5:BG64)=999,"Not in 5 yrs",MIN('Monthly Base'!BG5:BG64)) -> 2
A47: Barber Pay goes live (month) | B47: =IF(MAX('Monthly Base'!Y5:Y64)=0,"Not in 5 yrs",MAX('Monthly Base'!Y5:Y64)) -> 13
A48: $100k/yr after-tax pace, 3 months in a row (month) | B48: =IF(MIN('Monthly Base'!BI5:BI64)=999,"Not in 5 yrs",MIN('Monthly Base'!BI5:BI64)) -> 55
A49: Freedom point: goal pace 3 months in a row (month) | B49: =IF(MIN('Monthly Base'!BH5:BH64)=999,"Not in 5 yrs",MIN('Monthly Base'!BH5:BH64)) -> Not in 5 yrs
A50: Cumulative after-tax by month 60 | B50: ='Monthly Base'!BA64 -> 290267.38
A52: Strong case
B53: Year 1 | C53: Year 2 | D53: Year 3 | E53: Year 4 | F53: Year 5
A54: Starter barbers (year end) | B54: ='Monthly Strong'!S16 -> 47.479392 | C54: ='Monthly Strong'!S28 -> 107.65076 | D54: ='Monthly Strong'!S40 -> 172.92971 | E54: ='Monthly Strong'!S52 -> 229.82214 | F54: ='Monthly Strong'!S64 -> 279.0791
A55: Maps plan barbers (year end) | B55: ='Monthly Strong'!T16 -> 7.5854952 | C55: ='Monthly Strong'!T28 -> 16.519394 | D55: ='Monthly Strong'!T40 -> 25.967502 | E55: ='Monthly Strong'!T52 -> 33.817921 | F55: ='Monthly Strong'!T64 -> 40.380775
A56: Shop tier (year end) | B56: ='Monthly Strong'!U16 -> 3.4079263 | C56: ='Monthly Strong'!U28 -> 7.5820117 | D56: ='Monthly Strong'!U40 -> 12.125787 | E56: ='Monthly Strong'!U52 -> 16.062748 | F56: ='Monthly Strong'!U64 -> 19.471208
A57: Own it owners (all time) | B57: ='Monthly Strong'!V16 -> 21.957311 | C57: ='Monthly Strong'!V28 -> 54.933107 | D57: ='Monthly Strong'!V40 -> 97.451625 | E57: ='Monthly Strong'!V52 -> 143.7931 | F57: ='Monthly Strong'!V64 -> 193.42965
A58: On Growth add-on (year end) | B58: ='Monthly Strong'!X16 -> 16.519466 | C58: ='Monthly Strong'!X28 -> 37.251045 | D58: ='Monthly Strong'!X40 -> 59.669164 | E58: ='Monthly Strong'!X52 -> 79.092019 | F58: ='Monthly Strong'!X64 -> 95.837963
A59: On Barber Pay (year end) | B59: ='Monthly Strong'!Z16 -> 12.236642 | C59: ='Monthly Strong'!Z28 -> 62.085076 | D59: ='Monthly Strong'!Z40 -> 99.448607 | E59: ='Monthly Strong'!Z52 -> 131.82003 | F59: ='Monthly Strong'!Z64 -> 159.72994
A60: New sales in the year | B60: =SUM('Monthly Strong'!J5:J16) -> 77.043195 | C60: =SUM('Monthly Strong'!J17:J28) -> 115.70455 | D60: =SUM('Monthly Strong'!J29:J40) -> 149.18778 | E60: =SUM('Monthly Strong'!J41:J52) -> 162.60166 | F60: =SUM('Monthly Strong'!J53:J64) -> 174.16334
A61: Churned in the year | B61: =SUM('Monthly Strong'!W5:W16) -> 5.3959955 | C61: =SUM('Monthly Strong'!W17:W28) -> 22.639721 | D61: =SUM('Monthly Strong'!W29:W40) -> 44.405835 | E61: =SUM('Monthly Strong'!W41:W52) -> 66.116967 | F61: =SUM('Monthly Strong'!W53:W64) -> 85.153133
A62: MRR at year end | B62: ='Monthly Strong'!AJ16 -> 8739.7055 | C62: ='Monthly Strong'!AJ28 -> 21635.146 | D62: ='Monthly Strong'!AJ40 -> 35918.271 | E62: ='Monthly Strong'!AJ52 -> 49373.631 | F62: ='Monthly Strong'!AJ64 -> 62078.207
A63: Revenue | B63: =SUM('Monthly Strong'!AI5:AI16) -> 59725.006 | C63: =SUM('Monthly Strong'!AI17:AI28) -> 209772.27 | D63: =SUM('Monthly Strong'!AI29:AI40) -> 382050.6 | E63: =SUM('Monthly Strong'!AI41:AI52) -> 557016.24 | F63: =SUM('Monthly Strong'!AI53:AI64) -> 721920.55
A64: Costs | B64: =SUM('Monthly Strong'!AW5:AW16) -> 9082.4565 | C64: =SUM('Monthly Strong'!AW17:AW28) -> 27713.161 | D64: =SUM('Monthly Strong'!AW29:AW40) -> 35444.408 | E64: =SUM('Monthly Strong'!AW41:AW52) -> 49474.134 | F64: =SUM('Monthly Strong'!AW53:AW64) -> 69444.005
A65: of which VA / contractor | B65: =SUM('Monthly Strong'!AS5:AS16) -> 172.85132 | C65: =SUM('Monthly Strong'!AS17:AS28) -> 10280.965 | D65: =SUM('Monthly Strong'!AS29:AS40) -> 8787.6829 | E65: =SUM('Monthly Strong'!AS41:AS52) -> 13552.389 | F65: =SUM('Monthly Strong'!AS53:AS64) -> 24945.923
A66: Profit before tax | B66: =SUM('Monthly Strong'!AX5:AX16) -> 50642.549 | C66: =SUM('Monthly Strong'!AX17:AX28) -> 182059.11 | D66: =SUM('Monthly Strong'!AX29:AX40) -> 346606.19 | E66: =SUM('Monthly Strong'!AX41:AX52) -> 507542.11 | F66: =SUM('Monthly Strong'!AX53:AX64) -> 652476.55
A67: After tax (est. set-aside) | B67: =SUM('Monthly Strong'!AZ5:AZ16) -> 37981.912 | C67: =SUM('Monthly Strong'!AZ17:AZ28) -> 136544.33 | D67: =SUM('Monthly Strong'!AZ29:AZ40) -> 259954.64 | E67: =SUM('Monthly Strong'!AZ41:AZ52) -> 380656.58 | F67: =SUM('Monthly Strong'!AZ53:AZ64) -> 489357.41
A68: Hours per week needed (Dec) | B68: ='Monthly Strong'!BE16 -> 33.069833 | C68: ='Monthly Strong'!BE28 -> 62.533381 | D68: ='Monthly Strong'!BE40 -> 93.467213 | E68: ='Monthly Strong'!BE52 -> 118.16767 | F68: ='Monthly Strong'!BE64 -> 139.47984
A69: of which VA hours per week | B69: ='Monthly Strong'!BF16 -> 3.0698329 | C69: ='Monthly Strong'!BF28 -> 32.533381 | D69: ='Monthly Strong'!BF40 -> 13.467213 | E69: ='Monthly Strong'!BF52 -> 38.167674 | F69: ='Monthly Strong'!BF64 -> 59.479841
A70: First profitable month | B70: =IF(MIN('Monthly Strong'!BG5:BG64)=999,"Not in 5 yrs",MIN('Monthly Strong'!BG5:BG64)) -> 1
A71: Barber Pay goes live (month) | B71: =IF(MAX('Monthly Strong'!Y5:Y64)=0,"Not in 5 yrs",MAX('Monthly Strong'!Y5:Y64)) -> 9
A72: $100k/yr after-tax pace, 3 months in a row (month) | B72: =IF(MIN('Monthly Strong'!BI5:BI64)=999,"Not in 5 yrs",MIN('Monthly Strong'!BI5:BI64)) -> 17
A73: Freedom point: goal pace 3 months in a row (month) | B73: =IF(MIN('Monthly Strong'!BH5:BH64)=999,"Not in 5 yrs",MIN('Monthly Strong'!BH5:BH64)) -> 28
A74: Cumulative after-tax by month 60 | B74: ='Monthly Strong'!BA64 -> 1304494.9
A76: Freedom math (base case assumptions)
A77: Goal: take-home per year after tax | B77: =Assumptions!$D$74 -> 200000
A78: Tax set-aside used | B78: =Assumptions!$D$73 -> 0.28
A79: Profit before tax needed per year | B79: =B77/(1-B78) -> 277777.78
A80: Profit before tax needed per month | B80: =B79/12 -> 23148.148
A81: Base case month 60: profit per active barber per month | B81: ='Monthly Base'!AX64/('Monthly Base'!S64+'Monthly Base'!T64+'Monthly Base'!U64) -> 114.3199
A82: Active barbers needed at that profit per barber | B82: =B80/B81 -> 202.48572
A83: Base case active barbers at month 60 | B83: ='Monthly Base'!S64+'Monthly Base'!T64+'Monthly Base'!U64 -> 108.15768
A85: Levers on the base case (snapshot computed when this file was built; one change at a time)
A86: Change to the base case | B86: Year 5 after tax | C86: $100k pace (month) | D86: $200k goal (month) | E86: Barbers at month 60
A87: Base case as is | B87: 101406 | C87: 55 | D87: Not in 5 yrs | E87: 108.2
A88: Raise prices 10% a year (not 3%) | B88: 132456 | C88: 43 | D88: Not in 5 yrs | E88: 108.2
A89: Starter at $149/mo instead of $99 | B89: 143759 | C89: 38 | D89: Not in 5 yrs | E89: 108.2
A90: Growth on 40% of barbers, 10 clients each | B90: 121535 | C90: 44 | D90: Not in 5 yrs | E90: 108.2
A91: Barber Pay on 60% of barbers | B91: 108619 | C91: 51 | D91: Not in 5 yrs | E91: 108.2
A92: Double outreach from year 2 (VA + 2nd account) | B92: 191268 | C92: 31 | D92: Not in 5 yrs | E92: 210.9
A93: Shop tier: 10% of new sales at $399/mo | B93: 135690 | C93: 40 | D93: Not in 5 yrs | E93: 113.3
A94: Lower churn (2%/mo after term, 10% leave at month 12) | B94: 122920 | C94: 47 | D94: Not in 5 yrs | E94: 137.8
A95: Double outreach + Growth 40% + prices 10%/yr | B95: 309526 | C95: 27 | D95: 40 | E95: 210.9
A96: All of the above together | B96: 581838 | C96: 21 | D96: 29 | E96: 269.3
A98: Chart data: MRR at year end
A99: Year | B99: Conservative | C99: Base | D99: Strong
A100: Year 1 | B100: =B14 -> 545.89408 | C100: =B38 -> 2393.6413 | D100: =B62 -> 8739.7055
A101: Year 2 | B101: =C14 -> 1148.3516 | C101: =C38 -> 5967.946 | D101: =C62 -> 21635.146
A102: Year 3 | B102: =D14 -> 1671.5616 | C102: =D38 -> 9520.9632 | D102: =D62 -> 35918.271
A103: Year 4 | B103: =E14 -> 1950.5517 | C103: =E38 -> 12210.16 | D103: =E62 -> 49373.631
A104: Year 5 | B104: =F14 -> 2123.764 | C104: =F38 -> 14300.835 | D104: =F62 -> 62078.207

Sheet Assumptions
A1: Assumptions (edit the blue cells)
A2: ESTIMATE. Every number here is a planning guess, not a fact. Change a blue cell and the monthly sheets, summary and chart update.
A3: Month 1 = November 2026. Starts from zero paying barbers. Team = Ryan + his wife, plus automation, plus a VA only for overflow hours.
A5: Assumption | B5: Unit | C5: Conservative | D5: Base | E5: Strong | F5: Why / note | G5: Source
A6: Outreach and sales
A7: DMs per working day, year 1 | B7: DMs | C7: 10 | D7: 15 | E7: 20 | F7: You approve each one. Automation builds the preview. | G7: Estimate
A8: DMs per working day, year 2 | B8: DMs | C8: 12 | D8: 20 | E8: 25 | F8: Your wife takes some approvals. | G8: Estimate
A9: DMs per working day, years 3 to 5 | B9: DMs | C9: 15 | D9: 25 | E9: 30 | F9: Instagram limits cold DMs per account. Above ~30/day means a second account. | G9: Estimate
A10: Working days per month | B10: days | C10: 20 | D10: 21 | E10: 22 | G10: Estimate
A11: Reply rate on DMs | B11: % | C11: 0.05 | D11: 0.08 | E11: 0.1 | F11: Cold email averages 0.45% to 5-10%. A free preview of his own site should beat that. | G11: S1, S2
A12: Replies that become paying clients | B12: % | C12: 0.1 | D12: 0.12 | E12: 0.15 | G12: Estimate
A13: Month 1 sales efficiency (learning curve) | B13: % | C13: 0.4 | D13: 0.5 | E13: 0.6 | F13: Grows to 100% over the ramp months. | G13: Estimate
A14: Ramp months to full efficiency | B14: months | C14: 9 | D14: 6 | E14: 4 | G14: Estimate
A15: Referrals per month, as % of active barbers | B15: % | C15: 0.005 | D15: 0.01 | E15: 0.015 | F15: 1 free month per signed referral. | G15: Estimate
A16: Plan mix and churn
A17: New sales that pick Starter (rest Own it) | B17: % | C17: 0.7 | D17: 0.7 | E17: 0.7 | F17: Page target was 3 Starter : 1 Own it. | G17: Estimate
A18: New sales on a Shop tier (multi-chair shops) | B18: % | C18: 0 | D18: 0 | E18: 0.05 | F18: Not on the page yet. Lever only. | G18: Estimate
A19: Starters who take the 30-day $99 back | B19: % | C19: 0.15 | D19: 0.1 | E19: 0.05 | G19: Plan sec. 05
A20: Starter monthly dropout during the 12-month minimum | B20: %/mo | C20: 0.02 | D20: 0.01 | E20: 0.005 | F20: Barber quits, card dies, or stops paying. Hard to collect abroad. | G20: S3 (involuntary)
A21: Starters who leave right at month 12 | B21: % | C21: 0.3 | D21: 0.2 | E21: 0.1 | G21: Estimate
A22: Starter monthly churn after the minimum | B22: %/mo | C22: 0.05 | D22: 0.035 | E22: 0.025 | F22: SMB subscriptions run ~3-5%/mo. | G22: S3, S4, S5
A23: Own it buyers who add the Maps plan | B23: % | C23: 0.2 | D23: 0.3 | E23: 0.4 | G23: Estimate
A24: Maps plan monthly churn (month to month) | B24: %/mo | C24: 0.06 | D24: 0.045 | E24: 0.03 | F24: SEO retainers ~3.2%/mo. | G24: S6
A25: Shop tier monthly churn | B25: %/mo | C25: 0.03 | D25: 0.03 | E25: 0.025 | G25: S5
A26: Prices
A27: Starter start fee | B27: $ | C27: 99 | D27: 99 | E27: 99 | G27: Plan sec. 03
A28: Starter monthly price | B28: $ | C28: 99 | D28: 99 | E28: 99 | G28: Plan sec. 03
A29: Own it price (one time) | B29: $ | C29: 499 | D29: 499 | E29: 499 | G29: Plan sec. 03
A30: Maps plan price | B30: $/mo | C30: 79 | D30: 79 | E30: 79 | G30: Plan sec. 03
A31: Shop tier price | B31: $/mo | C31: 399 | D31: 399 | E31: 399 | G31: Estimate
A32: Price increase each year from year 2 | B32: %/yr | C32: 0 | D32: 0.03 | E32: 0.05 | F32: Applies to Starter, Own it, Maps. $10 fee stays flat. | G32: Estimate
A33: Growth add-on (ads)
A34: Growth add-on: first month sold (after the pilot) | B34: month | C34: 6 | D34: 4 | E34: 3 | G34: Estimate
A35: Growth ramps in over this many months | B35: months | C35: 9 | D35: 6 | E35: 4 | G35: Estimate
A36: Barbers on Growth (share of Starter + Maps barbers) | B36: % | C36: 0.1 | D36: 0.2 | E36: 0.3 | G36: Estimate
A37: New ad clients per Growth barber per month | B37: clients | C37: 5 | D37: 7 | E37: 10 | F37: $150/mo budget at ~$20 a client (hot $15, cold $30). | G37: Plan sec. 06
A38: Your fee per new client after the cut | B38: $ | C38: 10 | D38: 10 | E38: 10 | G38: Plan sec. 06
A39: Barber Pay (phase 2)
A40: Barber Pay goes live at this many Starter + Maps barbers | B40: barbers | C40: 20 | D40: 20 | E40: 20 | F40: Built around 10, live by ~20. | G40: Estimate
A41: Barber Pay earliest live month (build time) | B41: month | C41: 12 | D41: 9 | E41: 9 | G41: Estimate
A42: Barber Pay adoption (share of Starter + Maps barbers) | B42: % | C42: 0.15 | D42: 0.3 | E42: 0.5 | G42: Estimate
A43: Months for Barber Pay adoption to ramp up | B43: months | C43: 18 | D43: 12 | E43: 9 | G43: Estimate
A44: Card volume per Barber Pay barber | B44: $/mo | C44: 4000 | D44: 6000 | E44: 7000 | G44: Plan sec. 14
A45: Your Barber Pay cut | B45: % | C45: 0.005 | D45: 0.005 | E45: 0.005 | G45: Plan sec. 14
A46: Barber Pay one-time build (dev help + terms) | B46: $ | C46: 5000 | D46: 3000 | E46: 2000 | G46: Estimate
A47: Barber Pay running cost after launch | B47: $/mo | C47: 75 | D47: 50 | E47: 50 | G47: Estimate
A48: Costs
A49: Card fees on what you collect (blended) | B49: % | C49: 0.04 | D49: 0.038 | E49: 0.035 | F49: 2.9% + 30¢, +1.5% intl cards, +1% currency conversion. | G49: S7
A50: Stripe Billing on subscriptions | B50: % | C50: 0.007 | D50: 0.007 | E50: 0.007 | G50: S8
A51: Domain per Starter barber | B51: $/mo | C51: 1.25 | D51: 1.25 | E51: 1.25 | F51: ~$15/yr .com | G51: Estimate
A52: Domain year 1 per Own it sale | B52: $ | C52: 15 | D52: 15 | E52: 15 | G52: Estimate
A53: Tools and software (fixed) | B53: $/mo | C53: 200 | D53: 150 | E53: 120 | F53: AI tools, workspace, CRM, design. | G53: Estimate
A54: Tools per Starter/Maps/Shop barber | B54: $/mo | C54: 4 | D54: 3 | E54: 2 | F54: Review requests, listings. | G54: Estimate
A55: Meta ads for your own brand, from year 2 | B55: $/mo | C55: 100 | D55: 100 | E55: 200 | F55: No extra sales assumed from these. | G55: Estimate
A56: Accountant (incl. one overseas-tax chat) | B56: $/yr | C56: 1200 | D56: 900 | E56: 800 | G56: S10
A57: LLC filing (one time, month 1) | B57: $ | C57: 300 | D57: 300 | E57: 300 | G57: Unverified
A58: Registered agent + business insurance | B58: $/mo | C58: 60 | D58: 45 | E58: 40 | G58: Estimate
A59: Time and help
A60: Team minutes per DM (approve + send) | B60: min | C60: 4 | D60: 3 | E60: 2 | F60: Automation drafts the DM and builds the preview. | G60: Estimate
A61: Hours per reply (chat, call, close) | B61: hrs | C61: 0.6 | D61: 0.5 | E61: 0.4 | G61: Estimate
A62: Hours per new client (finish site, domain, onboarding) | B62: hrs | C62: 3 | D62: 2 | E62: 1.5 | G62: Estimate
A63: Hours per Starter/Maps barber per month | B63: hrs | C63: 2 | D63: 1.5 | E63: 1 | F63: Weekly posts, reviews, listings, edits. | G63: Estimate
A64: Hours per Growth barber per month | B64: hrs | C64: 1.5 | D64: 1 | E64: 0.75 | G64: Estimate
A65: Hours per Barber Pay barber per month | B65: hrs | C65: 0.3 | D65: 0.25 | E65: 0.2 | F65: Support, disputes. | G65: Estimate
A66: Hours per Shop tier client per month | B66: hrs | C66: 6 | D66: 6 | E66: 5 | G66: Estimate
A67: Admin hours per week (whole team) | B67: hrs/wk | C67: 4 | D67: 3 | E67: 3 | G67: Estimate
A68: Team hours per week, part-time (Ryan + wife) | B68: hrs/wk | C68: 18 | D68: 25 | E68: 30 | F68: Both keep their jobs until the freedom point. | G68: Estimate
A69: Team hours per week after the freedom point | B69: hrs/wk | C69: 60 | D69: 70 | E69: 80 | F69: Both near full-time, while traveling. | G69: Estimate
A70: VA/contractor hourly rate | B70: $/hr | C70: 10 | D70: 9 | E70: 8 | F70: Philippines VA $6.50-15/hr via agency. | G70: S9
A71: VA overhead (training, checking work) | B71: x | C71: 1.3 | D71: 1.25 | E71: 1.2 | G71: Estimate
A72: Taxes and goals
A73: Tax set-aside on profit (estimate, not tax advice) | B73: % | C73: 0.3 | D73: 0.28 | E73: 0.25 | G73: Estimate
A74: Freedom goal, take-home per year after tax | B74: $/yr | C74: 200000 | D74: 200000 | E74: 200000 | F74: Ryan + wife, "to start". Change it. | G74: Ryan, Oct 3
A75: Milestone: one income replaced, after tax | B75: $/yr | C75: 100000 | D75: 100000 | E75: 100000 | G75: Estimate

Sheet Monthly Conservative
A1: Monthly: Conservative
A2: ESTIMATE | D2: Counts are averages, so they show decimals. Revenue and costs in USD. All formulas point at the Assumptions sheet.
A4: Month # | B4: Month | C4: Year | D4: DMs per day | E4: DMs sent | F4: Replies | G4: Sales ramp | H4: New from DMs | I4: Referrals | J4: New sales | K4: New Shop tier | L4: New Starter | M4: New Own it | N4: Starter refunds (30-day) | O4: Starters entering | P4: Finishing 12-mo min | Q4: Starter in minimum | R4: Starter past minimum | S4: Starter total | T4: Maps plan | U4: Shop tier | V4: Own it owners (all time) | W4: Churned (all plans) | X4: Growth barbers | Y4: Barber Pay live since month | Z4: Barber Pay barbers | AA4: Price multiplier | AB4: Rev: Starter start fees | AC4: Rev: Starter monthly | AD4: Rev: Own it | AE4: Rev: Maps plan | AF4: Rev: Shop tier | AG4: Rev: Growth fees | AH4: Rev: Barber Pay | AI4: Revenue | AJ4: MRR (end of month) | AK4: Cost: card fees | AL4: Cost: Stripe Billing | AM4: Cost: domains | AN4: Cost: tools | AO4: Cost: own-brand ads | AP4: Hours needed (month) | AQ4: Team hours available | AR4: VA hours | AS4: Cost: VA / contractor | AT4: Cost: accountant | AU4: Cost: LLC, agent, insurance | AV4: Cost: Barber Pay build + run | AW4: Total costs | AX4: Profit before tax | AY4: Tax set-aside (est.) | AZ4: After-tax take-home | BA4: Cumulative after-tax | BB4: Months in a row at goal | BC4: Freedom point reached | BD4: Months in a row at $100k pace | BE4: Hours per week needed | BF4: VA hours per week | BG4: Helper: profit month (999 = no) | BH4: Helper: goal month (999 = no) | BI4: Helper: $100k month (999 = no)
A5: 1 | B5: =DATE(2026,10+A5,1) -> 46327 | C5: =INT((A5-1)/12)+1 -> 1 | D5: =IF(C5=1,Assumptions!$C$7,IF(C5=2,Assumptions!$C$8,Assumptions!$C$9)) -> 10 | E5: =D5*Assumptions!$C$10 -> 200 | F5: =E5*Assumptions!$C$11 -> 10 | G5: =MIN(1,Assumptions!$C$13+(1-Assumptions!$C$13)*(A5-1)/Assumptions!$C$14) -> 0.4 | H5: =F5*Assumptions!$C$12*G5 -> 0.4 | I5: =Assumptions!$C$15*(0+0+0+0) -> 0 | J5: =H5+I5 -> 0.4 | K5: =J5*Assumptions!$C$18 -> 0 | L5: =(J5-K5)*Assumptions!$C$17 -> 0.28 | M5: =J5-K5-L5 -> 0.12 | N5: =L5*Assumptions!$C$19 -> 0.042 | O5: =L5-N5 -> 0.238 | P5: =0 -> 0 | Q5: =0*(1-Assumptions!$C$20)+O5-P5 -> 0.238 | R5: =0*(1-Assumptions!$C$22)+P5*(1-Assumptions!$C$21) -> 0 | S5: =Q5+R5 -> 0.238 | T5: =0*(1-Assumptions!$C$24)+M5*Assumptions!$C$23 -> 0.024 | U5: =0*(1-Assumptions!$C$25)+K5 -> 0 | V5: =0+M5 -> 0.12 | W5: =N5+0*Assumptions!$C$20+P5*Assumptions!$C$21+0*Assumptions!$C$22+0*Assumptions!$C$24+0*Assumptions!$C$25 -> 0.042 | X5: =IF(A5<Assumptions!$C$34,0,Assumptions!$C$36*MIN(1,(A5-Assumptions!$C$34+1)/Assumptions!$C$35))*(S5+T5) -> 0 | Y5: =IF(AND(A5>=Assumptions!$C$41,0+0+0>=Assumptions!$C$40),A5,0) -> 0 | Z5: =IF(Y5>0,Assumptions!$C$42*MIN(1,(A5-Y5+1)/Assumptions!$C$43),0)*(S5+T5) -> 0 | AA5: =(1+Assumptions!$C$32)^(C5-1) -> 1 | AB5: =O5*Assumptions!$C$27*AA5 -> 23.562 | AC5: =(0+0)*Assumptions!$C$28*AA5 -> 0 | AD5: =M5*Assumptions!$C$29*AA5 -> 59.88 | AE5: =0*Assumptions!$C$30*AA5 -> 0 | AF5: =0*Assumptions!$C$31*AA5 -> 0 | AG5: =X5*Assumptions!$C$37*Assumptions!$C$38 -> 0 | AH5: =Z5*Assumptions!$C$44*Assumptions!$C$45 -> 0 | AI5: =SUM(AB5:AH5) -> 83.442 | AJ5: =(S5*Assumptions!$C$28+T5*Assumptions!$C$30+U5*Assumptions!$C$31)*AA5+AG5+AH5 -> 25.458 | AK5: =(AI5-AH5)*Assumptions!$C$49 -> 3.33768 | AL5: =(AC5+AE5+AF5)*Assumptions!$C$50 -> 0 | AM5: =S5*Assumptions!$C$51+M5*Assumptions!$C$52 -> 2.0975 | AN5: =Assumptions!$C$53+Assumptions!$C$54*(S5+T5+U5) -> 201.048 | AO5: =IF(C5>=2,Assumptions!$C$55,0) -> 0 | AP5: =E5*Assumptions!$C$60/60+F5*Assumptions!$C$61+J5*Assumptions!$C$62+(S5+T5)*Assumptions!$C$63+X5*Assumptions!$C$64+Z5*Assumptions!$C$65+U5*Assumptions!$C$66+Assumptions!$C$67*52/12 -> 38.390667 | AQ5: =IF(0=1,Assumptions!$C$69,Assumptions!$C$68)*52/12 -> 78 | AR5: =MAX(0,AP5-AQ5) -> 0 | AS5: =AR5*Assumptions!$C$70*Assumptions!$C$71 -> 0 | AT5: =Assumptions!$C$56/12 -> 100 | AU5: =IF(A5=1,Assumptions!$C$57,0)+Assumptions!$C$58 -> 360 | AV5: =IF(AND(Y5>0,Y5=A5),Assumptions!$C$46,0)+IF(Y5>0,Assumptions!$C$47,0) -> 0 | AW5: =AK5+AL5+AM5+AN5+AO5+AS5+AT5+AU5+AV5 -> 666.48318 | AX5: =AI5-AW5 -> -583.04118 | AY5: =MAX(0,AX5)*Assumptions!$C$73 -> 0 | AZ5: =AX5-AY5 -> -583.04118 | BA5: =0+AZ5 -> -583.04118 | BB5: =IF(AZ5>=Assumptions!$C$74/12,0+1,0) -> 0 | BC5: =IF(OR(0=1,BB5>=3),1,0) -> 0 | BD5: =IF(AZ5>=Assumptions!$C$75/12,0+1,0) -> 0 | BE5: =AP5*12/52 -> 8.8593846 | BF5: =AR5*12/52 -> 0 | BG5: =IF(AX5>0,A5,999) -> 999 | BH5: =IF(BB5>=3,A5,999) -> 999 | BI5: =IF(BD5>=3,A5,999) -> 999
A6: 2 | B6: =DATE(2026,10+A6,1) -> 46357 | C6: =INT((A6-1)/12)+1 -> 1 | D6: =IF(C6=1,Assumptions!$C$7,IF(C6=2,Assumptions!$C$8,Assumptions!$C$9)) -> 10 | E6: =D6*Assumptions!$C$10 -> 200 | F6: =E6*Assumptions!$C$11 -> 10 | G6: =MIN(1,Assumptions!$C$13+(1-Assumptions!$C$13)*(A6-1)/Assumptions!$C$14) -> 0.46666667 | H6: =F6*Assumptions!$C$12*G6 -> 0.46666667 | I6: =Assumptions!$C$15*(Q5+R5+T5+U5) -> 0.00131 | J6: =H6+I6 -> 0.46797667 | K6: =J6*Assumptions!$C$18 -> 0 | L6: =(J6-K6)*Assumptions!$C$17 -> 0.32758367 | M6: =J6-K6-L6 -> 0.140393 | N6: =L6*Assumptions!$C$19 -> 0.04913755 | O6: =L6-N6 -> 0.27844612 | P6: =0 -> 0 | Q6: =Q5*(1-Assumptions!$C$20)+O6-P6 -> 0.51168612 | R6: =R5*(1-Assumptions!$C$22)+P6*(1-Assumptions!$C$21) -> 0 | S6: =Q6+R6 -> 0.51168612 | T6: =T5*(1-Assumptions!$C$24)+M6*Assumptions!$C$23 -> 0.0506386 | U6: =U5*(1-Assumptions!$C$25)+K6 -> 0 | V6: =V5+M6 -> 0.260393 | W6: =N6+Q5*Assumptions!$C$20+P6*Assumptions!$C$21+R5*Assumptions!$C$22+T5*Assumptions!$C$24+U5*Assumptions!$C$25 -> 0.05533755 | X6: =IF(A6<Assumptions!$C$34,0,Assumptions!$C$36*MIN(1,(A6-Assumptions!$C$34+1)/Assumptions!$C$35))*(S6+T6) -> 0 | Y6: =IF(Y5>0,Y5,IF(AND(A6>=Assumptions!$C$41,Q5+R5+T5>=Assumptions!$C$40),A6,0)) -> 0 | Z6: =IF(Y6>0,Assumptions!$C$42*MIN(1,(A6-Y6+1)/Assumptions!$C$43),0)*(S6+T6) -> 0 | AA6: =(1+Assumptions!$C$32)^(C6-1) -> 1 | AB6: =O6*Assumptions!$C$27*AA6 -> 27.566166 | AC6: =(Q5+R5)*Assumptions!$C$28*AA6 -> 23.562 | AD6: =M6*Assumptions!$C$29*AA6 -> 70.056107 | AE6: =T5*Assumptions!$C$30*AA6 -> 1.896 | AF6: =U5*Assumptions!$C$31*AA6 -> 0 | AG6: =X6*Assumptions!$C$37*Assumptions!$C$38 -> 0 | AH6: =Z6*Assumptions!$C$44*Assumptions!$C$45 -> 0 | AI6: =SUM(AB6:AH6) -> 123.08027 | AJ6: =(S6*Assumptions!$C$28+T6*Assumptions!$C$30+U6*Assumptions!$C$31)*AA6+AG6+AH6 -> 54.657375 | AK6: =(AI6-AH6)*Assumptions!$C$49 -> 4.9232109 | AL6: =(AC6+AE6+AF6)*Assumptions!$C$50 -> 0.178206 | AM6: =S6*Assumptions!$C$51+M6*Assumptions!$C$52 -> 2.7455026 | AN6: =Assumptions!$C$53+Assumptions!$C$54*(S6+T6+U6) -> 202.2493 | AO6: =IF(C6>=2,Assumptions!$C$55,0) -> 0 | AP6: =E6*Assumptions!$C$60/60+F6*Assumptions!$C$61+J6*Assumptions!$C$62+(S6+T6)*Assumptions!$C$63+X6*Assumptions!$C$64+Z6*Assumptions!$C$65+U6*Assumptions!$C$66+Assumptions!$C$67*52/12 -> 39.195246 | AQ6: =IF(BC5=1,Assumptions!$C$69,Assumptions!$C$68)*52/12 -> 78 | AR6: =MAX(0,AP6-AQ6) -> 0 | AS6: =AR6*Assumptions!$C$70*Assumptions!$C$71 -> 0 | AT6: =Assumptions!$C$56/12 -> 100 | AU6: =IF(A6=1,Assumptions!$C$57,0)+Assumptions!$C$58 -> 60 | AV6: =IF(AND(Y6>0,Y6=A6),Assumptions!$C$46,0)+IF(Y6>0,Assumptions!$C$47,0) -> 0 | AW6: =AK6+AL6+AM6+AN6+AO6+AS6+AT6+AU6+AV6 -> 370.09622 | AX6: =AI6-AW6 -> -247.01595 | AY6: =MAX(0,AX6)*Assumptions!$C$73 -> 0 | AZ6: =AX6-AY6 -> -247.01595 | BA6: =BA5+AZ6 -> -830.05713 | BB6: =IF(AZ6>=Assumptions!$C$74/12,BB5+1,0) -> 0 | BC6: =IF(OR(BC5=1,BB6>=3),1,0) -> 0 | BD6: =IF(AZ6>=Assumptions!$C$75/12,BD5+1,0) -> 0 | BE6: =AP6*12/52 -> 9.0450568 | BF6: =AR6*12/52 -> 0 | BG6: =IF(AX6>0,A6,999) -> 999 | BH6: =IF(BB6>=3,A6,999) -> 999 | BI6: =IF(BD6>=3,A6,999) -> 999
A7: 3 | B7: =DATE(2026,10+A7,1) -> 46388 | C7: =INT((A7-1)/12)+1 -> 1 | D7: =IF(C7=1,Assumptions!$C$7,IF(C7=2,Assumptions!$C$8,Assumptions!$C$9)) -> 10 | E7: =D7*Assumptions!$C$10 -> 200 | F7: =E7*Assumptions!$C$11 -> 10 | G7: =MIN(1,Assumptions!$C$13+(1-Assumptions!$C$13)*(A7-1)/Assumptions!$C$14) -> 0.53333333 | H7: =F7*Assumptions!$C$12*G7 -> 0.53333333 | I7: =Assumptions!$C$15*(Q6+R6+T6+U6) -> 0.0028116236 | J7: =H7+I7 -> 0.53614496 | K7: =J7*Assumptions!$C$18 -> 0 | L7: =(J7-K7)*Assumptions!$C$17 -> 0.37530147 | M7: =J7-K7-L7 -> 0.16084349 | N7: =L7*Assumptions!$C$19 -> 0.05629522 | O7: =L7-N7 -> 0.31900625 | P7: =0 -> 0 | Q7: =Q6*(1-Assumptions!$C$20)+O7-P7 -> 0.82045864 | R7: =R6*(1-Assumptions!$C$22)+P7*(1-Assumptions!$C$21) -> 0 | S7: =Q7+R7 -> 0.82045864 | T7: =T6*(1-Assumptions!$C$24)+M7*Assumptions!$C$23 -> 0.079768981 | U7: =U6*(1-Assumptions!$C$25)+K7 -> 0 | V7: =V6+M7 -> 0.42123649 | W7: =N7+Q6*Assumptions!$C$20+P7*Assumptions!$C$21+R6*Assumptions!$C$22+T6*Assumptions!$C$24+U6*Assumptions!$C$25 -> 0.069567259 | X7: =IF(A7<Assumptions!$C$34,0,Assumptions!$C$36*MIN(1,(A7-Assumptions!$C$34+1)/Assumptions!$C$35))*(S7+T7) -> 0 | Y7: =IF(Y6>0,Y6,IF(AND(A7>=Assumptions!$C$41,Q6+R6+T6>=Assumptions!$C$40),A7,0)) -> 0 | Z7: =IF(Y7>0,Assumptions!$C$42*MIN(1,(A7-Y7+1)/Assumptions!$C$43),0)*(S7+T7) -> 0 | AA7: =(1+Assumptions!$C$32)^(C7-1) -> 1 | AB7: =O7*Assumptions!$C$27*AA7 -> 31.581619 | AC7: =(Q6+R6)*Assumptions!$C$28*AA7 -> 50.656926 | AD7: =M7*Assumptions!$C$29*AA7 -> 80.2609 | AE7: =T6*Assumptions!$C$30*AA7 -> 4.0004494 | AF7: =U6*Assumptions!$C$31*AA7 -> 0 | AG7: =X7*Assumptions!$C$37*Assumptions!$C$38 -> 0 | AH7: =Z7*Assumptions!$C$44*Assumptions!$C$45 -> 0 | AI7: =SUM(AB7:AH7) -> 166.49989 | AJ7: =(S7*Assumptions!$C$28+T7*Assumptions!$C$30+U7*Assumptions!$C$31)*AA7+AG7+AH7 -> 87.527155 | AK7: =(AI7-AH7)*Assumptions!$C$49 -> 6.6599957 | AL7: =(AC7+AE7+AF7)*Assumptions!$C$50 -> 0.38260162 | AM7: =S7*Assumptions!$C$51+M7*Assumptions!$C$52 -> 3.4382256 | AN7: =Assumptions!$C$53+Assumptions!$C$54*(S7+T7+U7) -> 203.60091 | AO7: =IF(C7>=2,Assumptions!$C$55,0) -> 0 | AP7: =E7*Assumptions!$C$60/60+F7*Assumptions!$C$61+J7*Assumptions!$C$62+(S7+T7)*Assumptions!$C$63+X7*Assumptions!$C$64+Z7*Assumptions!$C$65+U7*Assumptions!$C$66+Assumptions!$C$67*52/12 -> 40.075557 | AQ7: =IF(BC6=1,Assumptions!$C$69,Assumptions!$C$68)*52/12 -> 78 | AR7: =MAX(0,AP7-AQ7) -> 0 | AS7: =AR7*Assumptions!$C$70*Assumptions!$C$71 -> 0 | AT7: =Assumptions!$C$56/12 -> 100 | AU7: =IF(A7=1,Assumptions!$C$57,0)+Assumptions!$C$58 -> 60 | AV7: =IF(AND(Y7>0,Y7=A7),Assumptions!$C$46,0)+IF(Y7>0,Assumptions!$C$47,0) -> 0 | AW7: =AK7+AL7+AM7+AN7+AO7+AS7+AT7+AU7+AV7 -> 374.08173 | AX7: =AI7-AW7 -> -207.58184 | AY7: =MAX(0,AX7)*Assumptions!$C$73 -> 0 | AZ7: =AX7-AY7 -> -207.58184 | BA7: =BA6+AZ7 -> -1037.639 | BB7: =IF(AZ7>=Assumptions!$C$74/12,BB6+1,0) -> 0 | BC7: =IF(OR(BC6=1,BB7>=3),1,0) -> 0 | BD7: =IF(AZ7>=Assumptions!$C$75/12,BD6+1,0) -> 0 | BE7: =AP7*12/52 -> 9.2482054 | BF7: =AR7*12/52 -> 0 | BG7: =IF(AX7>0,A7,999) -> 999 | BH7: =IF(BB7>=3,A7,999) -> 999 | BI7: =IF(BD7>=3,A7,999) -> 999
A8: 4 | B8: =DATE(2026,10+A8,1) -> 46419 | C8: =INT((A8-1)/12)+1 -> 1 | D8: =IF(C8=1,Assumptions!$C$7,IF(C8=2,Assumptions!$C$8,Assumptions!$C$9)) -> 10 | E8: =D8*Assumptions!$C$10 -> 200 | F8: =E8*Assumptions!$C$11 -> 10 | G8: =MIN(1,Assumptions!$C$13+(1-Assumptions!$C$13)*(A8-1)/Assumptions!$C$14) -> 0.6 | H8: =F8*Assumptions!$C$12*G8 -> 0.6 | I8: =Assumptions!$C$15*(Q7+R7+T7+U7) -> 0.0045011381 | J8: =H8+I8 -> 0.60450114 | K8: =J8*Assumptions!$C$18 -> 0 | L8: =(J8-K8)*Assumptions!$C$17 -> 0.4231508 | M8: =J8-K8-L8 -> 0.18135034 | N8: =L8*Assumptions!$C$19 -> 0.06347262 | O8: =L8-N8 -> 0.35967818 | P8: =0 -> 0 | Q8: =Q7*(1-Assumptions!$C$20)+O8-P8 -> 1.1637276 | R8: =R7*(1-Assumptions!$C$22)+P8*(1-Assumptions!$C$21) -> 0 | S8: =Q8+R8 -> 1.1637276 | T8: =T7*(1-Assumptions!$C$24)+M8*Assumptions!$C$23 -> 0.11125291 | U8: =U7*(1-Assumptions!$C$25)+K8 -> 0 | V8: =V7+M8 -> 0.60258683 | W8: =N8+Q7*Assumptions!$C$20+P8*Assumptions!$C$21+R7*Assumptions!$C$22+T7*Assumptions!$C$24+U7*Assumptions!$C$25 -> 0.084667931 | X8: =IF(A8<Assumptions!$C$34,0,Assumptions!$C$36*MIN(1,(A8-Assumptions!$C$34+1)/Assumptions!$C$35))*(S8+T8) -> 0 | Y8: =IF(Y7>0,Y7,IF(AND(A8>=Assumptions!$C$41,Q7+R7+T7>=Assumptions!$C$40),A8,0)) -> 0 | Z8: =IF(Y8>0,Assumptions!$C$42*MIN(1,(A8-Y8+1)/Assumptions!$C$43),0)*(S8+T8) -> 0 | AA8: =(1+Assumptions!$C$32)^(C8-1) -> 1 | AB8: =O8*Assumptions!$C$27*AA8 -> 35.60814 | AC8: =(Q7+R7)*Assumptions!$C$28*AA8 -> 81.225406 | AD8: =M8*Assumptions!$C$29*AA8 -> 90.49382 | AE8: =T7*Assumptions!$C$30*AA8 -> 6.3017495 | AF8: =U7*Assumptions!$C$31*AA8 -> 0 | AG8: =X8*Assumptions!$C$37*Assumptions!$C$38 -> 0 | AH8: =Z8*Assumptions!$C$44*Assumptions!$C$45 -> 0 | AI8: =SUM(AB8:AH8) -> 213.62912 | AJ8: =(S8*Assumptions!$C$28+T8*Assumptions!$C$30+U8*Assumptions!$C$31)*AA8+AG8+AH8 -> 123.99802 | AK8: =(AI8-AH8)*Assumptions!$C$49 -> 8.5451646 | AL8: =(AC8+AE8+AF8)*Assumptions!$C$50 -> 0.61269009 | AM8: =S8*Assumptions!$C$51+M8*Assumptions!$C$52 -> 4.1749147 | AN8: =Assumptions!$C$53+Assumptions!$C$54*(S8+T8+U8) -> 205.09992 | AO8: =IF(C8>=2,Assumptions!$C$55,0) -> 0 | AP8: =E8*Assumptions!$C$60/60+F8*Assumptions!$C$61+J8*Assumptions!$C$62+(S8+T8)*Assumptions!$C$63+X8*Assumptions!$C$64+Z8*Assumptions!$C$65+U8*Assumptions!$C$66+Assumptions!$C$67*52/12 -> 41.030131 | AQ8: =IF(BC7=1,Assumptions!$C$69,Assumptions!$C$68)*52/12 -> 78 | AR8: =MAX(0,AP8-AQ8) -> 0 | AS8: =AR8*Assumptions!$C$70*Assumptions!$C$71 -> 0 | AT8: =Assumptions!$C$56/12 -> 100 | AU8: =IF(A8=1,Assumptions!$C$57,0)+Assumptions!$C$58 -> 60 | AV8: =IF(AND(Y8>0,Y8=A8),Assumptions!$C$46,0)+IF(Y8>0,Assumptions!$C$47,0) -> 0 | AW8: =AK8+AL8+AM8+AN8+AO8+AS8+AT8+AU8+AV8 -> 378.43269 | AX8: =AI8-AW8 -> -164.80358 | AY8: =MAX(0,AX8)*Assumptions!$C$73 -> 0 | AZ8: =AX8-AY8 -> -164.80358 | BA8: =BA7+AZ8 -> -1202.4425 | BB8: =IF(AZ8>=Assumptions!$C$74/12,BB7+1,0) -> 0 | BC8: =IF(OR(BC7=1,BB8>=3),1,0) -> 0 | BD8: =IF(AZ8>=Assumptions!$C$75/12,BD7+1,0) -> 0 | BE8: =AP8*12/52 -> 9.4684918 | BF8: =AR8*12/52 -> 0 | BG8: =IF(AX8>0,A8,999) -> 999 | BH8: =IF(BB8>=3,A8,999) -> 999 | BI8: =IF(BD8>=3,A8,999) -> 999
A9: 5 | B9: =DATE(2026,10+A9,1) -> 46447 | C9: =INT((A9-1)/12)+1 -> 1 | D9: =IF(C9=1,Assumptions!$C$7,IF(C9=2,Assumptions!$C$8,Assumptions!$C$9)) -> 10 | E9: =D9*Assumptions!$C$10 -> 200 | F9: =E9*Assumptions!$C$11 -> 10 | G9: =MIN(1,Assumptions!$C$13+(1-Assumptions!$C$13)*(A9-1)/Assumptions!$C$14) -> 0.66666667 | H9: =F9*Assumptions!$C$12*G9 -> 0.66666667 | I9: =Assumptions!$C$15*(Q8+R8+T8+U8) -> 0.0063749028 | J9: =H9+I9 -> 0.67304157 | K9: =J9*Assumptions!$C$18 -> 0 | L9: =(J9-K9)*Assumptions!$C$17 -> 0.4711291 | M9: =J9-K9-L9 -> 0.20191247 | N9: =L9*Assumptions!$C$19 -> 0.070669365 | O9: =L9-N9 -> 0.40045973 | P9: =0 -> 0 | Q9: =Q8*(1-Assumptions!$C$20)+O9-P9 -> 1.5409128 | R9: =R8*(1-Assumptions!$C$22)+P9*(1-Assumptions!$C$21) -> 0 | S9: =Q9+R9 -> 1.5409128 | T9: =T8*(1-Assumptions!$C$24)+M9*Assumptions!$C$23 -> 0.14496023 | U9: =U8*(1-Assumptions!$C$25)+K9 -> 0 | V9: =V8+M9 -> 0.8044993 | W9: =N9+Q8*Assumptions!$C$20+P9*Assumptions!$C$21+R8*Assumptions!$C$22+T8*Assumptions!$C$24+U8*Assumptions!$C$25 -> 0.10061909 | X9: =IF(A9<Assumptions!$C$34,0,Assumptions!$C$36*MIN(1,(A9-Assumptions!$C$34+1)/Assumptions!$C$35))*(S9+T9) -> 0 | Y9: =IF(Y8>0,Y8,IF(AND(A9>=Assumptions!$C$41,Q8+R8+T8>=Assumptions!$C$40),A9,0)) -> 0 | Z9: =IF(Y9>0,Assumptions!$C$42*MIN(1,(A9-Y9+1)/Assumptions!$C$43),0)*(S9+T9) -> 0 | AA9: =(1+Assumptions!$C$32)^(C9-1) -> 1 | AB9: =O9*Assumptions!$C$27*AA9 -> 39.645514 | AC9: =(Q8+R8)*Assumptions!$C$28*AA9 -> 115.20904 | AD9: =M9*Assumptions!$C$29*AA9 -> 100.75432 | AE9: =T8*Assumptions!$C$30*AA9 -> 8.78898 | AF9: =U8*Assumptions!$C$31*AA9 -> 0 | AG9: =X9*Assumptions!$C$37*Assumptions!$C$38 -> 0 | AH9: =Z9*Assumptions!$C$44*Assumptions!$C$45 -> 0 | AI9: =SUM(AB9:AH9) -> 264.39785 | AJ9: =(S9*Assumptions!$C$28+T9*Assumptions!$C$30+U9*Assumptions!$C$31)*AA9+AG9+AH9 -> 164.00223 | AK9: =(AI9-AH9)*Assumptions!$C$49 -> 10.575914 | AL9: =(AC9+AE9+AF9)*Assumptions!$C$50 -> 0.86798612 | AM9: =S9*Assumptions!$C$51+M9*Assumptions!$C$52 -> 4.9548281 | AN9: =Assumptions!$C$53+Assumptions!$C$54*(S9+T9+U9) -> 206.74349 | AO9: =IF(C9>=2,Assumptions!$C$55,0) -> 0 | AP9: =E9*Assumptions!$C$60/60+F9*Assumptions!$C$61+J9*Assumptions!$C$62+(S9+T9)*Assumptions!$C$63+X9*Assumptions!$C$64+Z9*Assumptions!$C$65+U9*Assumptions!$C$66+Assumptions!$C$67*52/12 -> 42.057537 | AQ9: =IF(BC8=1,Assumptions!$C$69,Assumptions!$C$68)*52/12 -> 78 | AR9: =MAX(0,AP9-AQ9) -> 0 | AS9: =AR9*Assumptions!$C$70*Assumptions!$C$71 -> 0 | AT9: =Assumptions!$C$56/12 -> 100 | AU9: =IF(A9=1,Assumptions!$C$57,0)+Assumptions!$C$58 -> 60 | AV9: =IF(AND(Y9>0,Y9=A9),Assumptions!$C$46,0)+IF(Y9>0,Assumptions!$C$47,0) -> 0 | AW9: =AK9+AL9+AM9+AN9+AO9+AS9+AT9+AU9+AV9 -> 383.14222 | AX9: =AI9-AW9 -> -118.74437 | AY9: =MAX(0,AX9)*Assumptions!$C$73 -> 0 | AZ9: =AX9-AY9 -> -118.74437 | BA9: =BA8+AZ9 -> -1321.1869 | BB9: =IF(AZ9>=Assumptions!$C$74/12,BB8+1,0) -> 0 | BC9: =IF(OR(BC8=1,BB9>=3),1,0) -> 0 | BD9: =IF(AZ9>=Assumptions!$C$75/12,BD8+1,0) -> 0 | BE9: =AP9*12/52 -> 9.7055856 | BF9: =AR9*12/52 -> 0 | BG9: =IF(AX9>0,A9,999) -> 999 | BH9: =IF(BB9>=3,A9,999) -> 999 | BI9: =IF(BD9>=3,A9,999) -> 999
A10: 6 | B10: =DATE(2026,10+A10,1) -> 46478 | C10: =INT((A10-1)/12)+1 -> 1 | D10: =IF(C10=1,Assumptions!$C$7,IF(C10=2,Assumptions!$C$8,Assumptions!$C$9)) -> 10 | E10: =D10*Assumptions!$C$10 -> 200 | F10: =E10*Assumptions!$C$11 -> 10 | G10: =MIN(1,Assumptions!$C$13+(1-Assumptions!$C$13)*(A10-1)/Assumptions!$C$14) -> 0.73333333 | H10: =F10*Assumptions!$C$12*G10 -> 0.73333333 | I10: =Assumptions!$C$15*(Q9+R9+T9+U9) -> 0.0084293653 | J10: =H10+I10 -> 0.7417627 | K10: =J10*Assumptions!$C$18 -> 0 | L10: =(J10-K10)*Assumptions!$C$17 -> 0.51923389 | M10: =J10-K10-L10 -> 0.22252881 | N10: =L10*Assumptions!$C$19 -> 0.077885083 | O10: =L10-N10 -> 0.44134881 | P10: =0 -> 0 | Q10: =Q9*(1-Assumptions!$C$20)+O10-P10 -> 1.9514434 | R10: =R9*(1-Assumptions!$C$22)+P10*(1-Assumptions!$C$21) -> 0 | S10: =Q10+R10 -> 1.9514434 | T10: =T9*(1-Assumptions!$C$24)+M10*Assumptions!$C$23 -> 0.18076838 | U10: =U9*(1-Assumptions!$C$25)+K10 -> 0 | V10: =V9+M10 -> 1.0270281 | W10: =N10+Q9*Assumptions!$C$20+P10*Assumptions!$C$21+R9*Assumptions!$C$22+T9*Assumptions!$C$24+U9*Assumptions!$C$25 -> 0.11740095 | X10: =IF(A10<Assumptions!$C$34,0,Assumptions!$C$36*MIN(1,(A10-Assumptions!$C$34+1)/Assumptions!$C$35))*(S10+T10) -> 0.023691242 | Y10: =IF(Y9>0,Y9,IF(AND(A10>=Assumptions!$C$41,Q9+R9+T9>=Assumptions!$C$40),A10,0)) -> 0 | Z10: =IF(Y10>0,Assumptions!$C$42*MIN(1,(A10-Y10+1)/Assumptions!$C$43),0)*(S10+T10) -> 0 | AA10: =(1+Assumptions!$C$32)^(C10-1) -> 1 | AB10: =O10*Assumptions!$C$27*AA10 -> 43.693532 | AC10: =(Q9+R9)*Assumptions!$C$28*AA10 -> 152.55037 | AD10: =M10*Assumptions!$C$29*AA10 -> 111.04188 | AE10: =T9*Assumptions!$C$30*AA10 -> 11.451858 | AF10: =U9*Assumptions!$C$31*AA10 -> 0 | AG10: =X10*Assumptions!$C$37*Assumptions!$C$38 -> 1.1845621 | AH10: =Z10*Assumptions!$C$44*Assumptions!$C$45 -> 0 | AI10: =SUM(AB10:AH10) -> 319.9222 | AJ10: =(S10*Assumptions!$C$28+T10*Assumptions!$C$30+U10*Assumptions!$C$31)*AA10+AG10+AH10 -> 208.65816 | AK10: =(AI10-AH10)*Assumptions!$C$49 -> 12.796888 | AL10: =(AC10+AE10+AF10)*Assumptions!$C$50 -> 1.1480156 | AM10: =S10*Assumptions!$C$51+M10*Assumptions!$C$52 -> 5.7772364 | AN10: =Assumptions!$C$53+Assumptions!$C$54*(S10+T10+U10) -> 208.52885 | AO10: =IF(C10>=2,Assumptions!$C$55,0) -> 0 | AP10: =E10*Assumptions!$C$60/60+F10*Assumptions!$C$61+J10*Assumptions!$C$62+(S10+T10)*Assumptions!$C$63+X10*Assumptions!$C$64+Z10*Assumptions!$C$65+U10*Assumptions!$C$66+Assumptions!$C$67*52/12 -> 43.191915 | AQ10: =IF(BC9=1,Assumptions!$C$69,Assumptions!$C$68)*52/12 -> 78 | AR10: =MAX(0,AP10-AQ10) -> 0 | AS10: =AR10*Assumptions!$C$70*Assumptions!$C$71 -> 0 | AT10: =Assumptions!$C$56/12 -> 100 | AU10: =IF(A10=1,Assumptions!$C$57,0)+Assumptions!$C$58 -> 60 | AV10: =IF(AND(Y10>0,Y10=A10),Assumptions!$C$46,0)+IF(Y10>0,Assumptions!$C$47,0) -> 0 | AW10: =AK10+AL10+AM10+AN10+AO10+AS10+AT10+AU10+AV10 -> 388.25099 | AX10: =AI10-AW10 -> -68.328789 | AY10: =MAX(0,AX10)*Assumptions!$C$73 -> 0 | AZ10: =AX10-AY10 -> -68.328789 | BA10: =BA9+AZ10 -> -1389.5157 | BB10: =IF(AZ10>=Assumptions!$C$74/12,BB9+1,0) -> 0 | BC10: =IF(OR(BC9=1,BB10>=3),1,0) -> 0 | BD10: =IF(AZ10>=Assumptions!$C$75/12,BD9+1,0) -> 0 | BE10: =AP10*12/52 -> 9.967365 | BF10: =AR10*12/52 -> 0 | BG10: =IF(AX10>0,A10,999) -> 999 | BH10: =IF(BB10>=3,A10,999) -> 999 | BI10: =IF(BD10>=3,A10,999) -> 999
A11: 7 | B11: =DATE(2026,10+A11,1) -> 46508 | C11: =INT((A11-1)/12)+1 -> 1 | D11: =IF(C11=1,Assumptions!$C$7,IF(C11=2,Assumptions!$C$8,Assumptions!$C$9)) -> 10 | E11: =D11*Assumptions!$C$10 -> 200 | F11: =E11*Assumptions!$C$11 -> 10 | G11: =MIN(1,Assumptions!$C$13+(1-Assumptions!$C$13)*(A11-1)/Assumptions!$C$14) -> 0.8 | H11: =F11*Assumptions!$C$12*G11 -> 0.8 | I11: =Assumptions!$C$15*(Q10+R10+T10+U10) -> 0.010661059 | J11: =H11+I11 -> 0.81066106 | K11: =J11*Assumptions!$C$18 -> 0 | L11: =(J11-K11)*Assumptions!$C$17 -> 0.56746274 | M11: =J11-K11-L11 -> 0.24319832 | N11: =L11*Assumptions!$C$19 -> 0.085119411 | O11: =L11-N11 -> 0.48234333 | P11: =0 -> 0 | Q11: =Q10*(1-Assumptions!$C$20)+O11-P11 -> 2.3947578 | R11: =R10*(1-Assumptions!$C$22)+P11*(1-Assumptions!$C$21) -> 0 | S11: =Q11+R11 -> 2.3947578 | T11: =T10*(1-Assumptions!$C$24)+M11*Assumptions!$C$23 -> 0.21856194 | U11: =U10*(1-Assumptions!$C$25)+K11 -> 0 | V11: =V10+M11 -> 1.2702264 | W11: =N11+Q10*Assumptions!$C$20+P11*Assumptions!$C$21+R10*Assumptions!$C$22+T10*Assumptions!$C$24+U10*Assumptions!$C$25 -> 0.13499438 | X11: =IF(A11<Assumptions!$C$34,0,Assumptions!$C$36*MIN(1,(A11-Assumptions!$C$34+1)/Assumptions!$C$35))*(S11+T11) -> 0.058073773 | Y11: =IF(Y10>0,Y10,IF(AND(A11>=Assumptions!$C$41,Q10+R10+T10>=Assumptions!$C$40),A11,0)) -> 0 | Z11: =IF(Y11>0,Assumptions!$C$42*MIN(1,(A11-Y11+1)/Assumptions!$C$43),0)*(S11+T11) -> 0 | AA11: =(1+Assumptions!$C$32)^(C11-1) -> 1 | AB11: =O11*Assumptions!$C$27*AA11 -> 47.75199 | AC11: =(Q10+R10)*Assumptions!$C$28*AA11 -> 193.19289 | AD11: =M11*Assumptions!$C$29*AA11 -> 121.35596 | AE11: =T10*Assumptions!$C$30*AA11 -> 14.280702 | AF11: =U10*Assumptions!$C$31*AA11 -> 0 | AG11: =X11*Assumptions!$C$37*Assumptions!$C$38 -> 2.9036886 | AH11: =Z11*Assumptions!$C$44*Assumptions!$C$45 -> 0 | AI11: =SUM(AB11:AH11) -> 379.48524 | AJ11: =(S11*Assumptions!$C$28+T11*Assumptions!$C$30+U11*Assumptions!$C$31)*AA11+AG11+AH11 -> 257.25111 | AK11: =(AI11-AH11)*Assumptions!$C$49 -> 15.179409 | AL11: =(AC11+AE11+AF11)*Assumptions!$C$50 -> 1.4523152 | AM11: =S11*Assumptions!$C$51+M11*Assumptions!$C$52 -> 6.6414221 | AN11: =Assumptions!$C$53+Assumptions!$C$54*(S11+T11+U11) -> 210.45328 | AO11: =IF(C11>=2,Assumptions!$C$55,0) -> 0 | AP11: =E11*Assumptions!$C$60/60+F11*Assumptions!$C$61+J11*Assumptions!$C$62+(S11+T11)*Assumptions!$C$63+X11*Assumptions!$C$64+Z11*Assumptions!$C$65+U11*Assumptions!$C$66+Assumptions!$C$67*52/12 -> 44.4124 | AQ11: =IF(BC10=1,Assumptions!$C$69,Assumptions!$C$68)*52/12 -> 78 | AR11: =MAX(0,AP11-AQ11) -> 0 | AS11: =AR11*Assumptions!$C$70*Assumptions!$C$71 -> 0 | AT11: =Assumptions!$C$56/12 -> 100 | AU11: =IF(A11=1,Assumptions!$C$57,0)+Assumptions!$C$58 -> 60 | AV11: =IF(AND(Y11>0,Y11=A11),Assumptions!$C$46,0)+IF(Y11>0,Assumptions!$C$47,0) -> 0 | AW11: =AK11+AL11+AM11+AN11+AO11+AS11+AT11+AU11+AV11 -> 393.72643 | AX11: =AI11-AW11 -> -14.241191 | AY11: =MAX(0,AX11)*Assumptions!$C$73 -> 0 | AZ11: =AX11-AY11 -> -14.241191 | BA11: =BA10+AZ11 -> -1403.7569 | BB11: =IF(AZ11>=Assumptions!$C$74/12,BB10+1,0) -> 0 | BC11: =IF(OR(BC10=1,BB11>=3),1,0) -> 0 | BD11: =IF(AZ11>=Assumptions!$C$75/12,BD10+1,0) -> 0 | BE11: =AP11*12/52 -> 10.249015 | BF11: =AR11*12/52 -> 0 | BG11: =IF(AX11>0,A11,999) -> 999 | BH11: =IF(BB11>=3,A11,999) -> 999 | BI11: =IF(BD11>=3,A11,999) -> 999
A12: 8 | B12: =DATE(2026,10+A12,1) -> 46539 | C12: =INT((A12-1)/12)+1 -> 1 | D12: =IF(C12=1,Assumptions!$C$7,IF(C12=2,Assumptions!$C$8,Assumptions!$C$9)) -> 10 | E12: =D12*Assumptions!$C$10 -> 200 | F12: =E12*Assumptions!$C$11 -> 10 | G12: =MIN(1,Assumptions!$C$13+(1-Assumptions!$C$13)*(A12-1)/Assumptions!$C$14) -> 0.86666667 | H12: =F12*Assumptions!$C$12*G12 -> 0.86666667 | I12: =Assumptions!$C$15*(Q11+R11+T11+U11) -> 0.013066599 | J12: =H12+I12 -> 0.87973327 | K12: =J12*Assumptions!$C$18 -> 0 | L12: =(J12-K12)*Assumptions!$C$17 -> 0.61581329 | M12: =J12-K12-L12 -> 0.26391998 | N12: =L12*Assumptions!$C$19 -> 0.092371993 | O12: =L12-N12 -> 0.52344129 | P12: =0 -> 0 | Q12: =Q11*(1-Assumptions!$C$20)+O12-P12 -> 2.870304 | R12: =R11*(1-Assumptions!$C$22)+P12*(1-Assumptions!$C$21) -> 0 | S12: =Q12+R12 -> 2.870304 | T12: =T11*(1-Assumptions!$C$24)+M12*Assumptions!$C$23 -> 0.25823222 | U12: =U11*(1-Assumptions!$C$25)+K12 -> 0 | V12: =V11+M12 -> 1.5341464 | W12: =N12+Q11*Assumptions!$C$20+P12*Assumptions!$C$21+R11*Assumptions!$C$22+T11*Assumptions!$C$24+U11*Assumptions!$C$25 -> 0.15338087 | X12: =IF(A12<Assumptions!$C$34,0,Assumptions!$C$36*MIN(1,(A12-Assumptions!$C$34+1)/Assumptions!$C$35))*(S12+T12) -> 0.10428454 | Y12: =IF(Y11>0,Y11,IF(AND(A12>=Assumptions!$C$41,Q11+R11+T11>=Assumptions!$C$40),A12,0)) -> 0 | Z12: =IF(Y12>0,Assumptions!$C$42*MIN(1,(A12-Y12+1)/Assumptions!$C$43),0)*(S12+T12) -> 0 | AA12: =(1+Assumptions!$C$32)^(C12-1) -> 1 | AB12: =O12*Assumptions!$C$27*AA12 -> 51.820688 | AC12: =(Q11+R11)*Assumptions!$C$28*AA12 -> 237.08103 | AD12: =M12*Assumptions!$C$29*AA12 -> 131.69607 | AE12: =T11*Assumptions!$C$30*AA12 -> 17.266393 | AF12: =U11*Assumptions!$C$31*AA12 -> 0 | AG12: =X12*Assumptions!$C$37*Assumptions!$C$38 -> 5.214227 | AH12: =Z12*Assumptions!$C$44*Assumptions!$C$45 -> 0 | AI12: =SUM(AB12:AH12) -> 443.0784 | AJ12: =(S12*Assumptions!$C$28+T12*Assumptions!$C$30+U12*Assumptions!$C$31)*AA12+AG12+AH12 -> 309.77467 | AK12: =(AI12-AH12)*Assumptions!$C$49 -> 17.723136 | AL12: =(AC12+AE12+AF12)*Assumptions!$C$50 -> 1.7804319 | AM12: =S12*Assumptions!$C$51+M12*Assumptions!$C$52 -> 7.5466797 | AN12: =Assumptions!$C$53+Assumptions!$C$54*(S12+T12+U12) -> 212.51414 | AO12: =IF(C12>=2,Assumptions!$C$55,0) -> 0 | AP12: =E12*Assumptions!$C$60/60+F12*Assumptions!$C$61+J12*Assumptions!$C$62+(S12+T12)*Assumptions!$C$63+X12*Assumptions!$C$64+Z12*Assumptions!$C$65+U12*Assumptions!$C$66+Assumptions!$C$67*52/12 -> 45.719366 | AQ12: =IF(BC11=1,Assumptions!$C$69,Assumptions!$C$68)*52/12 -> 78 | AR12: =MAX(0,AP12-AQ12) -> 0 | AS12: =AR12*Assumptions!$C$70*Assumptions!$C$71 -> 0 | AT12: =Assumptions!$C$56/12 -> 100 | AU12: =IF(A12=1,Assumptions!$C$57,0)+Assumptions!$C$58 -> 60 | AV12: =IF(AND(Y12>0,Y12=A12),Assumptions!$C$46,0)+IF(Y12>0,Assumptions!$C$47,0) -> 0 | AW12: =AK12+AL12+AM12+AN12+AO12+AS12+AT12+AU12+AV12 -> 399.56439 | AX12: =AI12-AW12 -> 43.514012 | AY12: =MAX(0,AX12)*Assumptions!$C$73 -> 13.054204 | AZ12: =AX12-AY12 -> 30.459808 | BA12: =BA11+AZ12 -> -1373.2971 | BB12: =IF(AZ12>=Assumptions!$C$74/12,BB11+1,0) -> 0 | BC12: =IF(OR(BC11=1,BB12>=3),1,0) -> 0 | BD12: =IF(AZ12>=Assumptions!$C$75/12,BD11+1,0) -> 0 | BE12: =AP12*12/52 -> 10.550623 | BF12: =AR12*12/52 -> 0 | BG12: =IF(AX12>0,A12,999) -> 8 | BH12: =IF(BB12>=3,A12,999) -> 999 | BI12: =IF(BD12>=3,A12,999) -> 999
A13: 9 | B13: =DATE(2026,10+A13,1) -> 46569 | C13: =INT((A13-1)/12)+1 -> 1 | D13: =IF(C13=1,Assumptions!$C$7,IF(C13=2,Assumptions!$C$8,Assumptions!$C$9)) -> 10 | E13: =D13*Assumptions!$C$10 -> 200 | F13: =E13*Assumptions!$C$11 -> 10 | G13: =MIN(1,Assumptions!$C$13+(1-Assumptions!$C$13)*(A13-1)/Assumptions!$C$14) -> 0.93333333 | H13: =F13*Assumptions!$C$12*G13 -> 0.93333333 | I13: =Assumptions!$C$15*(Q12+R12+T12+U12) -> 0.015642681 | J13: =H13+I13 -> 0.94897601 | K13: =J13*Assumptions!$C$18 -> 0 | L13: =(J13-K13)*Assumptions!$C$17 -> 0.66428321 | M13: =J13-K13-L13 -> 0.2846928 | N13: =L13*Assumptions!$C$19 -> 0.099642482 | O13: =L13-N13 -> 0.56464073 | P13: =0 -> 0 | Q13: =Q12*(1-Assumptions!$C$20)+O13-P13 -> 3.3775386 | R13: =R12*(1-Assumptions!$C$22)+P13*(1-Assumptions!$C$21) -> 0 | S13: =Q13+R13 -> 3.3775386 | T13: =T12*(1-Assumptions!$C$24)+M13*Assumptions!$C$23 -> 0.29967685 | U13: =U12*(1-Assumptions!$C$25)+K13 -> 0 | V13: =V12+M13 -> 1.8188392 | W13: =N13+Q12*Assumptions!$C$20+P13*Assumptions!$C$21+R12*Assumptions!$C$22+T12*Assumptions!$C$24+U12*Assumptions!$C$25 -> 0.17254249 | X13: =IF(A13<Assumptions!$C$34,0,Assumptions!$C$36*MIN(1,(A13-Assumptions!$C$34+1)/Assumptions!$C$35))*(S13+T13) -> 0.1634318 | Y13: =IF(Y12>0,Y12,IF(AND(A13>=Assumptions!$C$41,Q12+R12+T12>=Assumptions!$C$40),A13,0)) -> 0 | Z13: =IF(Y13>0,Assumptions!$C$42*MIN(1,(A13-Y13+1)/Assumptions!$C$43),0)*(S13+T13) -> 0 | AA13: =(1+Assumptions!$C$32)^(C13-1) -> 1 | AB13: =O13*Assumptions!$C$27*AA13 -> 55.899432 | AC13: =(Q12+R12)*Assumptions!$C$28*AA13 -> 284.16009 | AD13: =M13*Assumptions!$C$29*AA13 -> 142.06171 | AE13: =T12*Assumptions!$C$30*AA13 -> 20.400345 | AF13: =U12*Assumptions!$C$31*AA13 -> 0 | AG13: =X13*Assumptions!$C$37*Assumptions!$C$38 -> 8.1715899 | AH13: =Z13*Assumptions!$C$44*Assumptions!$C$45 -> 0 | AI13: =SUM(AB13:AH13) -> 510.69317 | AJ13: =(S13*Assumptions!$C$28+T13*Assumptions!$C$30+U13*Assumptions!$C$31)*AA13+AG13+AH13 -> 366.22238 | AK13: =(AI13-AH13)*Assumptions!$C$49 -> 20.427727 | AL13: =(AC13+AE13+AF13)*Assumptions!$C$50 -> 2.1319231 | AM13: =S13*Assumptions!$C$51+M13*Assumptions!$C$52 -> 8.4923153 | AN13: =Assumptions!$C$53+Assumptions!$C$54*(S13+T13+U13) -> 214.70886 | AO13: =IF(C13>=2,Assumptions!$C$55,0) -> 0 | AP13: =E13*Assumptions!$C$60/60+F13*Assumptions!$C$61+J13*Assumptions!$C$62+(S13+T13)*Assumptions!$C$63+X13*Assumptions!$C$64+Z13*Assumptions!$C$65+U13*Assumptions!$C$66+Assumptions!$C$67*52/12 -> 47.113173 | AQ13: =IF(BC12=1,Assumptions!$C$69,Assumptions!$C$68)*52/12 -> 78 | AR13: =MAX(0,AP13-AQ13) -> 0 | AS13: =AR13*Assumptions!$C$70*Assumptions!$C$71 -> 0 | AT13: =Assumptions!$C$56/12 -> 100 | AU13: =IF(A13=1,Assumptions!$C$57,0)+Assumptions!$C$58 -> 60 | AV13: =IF(AND(Y13>0,Y13=A13),Assumptions!$C$46,0)+IF(Y13>0,Assumptions!$C$47,0) -> 0 | AW13: =AK13+AL13+AM13+AN13+AO13+AS13+AT13+AU13+AV13 -> 405.76083 | AX13: =AI13-AW13 -> 104.93234 | AY13: =MAX(0,AX13)*Assumptions!$C$73 -> 31.479703 | AZ13: =AX13-AY13 -> 73.45264 | BA13: =BA12+AZ13 -> -1299.8444 | BB13: =IF(AZ13>=Assumptions!$C$74/12,BB12+1,0) -> 0 | BC13: =IF(OR(BC12=1,BB13>=3),1,0) -> 0 | BD13: =IF(AZ13>=Assumptions!$C$75/12,BD12+1,0) -> 0 | BE13: =AP13*12/52 -> 10.872271 | BF13: =AR13*12/52 -> 0 | BG13: =IF(AX13>0,A13,999) -> 9 | BH13: =IF(BB13>=3,A13,999) -> 999 | BI13: =IF(BD13>=3,A13,999) -> 999
A14: 10 | B14: =DATE(2026,10+A14,1) -> 46600 | C14: =INT((A14-1)/12)+1 -> 1 | D14: =IF(C14=1,Assumptions!$C$7,IF(C14=2,Assumptions!$C$8,Assumptions!$C$9)) -> 10 | E14: =D14*Assumptions!$C$10 -> 200 | F14: =E14*Assumptions!$C$11 -> 10 | G14: =MIN(1,Assumptions!$C$13+(1-Assumptions!$C$13)*(A14-1)/Assumptions!$C$14) -> 1 | H14: =F14*Assumptions!$C$12*G14 -> 1 | I14: =Assumptions!$C$15*(Q13+R13+T13+U13) -> 0.018386077 | J14: =H14+I14 -> 1.0183861 | K14: =J14*Assumptions!$C$18 -> 0 | L14: =(J14-K14)*Assumptions!$C$17 -> 0.71287025 | M14: =J14-K14-L14 -> 0.30551582 | N14: =L14*Assumptions!$C$19 -> 0.10693054 | O14: =L14-N14 -> 0.60593972 | P14: =0 -> 0 | Q14: =Q13*(1-Assumptions!$C$20)+O14-P14 -> 3.9159276 | R14: =R13*(1-Assumptions!$C$22)+P14*(1-Assumptions!$C$21) -> 0 | S14: =Q14+R14 -> 3.9159276 | T14: =T13*(1-Assumptions!$C$24)+M14*Assumptions!$C$23 -> 0.3427994 | U14: =U13*(1-Assumptions!$C$25)+K14 -> 0 | V14: =V13+M14 -> 2.124355 | W14: =N14+Q13*Assumptions!$C$20+P14*Assumptions!$C$21+R13*Assumptions!$C$22+T13*Assumptions!$C$24+U13*Assumptions!$C$25 -> 0.19246192 | X14: =IF(A14<Assumptions!$C$34,0,Assumptions!$C$36*MIN(1,(A14-Assumptions!$C$34+1)/Assumptions!$C$35))*(S14+T14) -> 0.23659594 | Y14: =IF(Y13>0,Y13,IF(AND(A14>=Assumptions!$C$41,Q13+R13+T13>=Assumptions!$C$40),A14,0)) -> 0 | Z14: =IF(Y14>0,Assumptions!$C$42*MIN(1,(A14-Y14+1)/Assumptions!$C$43),0)*(S14+T14) -> 0 | AA14: =(1+Assumptions!$C$32)^(C14-1) -> 1 | AB14: =O14*Assumptions!$C$27*AA14 -> 59.988032 | AC14: =(Q13+R13)*Assumptions!$C$28*AA14 -> 334.37632 | AD14: =M14*Assumptions!$C$29*AA14 -> 152.4524 | AE14: =T13*Assumptions!$C$30*AA14 -> 23.674471 | AF14: =U13*Assumptions!$C$31*AA14 -> 0 | AG14: =X14*Assumptions!$C$37*Assumptions!$C$38 -> 11.829797 | AH14: =Z14*Assumptions!$C$44*Assumptions!$C$45 -> 0 | AI14: =SUM(AB14:AH14) -> 582.32102 | AJ14: =(S14*Assumptions!$C$28+T14*Assumptions!$C$30+U14*Assumptions!$C$31)*AA14+AG14+AH14 -> 426.58778 | AK14: =(AI14-AH14)*Assumptions!$C$49 -> 23.292841 | AL14: =(AC14+AE14+AF14)*Assumptions!$C$50 -> 2.5063556 | AM14: =S14*Assumptions!$C$51+M14*Assumptions!$C$52 -> 9.4776468 | AN14: =Assumptions!$C$53+Assumptions!$C$54*(S14+T14+U14) -> 217.03491 | AO14: =IF(C14>=2,Assumptions!$C$55,0) -> 0 | AP14: =E14*Assumptions!$C$60/60+F14*Assumptions!$C$61+J14*Assumptions!$C$62+(S14+T14)*Assumptions!$C$63+X14*Assumptions!$C$64+Z14*Assumptions!$C$65+U14*Assumptions!$C$66+Assumptions!$C$67*52/12 -> 48.594173 | AQ14: =IF(BC13=1,Assumptions!$C$69,Assumptions!$C$68)*52/12 -> 78 | AR14: =MAX(0,AP14-AQ14) -> 0 | AS14: =AR14*Assumptions!$C$70*Assumptions!$C$71 -> 0 | AT14: =Assumptions!$C$56/12 -> 100 | AU14: =IF(A14=1,Assumptions!$C$57,0)+Assumptions!$C$58 -> 60 | AV14: =IF(AND(Y14>0,Y14=A14),Assumptions!$C$46,0)+IF(Y14>0,Assumptions!$C$47,0) -> 0 | AW14: =AK14+AL14+AM14+AN14+AO14+AS14+AT14+AU14+AV14 -> 412.31175 | AX14: =AI14-AW14 -> 170.00927 | AY14: =MAX(0,AX14)*Assumptions!$C$73 -> 51.002781 | AZ14: =AX14-AY14 -> 119.00649 | BA14: =BA13+AZ14 -> -1180.838 | BB14: =IF(AZ14>=Assumptions!$C$74/12,BB13+1,0) -> 0 | BC14: =IF(OR(BC13=1,BB14>=3),1,0) -> 0 | BD14: =IF(AZ14>=Assumptions!$C$75/12,BD13+1,0) -> 0 | BE14: =AP14*12/52 -> 11.21404 | BF14: =AR14*12/52 -> 0 | BG14: =IF(AX14>0,A14,999) -> 10 | BH14: =IF(BB14>=3,A14,999) -> 999 | BI14: =IF(BD14>=3,A14,999) -> 999
A15: 11 | B15: =DATE(2026,10+A15,1) -> 46631 | C15: =INT((A15-1)/12)+1 -> 1 | D15: =IF(C15=1,Assumptions!$C$7,IF(C15=2,Assumptions!$C$8,Assumptions!$C$9)) -> 10 | E15: =D15*Assumptions!$C$10 -> 200 | F15: =E15*Assumptions!$C$11 -> 10 | G15: =MIN(1,Assumptions!$C$13+(1-Assumptions!$C$13)*(A15-1)/Assumptions!$C$14) -> 1 | H15: =F15*Assumptions!$C$12*G15 -> 1 | I15: =Assumptions!$C$15*(Q14+R14+T14+U14) -> 0.021293635 | J15: =H15+I15 -> 1.0212936 | K15: =J15*Assumptions!$C$18 -> 0 | L15: =(J15-K15)*Assumptions!$C$17 -> 0.71490554 | M15: =J15-K15-L15 -> 0.30638809 | N15: =L15*Assumptions!$C$19 -> 0.10723583 | O15: =L15-N15 -> 0.60766971 | P15: =0 -> 0 | Q15: =Q14*(1-Assumptions!$C$20)+O15-P15 -> 4.4452787 | R15: =R14*(1-Assumptions!$C$22)+P15*(1-Assumptions!$C$21) -> 0 | S15: =Q15+R15 -> 4.4452787 | T15: =T14*(1-Assumptions!$C$24)+M15*Assumptions!$C$23 -> 0.38350905 | U15: =U14*(1-Assumptions!$C$25)+K15 -> 0 | V15: =V14+M15 -> 2.4307431 | W15: =N15+Q14*Assumptions!$C$20+P15*Assumptions!$C$21+R14*Assumptions!$C$22+T14*Assumptions!$C$24+U14*Assumptions!$C$25 -> 0.20612235 | X15: =IF(A15<Assumptions!$C$34,0,Assumptions!$C$36*MIN(1,(A15-Assumptions!$C$34+1)/Assumptions!$C$35))*(S15+T15) -> 0.32191919 | Y15: =IF(Y14>0,Y14,IF(AND(A15>=Assumptions!$C$41,Q14+R14+T14>=Assumptions!$C$40),A15,0)) -> 0 | Z15: =IF(Y15>0,Assumptions!$C$42*MIN(1,(A15-Y15+1)/Assumptions!$C$43),0)*(S15+T15) -> 0 | AA15: =(1+Assumptions!$C$32)^(C15-1) -> 1 | AB15: =O15*Assumptions!$C$27*AA15 -> 60.159302 | AC15: =(Q14+R14)*Assumptions!$C$28*AA15 -> 387.67683 | AD15: =M15*Assumptions!$C$29*AA15 -> 152.88766 | AE15: =T14*Assumptions!$C$30*AA15 -> 27.081153 | AF15: =U14*Assumptions!$C$31*AA15 -> 0 | AG15: =X15*Assumptions!$C$37*Assumptions!$C$38 -> 16.095959 | AH15: =Z15*Assumptions!$C$44*Assumptions!$C$45 -> 0 | AI15: =SUM(AB15:AH15) -> 643.9009 | AJ15: =(S15*Assumptions!$C$28+T15*Assumptions!$C$30+U15*Assumptions!$C$31)*AA15+AG15+AH15 -> 486.47577 | AK15: =(AI15-AH15)*Assumptions!$C$49 -> 25.756036 | AL15: =(AC15+AE15+AF15)*Assumptions!$C$50 -> 2.9033059 | AM15: =S15*Assumptions!$C$51+M15*Assumptions!$C$52 -> 10.15242 | AN15: =Assumptions!$C$53+Assumptions!$C$54*(S15+T15+U15) -> 219.31515 | AO15: =IF(C15>=2,Assumptions!$C$55,0) -> 0 | AP15: =E15*Assumptions!$C$60/60+F15*Assumptions!$C$61+J15*Assumptions!$C$62+(S15+T15)*Assumptions!$C$63+X15*Assumptions!$C$64+Z15*Assumptions!$C$65+U15*Assumptions!$C$66+Assumptions!$C$67*52/12 -> 49.871002 | AQ15: =IF(BC14=1,Assumptions!$C$69,Assumptions!$C$68)*52/12 -> 78 | AR15: =MAX(0,AP15-AQ15) -> 0 | AS15: =AR15*Assumptions!$C$70*Assumptions!$C$71 -> 0 | AT15: =Assumptions!$C$56/12 -> 100 | AU15: =IF(A15=1,Assumptions!$C$57,0)+Assumptions!$C$58 -> 60 | AV15: =IF(AND(Y15>0,Y15=A15),Assumptions!$C$46,0)+IF(Y15>0,Assumptions!$C$47,0) -> 0 | AW15: =AK15+AL15+AM15+AN15+AO15+AS15+AT15+AU15+AV15 -> 418.12691 | AX15: =AI15-AW15 -> 225.77399 | AY15: =MAX(0,AX15)*Assumptions!$C$73 -> 67.732196 | AZ15: =AX15-AY15 -> 158.04179 | BA15: =BA14+AZ15 -> -1022.7962 | BB15: =IF(AZ15>=Assumptions!$C$74/12,BB14+1,0) -> 0 | BC15: =IF(OR(BC14=1,BB15>=3),1,0) -> 0 | BD15: =IF(AZ15>=Assumptions!$C$75/12,BD14+1,0) -> 0 | BE15: =AP15*12/52 -> 11.508693 | BF15: =AR15*12/52 -> 0 | BG15: =IF(AX15>0,A15,999) -> 11 | BH15: =IF(BB15>=3,A15,999) -> 999 | BI15: =IF(BD15>=3,A15,999) -> 999
A16: 12 | B16: =DATE(2026,10+A16,1) -> 46661 | C16: =INT((A16-1)/12)+1 -> 1 | D16: =IF(C16=1,Assumptions!$C$7,IF(C16=2,Assumptions!$C$8,Assumptions!$C$9)) -> 10 | E16: =D16*Assumptions!$C$10 -> 200 | F16: =E16*Assumptions!$C$11 -> 10 | G16: =MIN(1,Assumptions!$C$13+(1-Assumptions!$C$13)*(A16-1)/Assumptions!$C$14) -> 1 | H16: =F16*Assumptions!$C$12*G16 -> 1 | I16: =Assumptions!$C$15*(Q15+R15+T15+U15) -> 0.024143939 | J16: =H16+I16 -> 1.0241439 | K16: =J16*Assumptions!$C$18 -> 0 | L16: =(J16-K16)*Assumptions!$C$17 -> 0.71690076 | M16: =J16-K16-L16 -> 0.30724318 | N16: =L16*Assumptions!$C$19 -> 0.10753511 | O16: =L16-N16 -> 0.60936564 | P16: =0 -> 0 | Q16: =Q15*(1-Assumptions!$C$20)+O16-P16 -> 4.9657388 | R16: =R15*(1-Assumptions!$C$22)+P16*(1-Assumptions!$C$21) -> 0 | S16: =Q16+R16 -> 4.9657388 | T16: =T15*(1-Assumptions!$C$24)+M16*Assumptions!$C$23 -> 0.42194715 | U16: =U15*(1-Assumptions!$C$25)+K16 -> 0 | V16: =V15+M16 -> 2.7379863 | W16: =N16+Q15*Assumptions!$C$20+P16*Assumptions!$C$21+R15*Assumptions!$C$22+T15*Assumptions!$C$24+U15*Assumptions!$C$25 -> 0.21945123 | X16: =IF(A16<Assumptions!$C$34,0,Assumptions!$C$36*MIN(1,(A16-Assumptions!$C$34+1)/Assumptions!$C$35))*(S16+T16) -> 0.41904224 | Y16: =IF(Y15>0,Y15,IF(AND(A16>=Assumptions!$C$41,Q15+R15+T15>=Assumptions!$C$40),A16,0)) -> 0 | Z16: =IF(Y16>0,Assumptions!$C$42*MIN(1,(A16-Y16+1)/Assumptions!$C$43),0)*(S16+T16) -> 0 | AA16: =(1+Assumptions!$C$32)^(C16-1) -> 1 | AB16: =O16*Assumptions!$C$27*AA16 -> 60.327199 | AC16: =(Q15+R15)*Assumptions!$C$28*AA16 -> 440.08259 | AD16: =M16*Assumptions!$C$29*AA16 -> 153.31435 | AE16: =T15*Assumptions!$C$30*AA16 -> 30.297215 | AF16: =U15*Assumptions!$C$31*AA16 -> 0 | AG16: =X16*Assumptions!$C$37*Assumptions!$C$38 -> 20.952112 | AH16: =Z16*Assumptions!$C$44*Assumptions!$C$45 -> 0 | AI16: =SUM(AB16:AH16) -> 704.97347 | AJ16: =(S16*Assumptions!$C$28+T16*Assumptions!$C$30+U16*Assumptions!$C$31)*AA16+AG16+AH16 -> 545.89408 | AK16: =(AI16-AH16)*Assumptions!$C$49 -> 28.198939 | AL16: =(AC16+AE16+AF16)*Assumptions!$C$50 -> 3.2926587 | AM16: =S16*Assumptions!$C$51+M16*Assumptions!$C$52 -> 10.815821 | AN16: =Assumptions!$C$53+Assumptions!$C$54*(S16+T16+U16) -> 221.55074 | AO16: =IF(C16>=2,Assumptions!$C$55,0) -> 0 | AP16: =E16*Assumptions!$C$60/60+F16*Assumptions!$C$61+J16*Assumptions!$C$62+(S16+T16)*Assumptions!$C$63+X16*Assumptions!$C$64+Z16*Assumptions!$C$65+U16*Assumptions!$C$66+Assumptions!$C$67*52/12 -> 51.143034 | AQ16: =IF(BC15=1,Assumptions!$C$69,Assumptions!$C$68)*52/12 -> 78 | AR16: =MAX(0,AP16-AQ16) -> 0 | AS16: =AR16*Assumptions!$C$70*Assumptions!$C$71 -> 0 | AT16: =Assumptions!$C$56/12 -> 100 | AU16: =IF(A16=1,Assumptions!$C$57,0)+Assumptions!$C$58 -> 60 | AV16: =IF(AND(Y16>0,Y16=A16),Assumptions!$C$46,0)+IF(Y16>0,Assumptions!$C$47,0) -> 0 | AW16: =AK16+AL16+AM16+AN16+AO16+AS16+AT16+AU16+AV16 -> 423.85816 | AX16: =AI16-AW16 -> 281.11531 | AY16: =MAX(0,AX16)*Assumptions!$C$73 -> 84.334592 | AZ16: =AX16-AY16 -> 196.78071 | BA16: =BA15+AZ16 -> -826.01545 | BB16: =IF(AZ16>=Assumptions!$C$74/12,BB15+1,0) -> 0 | BC16: =IF(OR(BC15=1,BB16>=3),1,0) -> 0 | BD16: =IF(AZ16>=Assumptions!$C$75/12,BD15+1,0) -> 0 | BE16: =AP16*12/52 -> 11.802239 | BF16: =AR16*12/52 -> 0 | BG16: =IF(AX16>0,A16,999) -> 12 | BH16: =IF(BB16>=3,A16,999) -> 999 | BI16: =IF(BD16>=3,A16,999) -> 999
A17: 13 | B17: =DATE(2026,10+A17,1) -> 46692 | C17: =INT((A17-1)/12)+1 -> 2 | D17: =IF(C17=1,Assumptions!$C$7,IF(C17=2,Assumptions!$C$8,Assumptions!$C$9)) -> 12 | E17: =D17*Assumptions!$C$10 -> 240 | F17: =E17*Assumptions!$C$11 -> 12 | G17: =MIN(1,Assumptions!$C$13+(1-Assumptions!$C$13)*(A17-1)/Assumptions!$C$14) -> 1 | H17: =F17*Assumptions!$C$12*G17 -> 1.2 | I17: =Assumptions!$C$15*(Q16+R16+T16+U16) -> 0.02693843 | J17: =H17+I17 -> 1.2269384 | K17: =J17*Assumptions!$C$18 -> 0 | L17: =(J17-K17)*Assumptions!$C$17 -> 0.8588569 | M17: =J17-K17-L17 -> 0.36808153 | N17: =L17*Assumptions!$C$19 -> 0.12882854 | O17: =L17-N17 -> 0.73002837 | P17: =O5*(1-Assumptions!$C$20)^12 -> 0.18676258 | Q17: =Q16*(1-Assumptions!$C$20)+O17-P17 -> 5.4096898 | R17: =R16*(1-Assumptions!$C$22)+P17*(1-Assumptions!$C$21) -> 0.13073381 | S17: =Q17+R17 -> 5.5404236 | T17: =T16*(1-Assumptions!$C$24)+M17*Assumptions!$C$23 -> 0.47024662 | U17: =U16*(1-Assumptions!$C$25)+K17 -> 0 | V17: =V16+M17 -> 3.1060678 | W17: =N17+Q16*Assumptions!$C$20+P17*Assumptions!$C$21+R16*Assumptions!$C$22+T16*Assumptions!$C$24+U16*Assumptions!$C$25 -> 0.30948891 | X17: =IF(A17<Assumptions!$C$34,0,Assumptions!$C$36*MIN(1,(A17-Assumptions!$C$34+1)/Assumptions!$C$35))*(S17+T17) -> 0.5342818 | Y17: =IF(Y16>0,Y16,IF(AND(A17>=Assumptions!$C$41,Q16+R16+T16>=Assumptions!$C$40),A17,0)) -> 0 | Z17: =IF(Y17>0,Assumptions!$C$42*MIN(1,(A17-Y17+1)/Assumptions!$C$43),0)*(S17+T17) -> 0 | AA17: =(1+Assumptions!$C$32)^(C17-1) -> 1 | AB17: =O17*Assumptions!$C$27*AA17 -> 72.272808 | AC17: =(Q16+R16)*Assumptions!$C$28*AA17 -> 491.60814 | AD17: =M17*Assumptions!$C$29*AA17 -> 183.67268 | AE17: =T16*Assumptions!$C$30*AA17 -> 33.333825 | AF17: =U16*Assumptions!$C$31*AA17 -> 0 | AG17: =X17*Assumptions!$C$37*Assumptions!$C$38 -> 26.71409 | AH17: =Z17*Assumptions!$C$44*Assumptions!$C$45 -> 0 | AI17: =SUM(AB17:AH17) -> 807.60155 | AJ17: =(S17*Assumptions!$C$28+T17*Assumptions!$C$30+U17*Assumptions!$C$31)*AA17+AG17+AH17 -> 612.36551 | AK17: =(AI17-AH17)*Assumptions!$C$49 -> 32.304062 | AL17: =(AC17+AE17+AF17)*Assumptions!$C$50 -> 3.6745938 | AM17: =S17*Assumptions!$C$51+M17*Assumptions!$C$52 -> 12.446752 | AN17: =Assumptions!$C$53+Assumptions!$C$54*(S17+T17+U17) -> 224.04268 | AO17: =IF(C17>=2,Assumptions!$C$55,0) -> 100 | AP17: =E17*Assumptions!$C$60/60+F17*Assumptions!$C$61+J17*Assumptions!$C$62+(S17+T17)*Assumptions!$C$63+X17*Assumptions!$C$64+Z17*Assumptions!$C$65+U17*Assumptions!$C$66+Assumptions!$C$67*52/12 -> 57.036912 | AQ17: =IF(BC16=1,Assumptions!$C$69,Assumptions!$C$68)*52/12 -> 78 | AR17: =MAX(0,AP17-AQ17) -> 0 | AS17: =AR17*Assumptions!$C$70*Assumptions!$C$71 -> 0 | AT17: =Assumptions!$C$56/12 -> 100 | AU17: =IF(A17=1,Assumptions!$C$57,0)+Assumptions!$C$58 -> 60 | AV17: =IF(AND(Y17>0,Y17=A17),Assumptions!$C$46,0)+IF(Y17>0,Assumptions!$C$47,0) -> 0 | AW17: =AK17+AL17+AM17+AN17+AO17+AS17+AT17+AU17+AV17 -> 532.46809 | AX17: =AI17-AW17 -> 275.13346 | AY17: =MAX(0,AX17)*Assumptions!$C$73 -> 82.540037 | AZ17: =AX17-AY17 -> 192.59342 | BA17: =BA16+AZ17 -> -633.42203 | BB17: =IF(AZ17>=Assumptions!$C$74/12,BB16+1,0) -> 0 | BC17: =IF(OR(BC16=1,BB17>=3),1,0) -> 0 | BD17: =IF(AZ17>=Assumptions!$C$75/12,BD16+1,0) -> 0 | BE17: =AP17*12/52 -> 13.162364 | BF17: =AR17*12/52 -> 0 | BG17: =IF(AX17>0,A17,999) -> 13 | BH17: =IF(BB17>=3,A17,999) -> 999 | BI17: =IF(BD17>=3,A17,999) -> 999
A18: 14 | B18: =DATE(2026,10+A18,1) -> 46722 | C18: =INT((A18-1)/12)+1 -> 2 | D18: =IF(C18=1,Assumptions!$C$7,IF(C18=2,Assumptions!$C$8,Assumptions!$C$9)) -> 12 | E18: =D18*Assumptions!$C$10 -> 240 | F18: =E18*Assumptions!$C$11 -> 12 | G18: =MIN(1,Assumptions!$C$13+(1-Assumptions!$C$13)*(A18-1)/Assumptions!$C$14) -> 1 | H18: =F18*Assumptions!$C$12*G18 -> 1.2 | I18: =Assumptions!$C$15*(Q17+R17+T17+U17) -> 0.030053351 | J18: =H18+I18 -> 1.2300534 | K18: =J18*Assumptions!$C$18 -> 0 | L18: =(J18-K18)*Assumptions!$C$17 -> 0.86103735 | M18: =J18-K18-L18 -> 0.36901601 | N18: =L18*Assumptions!$C$19 -> 0.1291556 | O18: =L18-N18 -> 0.73188174 | P18: =O6*(1-Assumptions!$C$20)^12 -> 0.21850132 | Q18: =Q17*(1-Assumptions!$C$20)+O18-P18 -> 5.8148764 | R18: =R17*(1-Assumptions!$C$22)+P18*(1-Assumptions!$C$21) -> 0.27714804 | S18: =Q18+R18 -> 6.0920245 | T18: =T17*(1-Assumptions!$C$24)+M18*Assumptions!$C$23 -> 0.51583503 | U18: =U17*(1-Assumptions!$C$25)+K18 -> 0 | V18: =V17+M18 -> 3.4750838 | W18: =N18+Q17*Assumptions!$C$20+P18*Assumptions!$C$21+R17*Assumptions!$C$22+T17*Assumptions!$C$24+U17*Assumptions!$C$25 -> 0.33765128 | X18: =IF(A18<Assumptions!$C$34,0,Assumptions!$C$36*MIN(1,(A18-Assumptions!$C$34+1)/Assumptions!$C$35))*(S18+T18) -> 0.66078595 | Y18: =IF(Y17>0,Y17,IF(AND(A18>=Assumptions!$C$41,Q17+R17+T17>=Assumptions!$C$40),A18,0)) -> 0 | Z18: =IF(Y18>0,Assumptions!$C$42*MIN(1,(A18-Y18+1)/Assumptions!$C$43),0)*(S18+T18) -> 0 | AA18: =(1+Assumptions!$C$32)^(C18-1) -> 1 | AB18: =O18*Assumptions!$C$27*AA18 -> 72.456293 | AC18: =(Q17+R17)*Assumptions!$C$28*AA18 -> 548.50194 | AD18: =M18*Assumptions!$C$29*AA18 -> 184.13899 | AE18: =T17*Assumptions!$C$30*AA18 -> 37.149483 | AF18: =U17*Assumptions!$C$31*AA18 -> 0 | AG18: =X18*Assumptions!$C$37*Assumptions!$C$38 -> 33.039298 | AH18: =Z18*Assumptions!$C$44*Assumptions!$C$45 -> 0 | AI18: =SUM(AB18:AH18) -> 875.286 | AJ18: =(S18*Assumptions!$C$28+T18*Assumptions!$C$30+U18*Assumptions!$C$31)*AA18+AG18+AH18 -> 676.90069 | AK18: =(AI18-AH18)*Assumptions!$C$49 -> 35.01144 | AL18: =(AC18+AE18+AF18)*Assumptions!$C$50 -> 4.0995599 | AM18: =S18*Assumptions!$C$51+M18*Assumptions!$C$52 -> 13.150271 | AN18: =Assumptions!$C$53+Assumptions!$C$54*(S18+T18+U18) -> 226.43144 | AO18: =IF(C18>=2,Assumptions!$C$55,0) -> 100 | AP18: =E18*Assumptions!$C$60/60+F18*Assumptions!$C$61+J18*Assumptions!$C$62+(S18+T18)*Assumptions!$C$63+X18*Assumptions!$C$64+Z18*Assumptions!$C$65+U18*Assumptions!$C$66+Assumptions!$C$67*52/12 -> 58.430391 | AQ18: =IF(BC17=1,Assumptions!$C$69,Assumptions!$C$68)*52/12 -> 78 | AR18: =MAX(0,AP18-AQ18) -> 0 | AS18: =AR18*Assumptions!$C$70*Assumptions!$C$71 -> 0 | AT18: =Assumptions!$C$56/12 -> 100 | AU18: =IF(A18=1,Assumptions!$C$57,0)+Assumptions!$C$58 -> 60 | AV18: =IF(AND(Y18>0,Y18=A18),Assumptions!$C$46,0)+IF(Y18>0,Assumptions!$C$47,0) -> 0 | AW18: =AK18+AL18+AM18+AN18+AO18+AS18+AT18+AU18+AV18 -> 538.69271 | AX18: =AI18-AW18 -> 336.59329 | AY18: =MAX(0,AX18)*Assumptions!$C$73 -> 100.97799 | AZ18: =AX18-AY18 -> 235.6153 | BA18: =BA17+AZ18 -> -397.80672 | BB18: =IF(AZ18>=Assumptions!$C$74/12,BB17+1,0) -> 0 | BC18: =IF(OR(BC17=1,BB18>=3),1,0) -> 0 | BD18: =IF(AZ18>=Assumptions!$C$75/12,BD17+1,0) -> 0 | BE18: =AP18*12/52 -> 13.483936 | BF18: =AR18*12/52 -> 0 | BG18: =IF(AX18>0,A18,999) -> 14 | BH18: =IF(BB18>=3,A18,999) -> 999 | BI18: =IF(BD18>=3,A18,999) -> 999
A19: 15 | B19: =DATE(2026,10+A19,1) -> 46753 | C19: =INT((A19-1)/12)+1 -> 2 | D19: =IF(C19=1,Assumptions!$C$7,IF(C19=2,Assumptions!$C$8,Assumptions!$C$9)) -> 12 | E19: =D19*Assumptions!$C$10 -> 240 | F19: =E19*Assumptions!$C$11 -> 12 | G19: =MIN(1,Assumptions!$C$13+(1-Assumptions!$C$13)*(A19-1)/Assumptions!$C$14) -> 1 | H19: =F19*Assumptions!$C$12*G19 -> 1.2 | I19: =Assumptions!$C$15*(Q18+R18+T18+U18) -> 0.033039298 | J19: =H19+I19 -> 1.2330393 | K19: =J19*Assumptions!$C$18 -> 0 | L19: =(J19-K19)*Assumptions!$C$17 -> 0.86312751 | M19: =J19-K19-L19 -> 0.36991179 | N19: =L19*Assumptions!$C$19 -> 0.12946913 | O19: =L19-N19 -> 0.73365838 | P19: =O7*(1-Assumptions!$C$20)^12 -> 0.25032954 | Q19: =Q18*(1-Assumptions!$C$20)+O19-P19 -> 6.1819077 | R19: =R18*(1-Assumptions!$C$22)+P19*(1-Assumptions!$C$21) -> 0.43852132 | S19: =Q19+R19 -> 6.6204291 | T19: =T18*(1-Assumptions!$C$24)+M19*Assumptions!$C$23 -> 0.55886728 | U19: =U18*(1-Assumptions!$C$25)+K19 -> 0 | V19: =V18+M19 -> 3.8449956 | W19: =N19+Q18*Assumptions!$C$20+P19*Assumptions!$C$21+R18*Assumptions!$C$22+T18*Assumptions!$C$24+U18*Assumptions!$C$25 -> 0.36567302 | X19: =IF(A19<Assumptions!$C$34,0,Assumptions!$C$36*MIN(1,(A19-Assumptions!$C$34+1)/Assumptions!$C$35))*(S19+T19) -> 0.71792963 | Y19: =IF(Y18>0,Y18,IF(AND(A19>=Assumptions!$C$41,Q18+R18+T18>=Assumptions!$C$40),A19,0)) -> 0 | Z19: =IF(Y19>0,Assumptions!$C$42*MIN(1,(A19-Y19+1)/Assumptions!$C$43),0)*(S19+T19) -> 0 | AA19: =(1+Assumptions!$C$32)^(C19-1) -> 1 | AB19: =O19*Assumptions!$C$27*AA19 -> 72.63218 | AC19: =(Q18+R18)*Assumptions!$C$28*AA19 -> 603.11042 | AD19: =M19*Assumptions!$C$29*AA19 -> 184.58598 | AE19: =T18*Assumptions!$C$30*AA19 -> 40.750967 | AF19: =U18*Assumptions!$C$31*AA19 -> 0 | AG19: =X19*Assumptions!$C$37*Assumptions!$C$38 -> 35.896482 | AH19: =Z19*Assumptions!$C$44*Assumptions!$C$45 -> 0 | AI19: =SUM(AB19:AH19) -> 936.97603 | AJ19: =(S19*Assumptions!$C$28+T19*Assumptions!$C$30+U19*Assumptions!$C$31)*AA19+AG19+AH19 -> 735.46947 | AK19: =(AI19-AH19)*Assumptions!$C$49 -> 37.479041 | AL19: =(AC19+AE19+AF19)*Assumptions!$C$50 -> 4.5070297 | AM19: =S19*Assumptions!$C$51+M19*Assumptions!$C$52 -> 13.824213 | AN19: =Assumptions!$C$53+Assumptions!$C$54*(S19+T19+U19) -> 228.71719 | AO19: =IF(C19>=2,Assumptions!$C$55,0) -> 100 | AP19: =E19*Assumptions!$C$60/60+F19*Assumptions!$C$61+J19*Assumptions!$C$62+(S19+T19)*Assumptions!$C$63+X19*Assumptions!$C$64+Z19*Assumptions!$C$65+U19*Assumptions!$C$66+Assumptions!$C$67*52/12 -> 59.667938 | AQ19: =IF(BC18=1,Assumptions!$C$69,Assumptions!$C$68)*52/12 -> 78 | AR19: =MAX(0,AP19-AQ19) -> 0 | AS19: =AR19*Assumptions!$C$70*Assumptions!$C$71 -> 0 | AT19: =Assumptions!$C$56/12 -> 100 | AU19: =IF(A19=1,Assumptions!$C$57,0)+Assumptions!$C$58 -> 60 | AV19: =IF(AND(Y19>0,Y19=A19),Assumptions!$C$46,0)+IF(Y19>0,Assumptions!$C$47,0) -> 0 | AW19: =AK19+AL19+AM19+AN19+AO19+AS19+AT19+AU19+AV19 -> 544.52747 | AX19: =AI19-AW19 -> 392.44856 | AY19: =MAX(0,AX19)*Assumptions!$C$73 -> 117.73457 | AZ19: =AX19-AY19 -> 274.714 | BA19: =BA18+AZ19 -> -123.09273 | BB19: =IF(AZ19>=Assumptions!$C$74/12,BB18+1,0) -> 0 | BC19: =IF(OR(BC18=1,BB19>=3),1,0) -> 0 | BD19: =IF(AZ19>=Assumptions!$C$75/12,BD18+1,0) -> 0 | BE19: =AP19*12/52 -> 13.769524 | BF19: =AR19*12/52 -> 0 | BG19: =IF(AX19>0,A19,999) -> 15 | BH19: =IF(BB19>=3,A19,999) -> 999 | BI19: =IF(BD19>=3,A19,999) -> 999
A20: 16 | B20: =DATE(2026,10+A20,1) -> 46784 | C20: =INT((A20-1)/12)+1 -> 2 | D20: =IF(C20=1,Assumptions!$C$7,IF(C20=2,Assumptions!$C$8,Assumptions!$C$9)) -> 12 | E20: =D20*Assumptions!$C$10 -> 240 | F20: =E20*Assumptions!$C$11 -> 12 | G20: =MIN(1,Assumptions!$C$13+(1-Assumptions!$C$13)*(A20-1)/Assumptions!$C$14) -> 1 | H20: =F20*Assumptions!$C$12*G20 -> 1.2 | I20: =Assumptions!$C$15*(Q19+R19+T19+U19) -> 0.035896482 | J20: =H20+I20 -> 1.2358965 | K20: =J20*Assumptions!$C$18 -> 0 | L20: =(J20-K20)*Assumptions!$C$17 -> 0.86512754 | M20: =J20-K20-L20 -> 0.37076894 | N20: =L20*Assumptions!$C$19 -> 0.12976913 | O20: =L20-N20 -> 0.73535841 | P20: =O8*(1-Assumptions!$C$20)^12 -> 0.28224548 | Q20: =Q19*(1-Assumptions!$C$20)+O20-P20 -> 6.5113825 | R20: =R19*(1-Assumptions!$C$22)+P20*(1-Assumptions!$C$21) -> 0.61416709 | S20: =Q20+R20 -> 7.1255496 | T20: =T19*(1-Assumptions!$C$24)+M20*Assumptions!$C$23 -> 0.59948904 | U20: =U19*(1-Assumptions!$C$25)+K20 -> 0 | V20: =V19+M20 -> 4.2157646 | W20: =N20+Q19*Assumptions!$C$20+P20*Assumptions!$C$21+R19*Assumptions!$C$22+T19*Assumptions!$C$24+U19*Assumptions!$C$25 -> 0.39353903 | X20: =IF(A20<Assumptions!$C$34,0,Assumptions!$C$36*MIN(1,(A20-Assumptions!$C$34+1)/Assumptions!$C$35))*(S20+T20) -> 0.77250386 | Y20: =IF(Y19>0,Y19,IF(AND(A20>=Assumptions!$C$41,Q19+R19+T19>=Assumptions!$C$40),A20,0)) -> 0 | Z20: =IF(Y20>0,Assumptions!$C$42*MIN(1,(A20-Y20+1)/Assumptions!$C$43),0)*(S20+T20) -> 0 | AA20: =(1+Assumptions!$C$32)^(C20-1) -> 1 | AB20: =O20*Assumptions!$C$27*AA20 -> 72.800482 | AC20: =(Q19+R19)*Assumptions!$C$28*AA20 -> 655.42248 | AD20: =M20*Assumptions!$C$29*AA20 -> 185.0137 | AE20: =T19*Assumptions!$C$30*AA20 -> 44.150515 | AF20: =U19*Assumptions!$C$31*AA20 -> 0 | AG20: =X20*Assumptions!$C$37*Assumptions!$C$38 -> 38.625193 | AH20: =Z20*Assumptions!$C$44*Assumptions!$C$45 -> 0 | AI20: =SUM(AB20:AH20) -> 996.01237 | AJ20: =(S20*Assumptions!$C$28+T20*Assumptions!$C$30+U20*Assumptions!$C$31)*AA20+AG20+AH20 -> 791.41424 | AK20: =(AI20-AH20)*Assumptions!$C$49 -> 39.840495 | AL20: =(AC20+AE20+AF20)*Assumptions!$C$50 -> 4.897011 | AM20: =S20*Assumptions!$C$51+M20*Assumptions!$C$52 -> 14.468471 | AN20: =Assumptions!$C$53+Assumptions!$C$54*(S20+T20+U20) -> 230.90015 | AO20: =IF(C20>=2,Assumptions!$C$55,0) -> 100 | AP20: =E20*Assumptions!$C$60/60+F20*Assumptions!$C$61+J20*Assumptions!$C$62+(S20+T20)*Assumptions!$C$63+X20*Assumptions!$C$64+Z20*Assumptions!$C$65+U20*Assumptions!$C$66+Assumptions!$C$67*52/12 -> 60.849856 | AQ20: =IF(BC19=1,Assumptions!$C$69,Assumptions!$C$68)*52/12 -> 78 | AR20: =MAX(0,AP20-AQ20) -> 0 | AS20: =AR20*Assumptions!$C$70*Assumptions!$C$71 -> 0 | AT20: =Assumptions!$C$56/12 -> 100 | AU20: =IF(A20=1,Assumptions!$C$57,0)+Assumptions!$C$58 -> 60 | AV20: =IF(AND(Y20>0,Y20=A20),Assumptions!$C$46,0)+IF(Y20>0,Assumptions!$C$47,0) -> 0 | AW20: =AK20+AL20+AM20+AN20+AO20+AS20+AT20+AU20+AV20 -> 550.10613 | AX20: =AI20-AW20 -> 445.90624 | AY20: =MAX(0,AX20)*Assumptions!$C$73 -> 133.77187 | AZ20: =AX20-AY20 -> 312.13437 | BA20: =BA19+AZ20 -> 189.04164 | BB20: =IF(AZ20>=Assumptions!$C$74/12,BB19+1,0) -> 0 | BC20: =IF(OR(BC19=1,BB20>=3),1,0) -> 0 | BD20: =IF(AZ20>=Assumptions!$C$75/12,BD19+1,0) -> 0 | BE20: =AP20*12/52 -> 14.042274 | BF20: =AR20*12/52 -> 0 | BG20: =IF(AX20>0,A20,999) -> 16 | BH20: =IF(BB20>=3,A20,999) -> 999 | BI20: =IF(BD20>=3,A20,999) -> 999
A21: 17 | B21: =DATE(2026,10+A21,1) -> 46813 | C21: =INT((A21-1)/12)+1 -> 2 | D21: =IF(C21=1,Assumptions!$C$7,IF(C21=2,Assumptions!$C$8,Assumptions!$C$9)) -> 12 | E21: =D21*Assumptions!$C$10 -> 240 | F21: =E21*Assumptions!$C$11 -> 12 | G21: =MIN(1,Assumptions!$C$13+(1-Assumptions!$C$13)*(A21-1)/Assumptions!$C$14) -> 1 | H21: =F21*Assumptions!$C$12*G21 -> 1.2 | I21: =Assumptions!$C$15*(Q20+R20+T20+U20) -> 0.038625193 | J21: =H21+I21 -> 1.2386252 | K21: =J21*Assumptions!$C$18 -> 0 | L21: =(J21-K21)*Assumptions!$C$17 -> 0.86703764 | M21: =J21-K21-L21 -> 0.37158756 | N21: =L21*Assumptions!$C$19 -> 0.13005565 | O21: =L21-N21 -> 0.73698199 | P21: =O9*(1-Assumptions!$C$20)^12 -> 0.31424745 | Q21: =Q20*(1-Assumptions!$C$20)+O21-P21 -> 6.8038894 | R21: =R20*(1-Assumptions!$C$22)+P21*(1-Assumptions!$C$21) -> 0.80343195 | S21: =Q21+R21 -> 7.6073214 | T21: =T20*(1-Assumptions!$C$24)+M21*Assumptions!$C$23 -> 0.63783721 | U21: =U20*(1-Assumptions!$C$25)+K21 -> 0 | V21: =V20+M21 -> 4.5873521 | W21: =N21+Q20*Assumptions!$C$20+P21*Assumptions!$C$21+R20*Assumptions!$C$22+T20*Assumptions!$C$24+U20*Assumptions!$C$25 -> 0.42123523 | X21: =IF(A21<Assumptions!$C$34,0,Assumptions!$C$36*MIN(1,(A21-Assumptions!$C$34+1)/Assumptions!$C$35))*(S21+T21) -> 0.82451586 | Y21: =IF(Y20>0,Y20,IF(AND(A21>=Assumptions!$C$41,Q20+R20+T20>=Assumptions!$C$40),A21,0)) -> 0 | Z21: =IF(Y21>0,Assumptions!$C$42*MIN(1,(A21-Y21+1)/Assumptions!$C$43),0)*(S21+T21) -> 0 | AA21: =(1+Assumptions!$C$32)^(C21-1) -> 1 | AB21: =O21*Assumptions!$C$27*AA21 -> 72.961217 | AC21: =(Q20+R20)*Assumptions!$C$28*AA21 -> 705.42941 | AD21: =M21*Assumptions!$C$29*AA21 -> 185.42219 | AE21: =T20*Assumptions!$C$30*AA21 -> 47.359634 | AF21: =U20*Assumptions!$C$31*AA21 -> 0 | AG21: =X21*Assumptions!$C$37*Assumptions!$C$38 -> 41.225793 | AH21: =Z21*Assumptions!$C$44*Assumptions!$C$45 -> 0 | AI21: =SUM(AB21:AH21) -> 1052.3982 | AJ21: =(S21*Assumptions!$C$28+T21*Assumptions!$C$30+U21*Assumptions!$C$31)*AA21+AG21+AH21 -> 844.73975 | AK21: =(AI21-AH21)*Assumptions!$C$49 -> 42.09593 | AL21: =(AC21+AE21+AF21)*Assumptions!$C$50 -> 5.2695233 | AM21: =S21*Assumptions!$C$51+M21*Assumptions!$C$52 -> 15.082965 | AN21: =Assumptions!$C$53+Assumptions!$C$54*(S21+T21+U21) -> 232.98063 | AO21: =IF(C21>=2,Assumptions!$C$55,0) -> 100 | AP21: =E21*Assumptions!$C$60/60+F21*Assumptions!$C$61+J21*Assumptions!$C$62+(S21+T21)*Assumptions!$C$63+X21*Assumptions!$C$64+Z21*Assumptions!$C$65+U21*Assumptions!$C$66+Assumptions!$C$67*52/12 -> 61.9763 | AQ21: =IF(BC20=1,Assumptions!$C$69,Assumptions!$C$68)*52/12 -> 78 | AR21: =MAX(0,AP21-AQ21) -> 0 | AS21: =AR21*Assumptions!$C$70*Assumptions!$C$71 -> 0 | AT21: =Assumptions!$C$56/12 -> 100 | AU21: =IF(A21=1,Assumptions!$C$57,0)+Assumptions!$C$58 -> 60 | AV21: =IF(AND(Y21>0,Y21=A21),Assumptions!$C$46,0)+IF(Y21>0,Assumptions!$C$47,0) -> 0 | AW21: =AK21+AL21+AM21+AN21+AO21+AS21+AT21+AU21+AV21 -> 555.42905 | AX21: =AI21-AW21 -> 496.96919 | AY21: =MAX(0,AX21)*Assumptions!$C$73 -> 149.09076 | AZ21: =AX21-AY21 -> 347.87844 | BA21: =BA20+AZ21 -> 536.92008 | BB21: =IF(AZ21>=Assumptions!$C$74/12,BB20+1,0) -> 0 | BC21: =IF(OR(BC20=1,BB21>=3),1,0) -> 0 | BD21: =IF(AZ21>=Assumptions!$C$75/12,BD20+1,0) -> 0 | BE21: =AP21*12/52 -> 14.302223 | BF21: =AR21*12/52 -> 0 | BG21: =IF(AX21>0,A21,999) -> 17 | BH21: =IF(BB21>=3,A21,999) -> 999 | BI21: =IF(BD21>=3,A21,999) -> 999
A22: 18 | B22: =DATE(2026,10+A22,1) -> 46844 | C22: =INT((A22-1)/12)+1 -> 2 | D22: =IF(C22=1,Assumptions!$C$7,IF(C22=2,Assumptions!$C$8,Assumptions!$C$9)) -> 12 | E22: =D22*Assumptions!$C$10 -> 240 | F22: =E22*Assumptions!$C$11 -> 12 | G22: =MIN(1,Assumptions!$C$13+(1-Assumptions!$C$13)*(A22-1)/Assumptions!$C$14) -> 1 | H22: =F22*Assumptions!$C$12*G22 -> 1.2 | I22: =Assumptions!$C$15*(Q21+R21+T21+U21) -> 0.041225793 | J22: =H22+I22 -> 1.2412258 | K22: =J22*Assumptions!$C$18 -> 0 | L22: =(J22-K22)*Assumptions!$C$17 -> 0.86885805 | M22: =J22-K22-L22 -> 0.37236774 | N22: =L22*Assumptions!$C$19 -> 0.13032871 | O22: =L22-N22 -> 0.73852935 | P22: =O10*(1-Assumptions!$C$20)^12 -> 0.34633379 | Q22: =Q21*(1-Assumptions!$C$20)+O22-P22 -> 7.0600072 | R22: =R21*(1-Assumptions!$C$22)+P22*(1-Assumptions!$C$21) -> 1.005694 | S22: =Q22+R22 -> 8.0657012 | T22: =T21*(1-Assumptions!$C$24)+M22*Assumptions!$C$23 -> 0.67404052 | U22: =U21*(1-Assumptions!$C$25)+K22 -> 0 | V22: =V21+M22 -> 4.9597199 | W22: =N22+Q21*Assumptions!$C$20+P22*Assumptions!$C$21+R21*Assumptions!$C$22+T21*Assumptions!$C$24+U21*Assumptions!$C$25 -> 0.44874846 | X22: =IF(A22<Assumptions!$C$34,0,Assumptions!$C$36*MIN(1,(A22-Assumptions!$C$34+1)/Assumptions!$C$35))*(S22+T22) -> 0.87397417 | Y22: =IF(Y21>0,Y21,IF(AND(A22>=Assumptions!$C$41,Q21+R21+T21>=Assumptions!$C$40),A22,0)) -> 0 | Z22: =IF(Y22>0,Assumptions!$C$42*MIN(1,(A22-Y22+1)/Assumptions!$C$43),0)*(S22+T22) -> 0 | AA22: =(1+Assumptions!$C$32)^(C22-1) -> 1 | AB22: =O22*Assumptions!$C$27*AA22 -> 73.114405 | AC22: =(Q21+R21)*Assumptions!$C$28*AA22 -> 753.12481 | AD22: =M22*Assumptions!$C$29*AA22 -> 185.8115 | AE22: =T21*Assumptions!$C$30*AA22 -> 50.389139 | AF22: =U21*Assumptions!$C$31*AA22 -> 0 | AG22: =X22*Assumptions!$C$37*Assumptions!$C$38 -> 43.698709 | AH22: =Z22*Assumptions!$C$44*Assumptions!$C$45 -> 0 | AI22: =SUM(AB22:AH22) -> 1106.1386 | AJ22: =(S22*Assumptions!$C$28+T22*Assumptions!$C$30+U22*Assumptions!$C$31)*AA22+AG22+AH22 -> 895.45233 | AK22: =(AI22-AH22)*Assumptions!$C$49 -> 44.245543 | AL22: =(AC22+AE22+AF22)*Assumptions!$C$50 -> 5.6245977 | AM22: =S22*Assumptions!$C$51+M22*Assumptions!$C$52 -> 15.667643 | AN22: =Assumptions!$C$53+Assumptions!$C$54*(S22+T22+U22) -> 234.95897 | AO22: =IF(C22>=2,Assumptions!$C$55,0) -> 100 | AP22: =E22*Assumptions!$C$60/60+F22*Assumptions!$C$61+J22*Assumptions!$C$62+(S22+T22)*Assumptions!$C$63+X22*Assumptions!$C$64+Z22*Assumptions!$C$65+U22*Assumptions!$C$66+Assumptions!$C$67*52/12 -> 63.047455 | AQ22: =IF(BC21=1,Assumptions!$C$69,Assumptions!$C$68)*52/12 -> 78 | AR22: =MAX(0,AP22-AQ22) -> 0 | AS22: =AR22*Assumptions!$C$70*Assumptions!$C$71 -> 0 | AT22: =Assumptions!$C$56/12 -> 100 | AU22: =IF(A22=1,Assumptions!$C$57,0)+Assumptions!$C$58 -> 60 | AV22: =IF(AND(Y22>0,Y22=A22),Assumptions!$C$46,0)+IF(Y22>0,Assumptions!$C$47,0) -> 0 | AW22: =AK22+AL22+AM22+AN22+AO22+AS22+AT22+AU22+AV22 -> 560.49675 | AX22: =AI22-AW22 -> 545.64182 | AY22: =MAX(0,AX22)*Assumptions!$C$73 -> 163.69255 | AZ22: =AX22-AY22 -> 381.94927 | BA22: =BA21+AZ22 -> 918.86935 | BB22: =IF(AZ22>=Assumptions!$C$74/12,BB21+1,0) -> 0 | BC22: =IF(OR(BC21=1,BB22>=3),1,0) -> 0 | BD22: =IF(AZ22>=Assumptions!$C$75/12,BD21+1,0) -> 0 | BE22: =AP22*12/52 -> 14.549413 | BF22: =AR22*12/52 -> 0 | BG22: =IF(AX22>0,A22,999) -> 18 | BH22: =IF(BB22>=3,A22,999) -> 999 | BI22: =IF(BD22>=3,A22,999) -> 999
A23: 19 | B23: =DATE(2026,10+A23,1) -> 46874 | C23: =INT((A23-1)/12)+1 -> 2 | D23: =IF(C23=1,Assumptions!$C$7,IF(C23=2,Assumptions!$C$8,Assumptions!$C$9)) -> 12 | E23: =D23*Assumptions!$C$10 -> 240 | F23: =E23*Assumptions!$C$11 -> 12 | G23: =MIN(1,Assumptions!$C$13+(1-Assumptions!$C$13)*(A23-1)/Assumptions!$C$14) -> 1 | H23: =F23*Assumptions!$C$12*G23 -> 1.2 | I23: =Assumptions!$C$15*(Q22+R22+T22+U22) -> 0.043698709 | J23: =H23+I23 -> 1.2436987 | K23: =J23*Assumptions!$C$18 -> 0 | L23: =(J23-K23)*Assumptions!$C$17 -> 0.8705891 | M23: =J23-K23-L23 -> 0.37310961 | N23: =L23*Assumptions!$C$19 -> 0.13058836 | O23: =L23-N23 -> 0.74000073 | P23: =O11*(1-Assumptions!$C$20)^12 -> 0.37850288 | Q23: =Q22*(1-Assumptions!$C$20)+O23-P23 -> 7.2803049 | R23: =R22*(1-Assumptions!$C$22)+P23*(1-Assumptions!$C$21) -> 1.2203613 | S23: =Q23+R23 -> 8.5006662 | T23: =T22*(1-Assumptions!$C$24)+M23*Assumptions!$C$23 -> 0.70822001 | U23: =U22*(1-Assumptions!$C$25)+K23 -> 0 | V23: =V22+M23 -> 5.3328295 | W23: =N23+Q22*Assumptions!$C$20+P23*Assumptions!$C$21+R22*Assumptions!$C$22+T22*Assumptions!$C$24+U22*Assumptions!$C$25 -> 0.4760665 | X23: =IF(A23<Assumptions!$C$34,0,Assumptions!$C$36*MIN(1,(A23-Assumptions!$C$34+1)/Assumptions!$C$35))*(S23+T23) -> 0.92088862 | Y23: =IF(Y22>0,Y22,IF(AND(A23>=Assumptions!$C$41,Q22+R22+T22>=Assumptions!$C$40),A23,0)) -> 0 | Z23: =IF(Y23>0,Assumptions!$C$42*MIN(1,(A23-Y23+1)/Assumptions!$C$43),0)*(S23+T23) -> 0 | AA23: =(1+Assumptions!$C$32)^(C23-1) -> 1 | AB23: =O23*Assumptions!$C$27*AA23 -> 73.260072 | AC23: =(Q22+R22)*Assumptions!$C$28*AA23 -> 798.50442 | AD23: =M23*Assumptions!$C$29*AA23 -> 186.1817 | AE23: =T22*Assumptions!$C$30*AA23 -> 53.249201 | AF23: =U22*Assumptions!$C$31*AA23 -> 0 | AG23: =X23*Assumptions!$C$37*Assumptions!$C$38 -> 46.044431 | AH23: =Z23*Assumptions!$C$44*Assumptions!$C$45 -> 0 | AI23: =SUM(AB23:AH23) -> 1157.2398 | AJ23: =(S23*Assumptions!$C$28+T23*Assumptions!$C$30+U23*Assumptions!$C$31)*AA23+AG23+AH23 -> 943.55977 | AK23: =(AI23-AH23)*Assumptions!$C$49 -> 46.289593 | AL23: =(AC23+AE23+AF23)*Assumptions!$C$50 -> 5.9622753 | AM23: =S23*Assumptions!$C$51+M23*Assumptions!$C$52 -> 16.222477 | AN23: =Assumptions!$C$53+Assumptions!$C$54*(S23+T23+U23) -> 236.83554 | AO23: =IF(C23>=2,Assumptions!$C$55,0) -> 100 | AP23: =E23*Assumptions!$C$60/60+F23*Assumptions!$C$61+J23*Assumptions!$C$62+(S23+T23)*Assumptions!$C$63+X23*Assumptions!$C$64+Z23*Assumptions!$C$65+U23*Assumptions!$C$66+Assumptions!$C$67*52/12 -> 64.063535 | AQ23: =IF(BC22=1,Assumptions!$C$69,Assumptions!$C$68)*52/12 -> 78 | AR23: =MAX(0,AP23-AQ23) -> 0 | AS23: =AR23*Assumptions!$C$70*Assumptions!$C$71 -> 0 | AT23: =Assumptions!$C$56/12 -> 100 | AU23: =IF(A23=1,Assumptions!$C$57,0)+Assumptions!$C$58 -> 60 | AV23: =IF(AND(Y23>0,Y23=A23),Assumptions!$C$46,0)+IF(Y23>0,Assumptions!$C$47,0) -> 0 | AW23: =AK23+AL23+AM23+AN23+AO23+AS23+AT23+AU23+AV23 -> 565.30989 | AX23: =AI23-AW23 -> 591.92993 | AY23: =MAX(0,AX23)*Assumptions!$C$73 -> 177.57898 | AZ23: =AX23-AY23 -> 414.35095 | BA23: =BA22+AZ23 -> 1333.2203 | BB23: =IF(AZ23>=Assumptions!$C$74/12,BB22+1,0) -> 0 | BC23: =IF(OR(BC22=1,BB23>=3),1,0) -> 0 | BD23: =IF(AZ23>=Assumptions!$C$75/12,BD22+1,0) -> 0 | BE23: =AP23*12/52 -> 14.783893 | BF23: =AR23*12/52 -> 0 | BG23: =IF(AX23>0,A23,999) -> 19 | BH23: =IF(BB23>=3,A23,999) -> 999 | BI23: =IF(BD23>=3,A23,999) -> 999
A24: 20 | B24: =DATE(2026,10+A24,1) -> 46905 | C24: =INT((A24-1)/12)+1 -> 2 | D24: =IF(C24=1,Assumptions!$C$7,IF(C24=2,Assumptions!$C$8,Assumptions!$C$9)) -> 12 | E24: =D24*Assumptions!$C$10 -> 240 | F24: =E24*Assumptions!$C$11 -> 12 | G24: =MIN(1,Assumptions!$C$13+(1-Assumptions!$C$13)*(A24-1)/Assumptions!$C$14) -> 1 | H24: =F24*Assumptions!$C$12*G24 -> 1.2 | I24: =Assumptions!$C$15*(Q23+R23+T23+U23) -> 0.046044431 | J24: =H24+I24 -> 1.2460444 | K24: =J24*Assumptions!$C$18 -> 0 | L24: =(J24-K24)*Assumptions!$C$17 -> 0.8722311 | M24: =J24-K24-L24 -> 0.37381333 | N24: =L24*Assumptions!$C$19 -> 0.13083467 | O24: =L24-N24 -> 0.74139644 | P24: =O12*(1-Assumptions!$C$20)^12 -> 0.41075314 | Q24: =Q23*(1-Assumptions!$C$20)+O24-P24 -> 7.4653421 | R24: =R23*(1-Assumptions!$C$22)+P24*(1-Assumptions!$C$21) -> 1.4468704 | S24: =Q24+R24 -> 8.9122125 | T24: =T23*(1-Assumptions!$C$24)+M24*Assumptions!$C$23 -> 0.74048948 | U24: =U23*(1-Assumptions!$C$25)+K24 -> 0 | V24: =V23+M24 -> 5.7066428 | W24: =N24+Q23*Assumptions!$C$20+P24*Assumptions!$C$21+R23*Assumptions!$C$22+T23*Assumptions!$C$24+U23*Assumptions!$C$25 -> 0.50317797 | X24: =IF(A24<Assumptions!$C$34,0,Assumptions!$C$36*MIN(1,(A24-Assumptions!$C$34+1)/Assumptions!$C$35))*(S24+T24) -> 0.9652702 | Y24: =IF(Y23>0,Y23,IF(AND(A24>=Assumptions!$C$41,Q23+R23+T23>=Assumptions!$C$40),A24,0)) -> 0 | Z24: =IF(Y24>0,Assumptions!$C$42*MIN(1,(A24-Y24+1)/Assumptions!$C$43),0)*(S24+T24) -> 0 | AA24: =(1+Assumptions!$C$32)^(C24-1) -> 1 | AB24: =O24*Assumptions!$C$27*AA24 -> 73.398247 | AC24: =(Q23+R23)*Assumptions!$C$28*AA24 -> 841.56595 | AD24: =M24*Assumptions!$C$29*AA24 -> 186.53285 | AE24: =T23*Assumptions!$C$30*AA24 -> 55.949381 | AF24: =U23*Assumptions!$C$31*AA24 -> 0 | AG24: =X24*Assumptions!$C$37*Assumptions!$C$38 -> 48.26351 | AH24: =Z24*Assumptions!$C$44*Assumptions!$C$45 -> 0 | AI24: =SUM(AB24:AH24) -> 1205.7099 | AJ24: =(S24*Assumptions!$C$28+T24*Assumptions!$C$30+U24*Assumptions!$C$31)*AA24+AG24+AH24 -> 989.07122 | AK24: =(AI24-AH24)*Assumptions!$C$49 -> 48.228398 | AL24: =(AC24+AE24+AF24)*Assumptions!$C$50 -> 6.2826073 | AM24: =S24*Assumptions!$C$51+M24*Assumptions!$C$52 -> 16.747466 | AN24: =Assumptions!$C$53+Assumptions!$C$54*(S24+T24+U24) -> 238.61081 | AO24: =IF(C24>=2,Assumptions!$C$55,0) -> 100 | AP24: =E24*Assumptions!$C$60/60+F24*Assumptions!$C$61+J24*Assumptions!$C$62+(S24+T24)*Assumptions!$C$63+X24*Assumptions!$C$64+Z24*Assumptions!$C$65+U24*Assumptions!$C$66+Assumptions!$C$67*52/12 -> 65.024776 | AQ24: =IF(BC23=1,Assumptions!$C$69,Assumptions!$C$68)*52/12 -> 78 | AR24: =MAX(0,AP24-AQ24) -> 0 | AS24: =AR24*Assumptions!$C$70*Assumptions!$C$71 -> 0 | AT24: =Assumptions!$C$56/12 -> 100 | AU24: =IF(A24=1,Assumptions!$C$57,0)+Assumptions!$C$58 -> 60 | AV24: =IF(AND(Y24>0,Y24=A24),Assumptions!$C$46,0)+IF(Y24>0,Assumptions!$C$47,0) -> 0 | AW24: =AK24+AL24+AM24+AN24+AO24+AS24+AT24+AU24+AV24 -> 569.86928 | AX24: =AI24-AW24 -> 635.84067 | AY24: =MAX(0,AX24)*Assumptions!$C$73 -> 190.7522 | AZ24: =AX24-AY24 -> 445.08847 | BA24: =BA23+AZ24 -> 1778.3088 | BB24: =IF(AZ24>=Assumptions!$C$74/12,BB23+1,0) -> 0 | BC24: =IF(OR(BC23=1,BB24>=3),1,0) -> 0 | BD24: =IF(AZ24>=Assumptions!$C$75/12,BD23+1,0) -> 0 | BE24: =AP24*12/52 -> 15.005718 | BF24: =AR24*12/52 -> 0 | BG24: =IF(AX24>0,A24,999) -> 20 | BH24: =IF(BB24>=3,A24,999) -> 999 | BI24: =IF(BD24>=3,A24,999) -> 999
A25: 21 | B25: =DATE(2026,10+A25,1) -> 46935 | C25: =INT((A25-1)/12)+1 -> 2 | D25: =IF(C25=1,Assumptions!$C$7,IF(C25=2,Assumptions!$C$8,Assumptions!$C$9)) -> 12 | E25: =D25*Assumptions!$C$10 -> 240 | F25: =E25*Assumptions!$C$11 -> 12 | G25: =MIN(1,Assumptions!$C$13+(1-Assumptions!$C$13)*(A25-1)/Assumptions!$C$14) -> 1 | H25: =F25*Assumptions!$C$12*G25 -> 1.2 | I25: =Assumptions!$C$15*(Q24+R24+T24+U24) -> 0.04826351 | J25: =H25+I25 -> 1.2482635 | K25: =J25*Assumptions!$C$18 -> 0 | L25: =(J25-K25)*Assumptions!$C$17 -> 0.87378446 | M25: =J25-K25-L25 -> 0.37447905 | N25: =L25*Assumptions!$C$19 -> 0.13106767 | O25: =L25-N25 -> 0.74271679 | P25: =O13*(1-Assumptions!$C$20)^12 -> 0.44308302 | Q25: =Q24*(1-Assumptions!$C$20)+O25-P25 -> 7.615669 | R25: =R24*(1-Assumptions!$C$22)+P25*(1-Assumptions!$C$21) -> 1.684685 | S25: =Q25+R25 -> 9.3003541 | T25: =T24*(1-Assumptions!$C$24)+M25*Assumptions!$C$23 -> 0.77095592 | U25: =U24*(1-Assumptions!$C$25)+K25 -> 0 | V25: =V24+M25 -> 6.0811219 | W25: =N25+Q24*Assumptions!$C$20+P25*Assumptions!$C$21+R24*Assumptions!$C$22+T24*Assumptions!$C$24+U24*Assumptions!$C$25 -> 0.53007231 | X25: =IF(A25<Assumptions!$C$34,0,Assumptions!$C$36*MIN(1,(A25-Assumptions!$C$34+1)/Assumptions!$C$35))*(S25+T25) -> 1.007131 | Y25: =IF(Y24>0,Y24,IF(AND(A25>=Assumptions!$C$41,Q24+R24+T24>=Assumptions!$C$40),A25,0)) -> 0 | Z25: =IF(Y25>0,Assumptions!$C$42*MIN(1,(A25-Y25+1)/Assumptions!$C$43),0)*(S25+T25) -> 0 | AA25: =(1+Assumptions!$C$32)^(C25-1) -> 1 | AB25: =O25*Assumptions!$C$27*AA25 -> 73.528962 | AC25: =(Q24+R24)*Assumptions!$C$28*AA25 -> 882.30904 | AD25: =M25*Assumptions!$C$29*AA25 -> 186.86505 | AE25: =T24*Assumptions!$C$30*AA25 -> 58.498669 | AF25: =U24*Assumptions!$C$31*AA25 -> 0 | AG25: =X25*Assumptions!$C$37*Assumptions!$C$38 -> 50.35655 | AH25: =Z25*Assumptions!$C$44*Assumptions!$C$45 -> 0 | AI25: =SUM(AB25:AH25) -> 1251.5583 | AJ25: =(S25*Assumptions!$C$28+T25*Assumptions!$C$30+U25*Assumptions!$C$31)*AA25+AG25+AH25 -> 1031.9971 | AK25: =(AI25-AH25)*Assumptions!$C$49 -> 50.062331 | AL25: =(AC25+AE25+AF25)*Assumptions!$C$50 -> 6.585654 | AM25: =S25*Assumptions!$C$51+M25*Assumptions!$C$52 -> 17.242628 | AN25: =Assumptions!$C$53+Assumptions!$C$54*(S25+T25+U25) -> 240.28524 | AO25: =IF(C25>=2,Assumptions!$C$55,0) -> 100 | AP25: =E25*Assumptions!$C$60/60+F25*Assumptions!$C$61+J25*Assumptions!$C$62+(S25+T25)*Assumptions!$C$63+X25*Assumptions!$C$64+Z25*Assumptions!$C$65+U25*Assumptions!$C$66+Assumptions!$C$67*52/12 -> 65.93144 | AQ25: =IF(BC24=1,Assumptions!$C$69,Assumptions!$C$68)*52/12 -> 78 | AR25: =MAX(0,AP25-AQ25) -> 0 | AS25: =AR25*Assumptions!$C$70*Assumptions!$C$71 -> 0 | AT25: =Assumptions!$C$56/12 -> 100 | AU25: =IF(A25=1,Assumptions!$C$57,0)+Assumptions!$C$58 -> 60 | AV25: =IF(AND(Y25>0,Y25=A25),Assumptions!$C$46,0)+IF(Y25>0,Assumptions!$C$47,0) -> 0 | AW25: =AK25+AL25+AM25+AN25+AO25+AS25+AT25+AU25+AV25 -> 574.17585 | AX25: =AI25-AW25 -> 677.38242 | AY25: =MAX(0,AX25)*Assumptions!$C$73 -> 203.21472 | AZ25: =AX25-AY25 -> 474.16769 | BA25: =BA24+AZ25 -> 2252.4765 | BB25: =IF(AZ25>=Assumptions!$C$74/12,BB24+1,0) -> 0 | BC25: =IF(OR(BC24=1,BB25>=3),1,0) -> 0 | BD25: =IF(AZ25>=Assumptions!$C$75/12,BD24+1,0) -> 0 | BE25: =AP25*12/52 -> 15.214948 | BF25: =AR25*12/52 -> 0 | BG25: =IF(AX25>0,A25,999) -> 21 | BH25: =IF(BB25>=3,A25,999) -> 999 | BI25: =IF(BD25>=3,A25,999) -> 999
A26: 22 | B26: =DATE(2026,10+A26,1) -> 46966 | C26: =INT((A26-1)/12)+1 -> 2 | D26: =IF(C26=1,Assumptions!$C$7,IF(C26=2,Assumptions!$C$8,Assumptions!$C$9)) -> 12 | E26: =D26*Assumptions!$C$10 -> 240 | F26: =E26*Assumptions!$C$11 -> 12 | G26: =MIN(1,Assumptions!$C$13+(1-Assumptions!$C$13)*(A26-1)/Assumptions!$C$14) -> 1 | H26: =F26*Assumptions!$C$12*G26 -> 1.2 | I26: =Assumptions!$C$15*(Q25+R25+T25+U25) -> 0.05035655 | J26: =H26+I26 -> 1.2503565 | K26: =J26*Assumptions!$C$18 -> 0 | L26: =(J26-K26)*Assumptions!$C$17 -> 0.87524958 | M26: =J26-K26-L26 -> 0.37510696 | N26: =L26*Assumptions!$C$19 -> 0.13128744 | O26: =L26-N26 -> 0.74396215 | P26: =O14*(1-Assumptions!$C$20)^12 -> 0.47549103 | Q26: =Q25*(1-Assumptions!$C$20)+O26-P26 -> 7.7318268 | R26: =R25*(1-Assumptions!$C$22)+P26*(1-Assumptions!$C$21) -> 1.9332945 | S26: =Q26+R26 -> 9.6651213 | T26: =T25*(1-Assumptions!$C$24)+M26*Assumptions!$C$23 -> 0.79971996 | U26: =U25*(1-Assumptions!$C$25)+K26 -> 0 | V26: =V25+M26 -> 6.4562288 | W26: =N26+Q25*Assumptions!$C$20+P26*Assumptions!$C$21+R25*Assumptions!$C$22+T25*Assumptions!$C$24+U25*Assumptions!$C$25 -> 0.55673973 | X26: =IF(A26<Assumptions!$C$34,0,Assumptions!$C$36*MIN(1,(A26-Assumptions!$C$34+1)/Assumptions!$C$35))*(S26+T26) -> 1.0464841 | Y26: =IF(Y25>0,Y25,IF(AND(A26>=Assumptions!$C$41,Q25+R25+T25>=Assumptions!$C$40),A26,0)) -> 0 | Z26: =IF(Y26>0,Assumptions!$C$42*MIN(1,(A26-Y26+1)/Assumptions!$C$43),0)*(S26+T26) -> 0 | AA26: =(1+Assumptions!$C$32)^(C26-1) -> 1 | AB26: =O26*Assumptions!$C$27*AA26 -> 73.652253 | AC26: =(Q25+R25)*Assumptions!$C$28*AA26 -> 920.73505 | AD26: =M26*Assumptions!$C$29*AA26 -> 187.17838 | AE26: =T25*Assumptions!$C$30*AA26 -> 60.905518 | AF26: =U25*Assumptions!$C$31*AA26 -> 0 | AG26: =X26*Assumptions!$C$37*Assumptions!$C$38 -> 52.324206 | AH26: =Z26*Assumptions!$C$44*Assumptions!$C$45 -> 0 | AI26: =SUM(AB26:AH26) -> 1294.7954 | AJ26: =(S26*Assumptions!$C$28+T26*Assumptions!$C$30+U26*Assumptions!$C$31)*AA26+AG26+AH26 -> 1072.3491 | AK26: =(AI26-AH26)*Assumptions!$C$49 -> 51.791816 | AL26: =(AC26+AE26+AF26)*Assumptions!$C$50 -> 6.871484 | AM26: =S26*Assumptions!$C$51+M26*Assumptions!$C$52 -> 17.708006 | AN26: =Assumptions!$C$53+Assumptions!$C$54*(S26+T26+U26) -> 241.85936 | AO26: =IF(C26>=2,Assumptions!$C$55,0) -> 100 | AP26: =E26*Assumptions!$C$60/60+F26*Assumptions!$C$61+J26*Assumptions!$C$62+(S26+T26)*Assumptions!$C$63+X26*Assumptions!$C$64+Z26*Assumptions!$C$65+U26*Assumptions!$C$66+Assumptions!$C$67*52/12 -> 66.783812 | AQ26: =IF(BC25=1,Assumptions!$C$69,Assumptions!$C$68)*52/12 -> 78 | AR26: =MAX(0,AP26-AQ26) -> 0 | AS26: =AR26*Assumptions!$C$70*Assumptions!$C$71 -> 0 | AT26: =Assumptions!$C$56/12 -> 100 | AU26: =IF(A26=1,Assumptions!$C$57,0)+Assumptions!$C$58 -> 60 | AV26: =IF(AND(Y26>0,Y26=A26),Assumptions!$C$46,0)+IF(Y26>0,Assumptions!$C$47,0) -> 0 | AW26: =AK26+AL26+AM26+AN26+AO26+AS26+AT26+AU26+AV26 -> 578.23067 | AX26: =AI26-AW26 -> 716.56473 | AY26: =MAX(0,AX26)*Assumptions!$C$73 -> 214.96942 | AZ26: =AX26-AY26 -> 501.59531 | BA26: =BA25+AZ26 -> 2754.0718 | BB26: =IF(AZ26>=Assumptions!$C$74/12,BB25+1,0) -> 0 | BC26: =IF(OR(BC25=1,BB26>=3),1,0) -> 0 | BD26: =IF(AZ26>=Assumptions!$C$75/12,BD25+1,0) -> 0 | BE26: =AP26*12/52 -> 15.411649 | BF26: =AR26*12/52 -> 0 | BG26: =IF(AX26>0,A26,999) -> 22 | BH26: =IF(BB26>=3,A26,999) -> 999 | BI26: =IF(BD26>=3,A26,999) -> 999
A27: 23 | B27: =DATE(2026,10+A27,1) -> 46997 | C27: =INT((A27-1)/12)+1 -> 2 | D27: =IF(C27=1,Assumptions!$C$7,IF(C27=2,Assumptions!$C$8,Assumptions!$C$9)) -> 12 | E27: =D27*Assumptions!$C$10 -> 240 | F27: =E27*Assumptions!$C$11 -> 12 | G27: =MIN(1,Assumptions!$C$13+(1-Assumptions!$C$13)*(A27-1)/Assumptions!$C$14) -> 1 | H27: =F27*Assumptions!$C$12*G27 -> 1.2 | I27: =Assumptions!$C$15*(Q26+R26+T26+U26) -> 0.052324206 | J27: =H27+I27 -> 1.2523242 | K27: =J27*Assumptions!$C$18 -> 0 | L27: =(J27-K27)*Assumptions!$C$17 -> 0.87662694 | M27: =J27-K27-L27 -> 0.37569726 | N27: =L27*Assumptions!$C$19 -> 0.13149404 | O27: =L27-N27 -> 0.7451329 | P27: =O15*(1-Assumptions!$C$20)^12 -> 0.47684859 | Q27: =Q26*(1-Assumptions!$C$20)+O27-P27 -> 7.8454745 | R27: =R26*(1-Assumptions!$C$22)+P27*(1-Assumptions!$C$21) -> 2.1704238 | S27: =Q27+R27 -> 10.015898 | T27: =T26*(1-Assumptions!$C$24)+M27*Assumptions!$C$23 -> 0.82687621 | U27: =U26*(1-Assumptions!$C$25)+K27 -> 0 | V27: =V26+M27 -> 6.8319261 | W27: =N27+Q26*Assumptions!$C$20+P27*Assumptions!$C$21+R26*Assumptions!$C$22+T26*Assumptions!$C$24+U26*Assumptions!$C$25 -> 0.57383308 | X27: =IF(A27<Assumptions!$C$34,0,Assumptions!$C$36*MIN(1,(A27-Assumptions!$C$34+1)/Assumptions!$C$35))*(S27+T27) -> 1.0842775 | Y27: =IF(Y26>0,Y26,IF(AND(A27>=Assumptions!$C$41,Q26+R26+T26>=Assumptions!$C$40),A27,0)) -> 0 | Z27: =IF(Y27>0,Assumptions!$C$42*MIN(1,(A27-Y27+1)/Assumptions!$C$43),0)*(S27+T27) -> 0 | AA27: =(1+Assumptions!$C$32)^(C27-1) -> 1 | AB27: =O27*Assumptions!$C$27*AA27 -> 73.768157 | AC27: =(Q26+R26)*Assumptions!$C$28*AA27 -> 956.847 | AD27: =M27*Assumptions!$C$29*AA27 -> 187.47293 | AE27: =T26*Assumptions!$C$30*AA27 -> 63.177877 | AF27: =U26*Assumptions!$C$31*AA27 -> 0 | AG27: =X27*Assumptions!$C$37*Assumptions!$C$38 -> 54.213873 | AH27: =Z27*Assumptions!$C$44*Assumptions!$C$45 -> 0 | AI27: =SUM(AB27:AH27) -> 1335.4798 | AJ27: =(S27*Assumptions!$C$28+T27*Assumptions!$C$30+U27*Assumptions!$C$31)*AA27+AG27+AH27 -> 1111.111 | AK27: =(AI27-AH27)*Assumptions!$C$49 -> 53.419194 | AL27: =(AC27+AE27+AF27)*Assumptions!$C$50 -> 7.1401742 | AM27: =S27*Assumptions!$C$51+M27*Assumptions!$C$52 -> 18.155332 | AN27: =Assumptions!$C$53+Assumptions!$C$54*(S27+T27+U27) -> 243.3711 | AO27: =IF(C27>=2,Assumptions!$C$55,0) -> 100 | AP27: =E27*Assumptions!$C$60/60+F27*Assumptions!$C$61+J27*Assumptions!$C$62+(S27+T27)*Assumptions!$C$63+X27*Assumptions!$C$64+Z27*Assumptions!$C$65+U27*Assumptions!$C$66+Assumptions!$C$67*52/12 -> 67.602271 | AQ27: =IF(BC26=1,Assumptions!$C$69,Assumptions!$C$68)*52/12 -> 78 | AR27: =MAX(0,AP27-AQ27) -> 0 | AS27: =AR27*Assumptions!$C$70*Assumptions!$C$71 -> 0 | AT27: =Assumptions!$C$56/12 -> 100 | AU27: =IF(A27=1,Assumptions!$C$57,0)+Assumptions!$C$58 -> 60 | AV27: =IF(AND(Y27>0,Y27=A27),Assumptions!$C$46,0)+IF(Y27>0,Assumptions!$C$47,0) -> 0 | AW27: =AK27+AL27+AM27+AN27+AO27+AS27+AT27+AU27+AV27 -> 582.0858 | AX27: =AI27-AW27 -> 753.39405 | AY27: =MAX(0,AX27)*Assumptions!$C$73 -> 226.01821 | AZ27: =AX27-AY27 -> 527.37583 | BA27: =BA26+AZ27 -> 3281.4476 | BB27: =IF(AZ27>=Assumptions!$C$74/12,BB26+1,0) -> 0 | BC27: =IF(OR(BC26=1,BB27>=3),1,0) -> 0 | BD27: =IF(AZ27>=Assumptions!$C$75/12,BD26+1,0) -> 0 | BE27: =AP27*12/52 -> 15.600524 | BF27: =AR27*12/52 -> 0 | BG27: =IF(AX27>0,A27,999) -> 23 | BH27: =IF(BB27>=3,A27,999) -> 999 | BI27: =IF(BD27>=3,A27,999) -> 999
A28: 24 | B28: =DATE(2026,10+A28,1) -> 47027 | C28: =INT((A28-1)/12)+1 -> 2 | D28: =IF(C28=1,Assumptions!$C$7,IF(C28=2,Assumptions!$C$8,Assumptions!$C$9)) -> 12 | E28: =D28*Assumptions!$C$10 -> 240 | F28: =E28*Assumptions!$C$11 -> 12 | G28: =MIN(1,Assumptions!$C$13+(1-Assumptions!$C$13)*(A28-1)/Assumptions!$C$14) -> 1 | H28: =F28*Assumptions!$C$12*G28 -> 1.2 | I28: =Assumptions!$C$15*(Q27+R27+T27+U27) -> 0.054213873 | J28: =H28+I28 -> 1.2542139 | K28: =J28*Assumptions!$C$18 -> 0 | L28: =(J28-K28)*Assumptions!$C$17 -> 0.87794971 | M28: =J28-K28-L28 -> 0.37626416 | N28: =L28*Assumptions!$C$19 -> 0.13169246 | O28: =L28-N28 -> 0.74625725 | P28: =O16*(1-Assumptions!$C$20)^12 -> 0.47817941 | Q28: =Q27*(1-Assumptions!$C$20)+O28-P28 -> 7.9566429 | R28: =R27*(1-Assumptions!$C$22)+P28*(1-Assumptions!$C$21) -> 2.3966282 | S28: =Q28+R28 -> 10.353271 | T28: =T27*(1-Assumptions!$C$24)+M28*Assumptions!$C$23 -> 0.85251647 | U28: =U27*(1-Assumptions!$C$25)+K28 -> 0 | V28: =V27+M28 -> 7.2081903 | W28: =N28+Q27*Assumptions!$C$20+P28*Assumptions!$C$21+R27*Assumptions!$C$22+T27*Assumptions!$C$24+U27*Assumptions!$C$25 -> 0.59018953 | X28: =IF(A28<Assumptions!$C$34,0,Assumptions!$C$36*MIN(1,(A28-Assumptions!$C$34+1)/Assumptions!$C$35))*(S28+T28) -> 1.1205788 | Y28: =IF(Y27>0,Y27,IF(AND(A28>=Assumptions!$C$41,Q27+R27+T27>=Assumptions!$C$40),A28,0)) -> 0 | Z28: =IF(Y28>0,Assumptions!$C$42*MIN(1,(A28-Y28+1)/Assumptions!$C$43),0)*(S28+T28) -> 0 | AA28: =(1+Assumptions!$C$32)^(C28-1) -> 1 | AB28: =O28*Assumptions!$C$27*AA28 -> 73.879468 | AC28: =(Q27+R27)*Assumptions!$C$28*AA28 -> 991.57393 | AD28: =M28*Assumptions!$C$29*AA28 -> 187.75582 | AE28: =T27*Assumptions!$C$30*AA28 -> 65.323221 | AF28: =U27*Assumptions!$C$31*AA28 -> 0 | AG28: =X28*Assumptions!$C$37*Assumptions!$C$38 -> 56.028938 | AH28: =Z28*Assumptions!$C$44*Assumptions!$C$45 -> 0 | AI28: =SUM(AB28:AH28) -> 1374.5614 | AJ28: =(S28*Assumptions!$C$28+T28*Assumptions!$C$30+U28*Assumptions!$C$31)*AA28+AG28+AH28 -> 1148.3516 | AK28: =(AI28-AH28)*Assumptions!$C$49 -> 54.982455 | AL28: =(AC28+AE28+AF28)*Assumptions!$C$50 -> 7.3982801 | AM28: =S28*Assumptions!$C$51+M28*Assumptions!$C$52 -> 18.585551 | AN28: =Assumptions!$C$53+Assumptions!$C$54*(S28+T28+U28) -> 244.82315 | AO28: =IF(C28>=2,Assumptions!$C$55,0) -> 100 | AP28: =E28*Assumptions!$C$60/60+F28*Assumptions!$C$61+J28*Assumptions!$C$62+(S28+T28)*Assumptions!$C$63+X28*Assumptions!$C$64+Z28*Assumptions!$C$65+U28*Assumptions!$C$66+Assumptions!$C$67*52/12 -> 68.388418 | AQ28: =IF(BC27=1,Assumptions!$C$69,Assumptions!$C$68)*52/12 -> 78 | AR28: =MAX(0,AP28-AQ28) -> 0 | AS28: =AR28*Assumptions!$C$70*Assumptions!$C$71 -> 0 | AT28: =Assumptions!$C$56/12 -> 100 | AU28: =IF(A28=1,Assumptions!$C$57,0)+Assumptions!$C$58 -> 60 | AV28: =IF(AND(Y28>0,Y28=A28),Assumptions!$C$46,0)+IF(Y28>0,Assumptions!$C$47,0) -> 0 | AW28: =AK28+AL28+AM28+AN28+AO28+AS28+AT28+AU28+AV28 -> 585.78944 | AX28: =AI28-AW28 -> 788.77194 | AY28: =MAX(0,AX28)*Assumptions!$C$73 -> 236.63158 | AZ28: =AX28-AY28 -> 552.14036 | BA28: =BA27+AZ28 -> 3833.588 | BB28: =IF(AZ28>=Assumptions!$C$74/12,BB27+1,0) -> 0 | BC28: =IF(OR(BC27=1,BB28>=3),1,0) -> 0 | BD28: =IF(AZ28>=Assumptions!$C$75/12,BD27+1,0) -> 0 | BE28: =AP28*12/52 -> 15.781943 | BF28: =AR28*12/52 -> 0 | BG28: =IF(AX28>0,A28,999) -> 24 | BH28: =IF(BB28>=3,A28,999) -> 999 | BI28: =IF(BD28>=3,A28,999) -> 999
... A64: 60 | B64: =DATE(2026,10+A64,1) -> 48122 | C64: =INT((A64-1)/12)+1 -> 5 | D64: =IF(C64=1,Assumptions!$C$7,IF(C64=2,Assumptions!$C$8,Assumptions!$C$9)) -> 15 | E64: =D64*Assumptions!$C$10 -> 300 | F64: =E64*Assumptions!$C$11 -> 15 | G64: =MIN(1,Assumptions!$C$13+(1-Assumptions!$C$13)*(A64-1)/Assumptions!$C$14) -> 1 | H64: =F64*Assumptions!$C$12*G64 -> 1.5 | I64: =Assumptions!$C$15*(Q63+R63+T63+U63) -> 0.10225731 | J64: =H64+I64 -> 1.6022573 | K64: =J64*Assumptions!$C$18 -> 0 | L64: =(J64-K64)*Assumptions!$C$17 -> 1.1215801 | M64: =J64-K64-L64 -> 0.48067719 | N64: =L64*Assumptions!$C$19 -> 0.16823702 | O64: =L64-N64 -> 0.9533431 | P64: =O52*(1-Assumptions!$C$20)^12 -> 0.74438158 | Q64: =Q63*(1-Assumptions!$C$20)+O64-P64 -> 10.241971 | R64: =R63*(1-Assumptions!$C$22)+P64*(1-Assumptions!$C$21) -> 8.7922196 | S64: =Q64+R64 -> 19.03419 | T64: =T63*(1-Assumptions!$C$24)+M64*Assumptions!$C$23 -> 1.5129243 | U64: =U63*(1-Assumptions!$C$25)+K64 -> 0 | V64: =V63+M64 -> 24.330012 | W64: =N64+Q63*Assumptions!$C$20+P64*Assumptions!$C$21+R63*Assumptions!$C$22+T63*Assumptions!$C$24+U63*Assumptions!$C$25 -> 1.1220639 | X64: =IF(A64<Assumptions!$C$34,0,Assumptions!$C$36*MIN(1,(A64-Assumptions!$C$34+1)/Assumptions!$C$35))*(S64+T64) -> 2.0547115 | Y64: =IF(Y63>0,Y63,IF(AND(A64>=Assumptions!$C$41,Q63+R63+T63>=Assumptions!$C$40),A64,0)) -> 56 | Z64: =IF(Y64>0,Assumptions!$C$42*MIN(1,(A64-Y64+1)/Assumptions!$C$43),0)*(S64+T64) -> 0.85612977 | AA64: =(1+Assumptions!$C$32)^(C64-1) -> 1 | AB64: =O64*Assumptions!$C$27*AA64 -> 94.380967 | AC64: =(Q63+R63)*Assumptions!$C$28*AA64 -> 1875.4798 | AD64: =M64*Assumptions!$C$29*AA64 -> 239.85792 | AE64: =T63*Assumptions!$C$30*AA64 -> 119.07055 | AF64: =U63*Assumptions!$C$31*AA64 -> 0 | AG64: =X64*Assumptions!$C$37*Assumptions!$C$38 -> 102.73557 | AH64: =Z64*Assumptions!$C$44*Assumptions!$C$45 -> 17.122595 | AI64: =SUM(AB64:AH64) -> 2448.6474 | AJ64: =(S64*Assumptions!$C$28+T64*Assumptions!$C$30+U64*Assumptions!$C$31)*AA64+AG64+AH64 -> 2123.764 | AK64: =(AI64-AH64)*Assumptions!$C$49 -> 97.260994 | AL64: =(AC64+AE64+AF64)*Assumptions!$C$50 -> 13.961853 | AM64: =S64*Assumptions!$C$51+M64*Assumptions!$C$52 -> 31.002896 | AN64: =Assumptions!$C$53+Assumptions!$C$54*(S64+T64+U64) -> 282.18846 | AO64: =IF(C64>=2,Assumptions!$C$55,0) -> 100 | AP64: =E64*Assumptions!$C$60/60+F64*Assumptions!$C$61+J64*Assumptions!$C$62+(S64+T64)*Assumptions!$C$63+X64*Assumptions!$C$64+Z64*Assumptions!$C$65+U64*Assumptions!$C$66+Assumptions!$C$67*52/12 -> 95.573241 | AQ64: =IF(BC63=1,Assumptions!$C$69,Assumptions!$C$68)*52/12 -> 78 | AR64: =MAX(0,AP64-AQ64) -> 17.573241 | AS64: =AR64*Assumptions!$C$70*Assumptions!$C$71 -> 228.45213 | AT64: =Assumptions!$C$56/12 -> 100 | AU64: =IF(A64=1,Assumptions!$C$57,0)+Assumptions!$C$58 -> 60 | AV64: =IF(AND(Y64>0,Y64=A64),Assumptions!$C$46,0)+IF(Y64>0,Assumptions!$C$47,0) -> 75 | AW64: =AK64+AL64+AM64+AN64+AO64+AS64+AT64+AU64+AV64 -> 987.86633 | AX64: =AI64-AW64 -> 1460.7811 | AY64: =MAX(0,AX64)*Assumptions!$C$73 -> 438.23433 | AZ64: =AX64-AY64 -> 1022.5468 | BA64: =BA63+AZ64 -> 31657.846 | BB64: =IF(AZ64>=Assumptions!$C$74/12,BB63+1,0) -> 0 | BC64: =IF(OR(BC63=1,BB64>=3),1,0) -> 0 | BD64: =IF(AZ64>=Assumptions!$C$75/12,BD63+1,0) -> 0 | BE64: =AP64*12/52 -> 22.055363 | BF64: =AR64*12/52 -> 4.0553632 | BG64: =IF(AX64>0,A64,999) -> 60 | BH64: =IF(BB64>=3,A64,999) -> 999 | BI64: =IF(BD64>=3,A64,999) -> 999

Sheet Monthly Base
A1: Monthly: Base
A2: ESTIMATE | D2: Counts are averages, so they show decimals. Revenue and costs in USD. All formulas point at the Assumptions sheet.
A4: Month # | B4: Month | C4: Year | D4: DMs per day | E4: DMs sent | F4: Replies | G4: Sales ramp | H4: New from DMs | I4: Referrals | J4: New sales | K4: New Shop tier | L4: New Starter | M4: New Own it | N4: Starter refunds (30-day) | O4: Starters entering | P4: Finishing 12-mo min | Q4: Starter in minimum | R4: Starter past minimum | S4: Starter total | T4: Maps plan | U4: Shop tier | V4: Own it owners (all time) | W4: Churned (all plans) | X4: Growth barbers | Y4: Barber Pay live since month | Z4: Barber Pay barbers | AA4: Price multiplier | AB4: Rev: Starter start fees | AC4: Rev: Starter monthly | AD4: Rev: Own it | AE4: Rev: Maps plan | AF4: Rev: Shop tier | AG4: Rev: Growth fees | AH4: Rev: Barber Pay | AI4: Revenue | AJ4: MRR (end of month) | AK4: Cost: card fees | AL4: Cost: Stripe Billing | AM4: Cost: domains | AN4: Cost: tools | AO4: Cost: own-brand ads | AP4: Hours needed (month) | AQ4: Team hours available | AR4: VA hours | AS4: Cost: VA / contractor | AT4: Cost: accountant | AU4: Cost: LLC, agent, insurance | AV4: Cost: Barber Pay build + run | AW4: Total costs | AX4: Profit before tax | AY4: Tax set-aside (est.) | AZ4: After-tax take-home | BA4: Cumulative after-tax | BB4: Months in a row at goal | BC4: Freedom point reached | BD4: Months in a row at $100k pace | BE4: Hours per week needed | BF4: VA hours per week | BG4: Helper: profit month (999 = no) | BH4: Helper: goal month (999 = no) | BI4: Helper: $100k month (999 = no)
A5: 1 | B5: =DATE(2026,10+A5,1) -> 46327 | C5: =INT((A5-1)/12)+1 -> 1 | D5: =IF(C5=1,Assumptions!$D$7,IF(C5=2,Assumptions!$D$8,Assumptions!$D$9)) -> 15 | E5: =D5*Assumptions!$D$10 -> 315 | F5: =E5*Assumptions!$D$11 -> 25.2 | G5: =MIN(1,Assumptions!$D$13+(1-Assumptions!$D$13)*(A5-1)/Assumptions!$D$14) -> 0.5 | H5: =F5*Assumptions!$D$12*G5 -> 1.512 | I5: =Assumptions!$D$15*(0+0+0+0) -> 0 | J5: =H5+I5 -> 1.512 | K5: =J5*Assumptions!$D$18 -> 0 | L5: =(J5-K5)*Assumptions!$D$17 -> 1.0584 | M5: =J5-K5-L5 -> 0.4536 | N5: =L5*Assumptions!$D$19 -> 0.10584 | O5: =L5-N5 -> 0.95256 | P5: =0 -> 0 | Q5: =0*(1-Assumptions!$D$20)+O5-P5 -> 0.95256 | R5: =0*(1-Assumptions!$D$22)+P5*(1-Assumptions!$D$21) -> 0 | S5: =Q5+R5 -> 0.95256 | T5: =0*(1-Assumptions!$D$24)+M5*Assumptions!$D$23 -> 0.13608 | U5: =0*(1-Assumptions!$D$25)+K5 -> 0 | V5: =0+M5 -> 0.4536 | W5: =N5+0*Assumptions!$D$20+P5*Assumptions!$D$21+0*Assumptions!$D$22+0*Assumptions!$D$24+0*Assumptions!$D$25 -> 0.10584 | X5: =IF(A5<Assumptions!$D$34,0,Assumptions!$D$36*MIN(1,(A5-Assumptions!$D$34+1)/Assumptions!$D$35))*(S5+T5) -> 0 | Y5: =IF(AND(A5>=Assumptions!$D$41,0+0+0>=Assumptions!$D$40),A5,0) -> 0 | Z5: =IF(Y5>0,Assumptions!$D$42*MIN(1,(A5-Y5+1)/Assumptions!$D$43),0)*(S5+T5) -> 0 | AA5: =(1+Assumptions!$D$32)^(C5-1) -> 1 | AB5: =O5*Assumptions!$D$27*AA5 -> 94.30344 | AC5: =(0+0)*Assumptions!$D$28*AA5 -> 0 | AD5: =M5*Assumptions!$D$29*AA5 -> 226.3464 | AE5: =0*Assumptions!$D$30*AA5 -> 0 | AF5: =0*Assumptions!$D$31*AA5 -> 0 | AG5: =X5*Assumptions!$D$37*Assumptions!$D$38 -> 0 | AH5: =Z5*Assumptions!$D$44*Assumptions!$D$45 -> 0 | AI5: =SUM(AB5:AH5) -> 320.64984 | AJ5: =(S5*Assumptions!$D$28+T5*Assumptions!$D$30+U5*Assumptions!$D$31)*AA5+AG5+AH5 -> 105.05376 | AK5: =(AI5-AH5)*Assumptions!$D$49 -> 12.184694 | AL5: =(AC5+AE5+AF5)*Assumptions!$D$50 -> 0 | AM5: =S5*Assumptions!$D$51+M5*Assumptions!$D$52 -> 7.9947 | AN5: =Assumptions!$D$53+Assumptions!$D$54*(S5+T5+U5) -> 153.26592 | AO5: =IF(C5>=2,Assumptions!$D$55,0) -> 0 | AP5: =E5*Assumptions!$D$60/60+F5*Assumptions!$D$61+J5*Assumptions!$D$62+(S5+T5)*Assumptions!$D$63+X5*Assumptions!$D$64+Z5*Assumptions!$D$65+U5*Assumptions!$D$66+Assumptions!$D$67*52/12 -> 46.00696 | AQ5: =IF(0=1,Assumptions!$D$69,Assumptions!$D$68)*52/12 -> 108.33333 | AR5: =MAX(0,AP5-AQ5) -> 0 | AS5: =AR5*Assumptions!$D$70*Assumptions!$D$71 -> 0 | AT5: =Assumptions!$D$56/12 -> 75 | AU5: =IF(A5=1,Assumptions!$D$57,0)+Assumptions!$D$58 -> 345 | AV5: =IF(AND(Y5>0,Y5=A5),Assumptions!$D$46,0)+IF(Y5>0,Assumptions!$D$47,0) -> 0 | AW5: =AK5+AL5+AM5+AN5+AO5+AS5+AT5+AU5+AV5 -> 593.44531 | AX5: =AI5-AW5 -> -272.79547 | AY5: =MAX(0,AX5)*Assumptions!$D$73 -> 0 | AZ5: =AX5-AY5 -> -272.79547 | BA5: =0+AZ5 -> -272.79547 | BB5: =IF(AZ5>=Assumptions!$D$74/12,0+1,0) -> 0 | BC5: =IF(OR(0=1,BB5>=3),1,0) -> 0 | BD5: =IF(AZ5>=Assumptions!$D$75/12,0+1,0) -> 0 | BE5: =AP5*12/52 -> 10.616991 | BF5: =AR5*12/52 -> 0 | BG5: =IF(AX5>0,A5,999) -> 999 | BH5: =IF(BB5>=3,A5,999) -> 999 | BI5: =IF(BD5>=3,A5,999) -> 999
A6: 2 | B6: =DATE(2026,10+A6,1) -> 46357 | C6: =INT((A6-1)/12)+1 -> 1 | D6: =IF(C6=1,Assumptions!$D$7,IF(C6=2,Assumptions!$D$8,Assumptions!$D$9)) -> 15 | E6: =D6*Assumptions!$D$10 -> 315 | F6: =E6*Assumptions!$D$11 -> 25.2 | G6: =MIN(1,Assumptions!$D$13+(1-Assumptions!$D$13)*(A6-1)/Assumptions!$D$14) -> 0.58333333 | H6: =F6*Assumptions!$D$12*G6 -> 1.764 | I6: =Assumptions!$D$15*(Q5+R5+T5+U5) -> 0.0108864 | J6: =H6+I6 -> 1.7748864 | K6: =J6*Assumptions!$D$18 -> 0 | L6: =(J6-K6)*Assumptions!$D$17 -> 1.2424205 | M6: =J6-K6-L6 -> 0.53246592 | N6: =L6*Assumptions!$D$19 -> 0.12424205 | O6: =L6-N6 -> 1.1181784 | P6: =0 -> 0 | Q6: =Q5*(1-Assumptions!$D$20)+O6-P6 -> 2.0612128 | R6: =R5*(1-Assumptions!$D$22)+P6*(1-Assumptions!$D$21) -> 0 | S6: =Q6+R6 -> 2.0612128 | T6: =T5*(1-Assumptions!$D$24)+M6*Assumptions!$D$23 -> 0.28969618 | U6: =U5*(1-Assumptions!$D$25)+K6 -> 0 | V6: =V5+M6 -> 0.98606592 | W6: =N6+Q5*Assumptions!$D$20+P6*Assumptions!$D$21+R5*Assumptions!$D$22+T5*Assumptions!$D$24+U5*Assumptions!$D$25 -> 0.13989125 | X6: =IF(A6<Assumptions!$D$34,0,Assumptions!$D$36*MIN(1,(A6-Assumptions!$D$34+1)/Assumptions!$D$35))*(S6+T6) -> 0 | Y6: =IF(Y5>0,Y5,IF(AND(A6>=Assumptions!$D$41,Q5+R5+T5>=Assumptions!$D$40),A6,0)) -> 0 | Z6: =IF(Y6>0,Assumptions!$D$42*MIN(1,(A6-Y6+1)/Assumptions!$D$43),0)*(S6+T6) -> 0 | AA6: =(1+Assumptions!$D$32)^(C6-1) -> 1 | AB6: =O6*Assumptions!$D$27*AA6 -> 110.69966 | AC6: =(Q5+R5)*Assumptions!$D$28*AA6 -> 94.30344 | AD6: =M6*Assumptions!$D$29*AA6 -> 265.70049 | AE6: =T5*Assumptions!$D$30*AA6 -> 10.75032 | AF6: =U5*Assumptions!$D$31*AA6 -> 0 | AG6: =X6*Assumptions!$D$37*Assumptions!$D$38 -> 0 | AH6: =Z6*Assumptions!$D$44*Assumptions!$D$45 -> 0 | AI6: =SUM(AB6:AH6) -> 481.45392 | AJ6: =(S6*Assumptions!$D$28+T6*Assumptions!$D$30+U6*Assumptions!$D$31)*AA6+AG6+AH6 -> 226.94607 | AK6: =(AI6-AH6)*Assumptions!$D$49 -> 18.295249 | AL6: =(AC6+AE6+AF6)*Assumptions!$D$50 -> 0.73537632 | AM6: =S6*Assumptions!$D$51+M6*Assumptions!$D$52 -> 10.563505 | AN6: =Assumptions!$D$53+Assumptions!$D$54*(S6+T6+U6) -> 157.05273 | AO6: =IF(C6>=2,Assumptions!$D$55,0) -> 0 | AP6: =E6*Assumptions!$D$60/60+F6*Assumptions!$D$61+J6*Assumptions!$D$62+(S6+T6)*Assumptions!$D$63+X6*Assumptions!$D$64+Z6*Assumptions!$D$65+U6*Assumptions!$D$66+Assumptions!$D$67*52/12 -> 48.426136 | AQ6: =IF(BC5=1,Assumptions!$D$69,Assumptions!$D$68)*52/12 -> 108.33333 | AR6: =MAX(0,AP6-AQ6) -> 0 | AS6: =AR6*Assumptions!$D$70*Assumptions!$D$71 -> 0 | AT6: =Assumptions!$D$56/12 -> 75 | AU6: =IF(A6=1,Assumptions!$D$57,0)+Assumptions!$D$58 -> 45 | AV6: =IF(AND(Y6>0,Y6=A6),Assumptions!$D$46,0)+IF(Y6>0,Assumptions!$D$47,0) -> 0 | AW6: =AK6+AL6+AM6+AN6+AO6+AS6+AT6+AU6+AV6 -> 306.64686 | AX6: =AI6-AW6 -> 174.80706 | AY6: =MAX(0,AX6)*Assumptions!$D$73 -> 48.945977 | AZ6: =AX6-AY6 -> 125.86108 | BA6: =BA5+AZ6 -> -146.93439 | BB6: =IF(AZ6>=Assumptions!$D$74/12,BB5+1,0) -> 0 | BC6: =IF(OR(BC5=1,BB6>=3),1,0) -> 0 | BD6: =IF(AZ6>=Assumptions!$D$75/12,BD5+1,0) -> 0 | BE6: =AP6*12/52 -> 11.175262 | BF6: =AR6*12/52 -> 0 | BG6: =IF(AX6>0,A6,999) -> 2 | BH6: =IF(BB6>=3,A6,999) -> 999 | BI6: =IF(BD6>=3,A6,999) -> 999
A7: 3 | B7: =DATE(2026,10+A7,1) -> 46388 | C7: =INT((A7-1)/12)+1 -> 1 | D7: =IF(C7=1,Assumptions!$D$7,IF(C7=2,Assumptions!$D$8,Assumptions!$D$9)) -> 15 | E7: =D7*Assumptions!$D$10 -> 315 | F7: =E7*Assumptions!$D$11 -> 25.2 | G7: =MIN(1,Assumptions!$D$13+(1-Assumptions!$D$13)*(A7-1)/Assumptions!$D$14) -> 0.66666667 | H7: =F7*Assumptions!$D$12*G7 -> 2.016 | I7: =Assumptions!$D$15*(Q6+R6+T6+U6) -> 0.02350909 | J7: =H7+I7 -> 2.0395091 | K7: =J7*Assumptions!$D$18 -> 0 | L7: =(J7-K7)*Assumptions!$D$17 -> 1.4276564 | M7: =J7-K7-L7 -> 0.61185273 | N7: =L7*Assumptions!$D$19 -> 0.14276564 | O7: =L7-N7 -> 1.2848907 | P7: =0 -> 0 | Q7: =Q6*(1-Assumptions!$D$20)+O7-P7 -> 3.3254914 | R7: =R6*(1-Assumptions!$D$22)+P7*(1-Assumptions!$D$21) -> 0 | S7: =Q7+R7 -> 3.3254914 | T7: =T6*(1-Assumptions!$D$24)+M7*Assumptions!$D$23 -> 0.46021567 | U7: =U6*(1-Assumptions!$D$25)+K7 -> 0 | V7: =V6+M7 -> 1.5979186 | W7: =N7+Q6*Assumptions!$D$20+P7*Assumptions!$D$21+R6*Assumptions!$D$22+T6*Assumptions!$D$24+U6*Assumptions!$D$25 -> 0.17641409 | X7: =IF(A7<Assumptions!$D$34,0,Assumptions!$D$36*MIN(1,(A7-Assumptions!$D$34+1)/Assumptions!$D$35))*(S7+T7) -> 0 | Y7: =IF(Y6>0,Y6,IF(AND(A7>=Assumptions!$D$41,Q6+R6+T6>=Assumptions!$D$40),A7,0)) -> 0 | Z7: =IF(Y7>0,Assumptions!$D$42*MIN(1,(A7-Y7+1)/Assumptions!$D$43),0)*(S7+T7) -> 0 | AA7: =(1+Assumptions!$D$32)^(C7-1) -> 1 | AB7: =O7*Assumptions!$D$27*AA7 -> 127.20418 | AC7: =(Q6+R6)*Assumptions!$D$28*AA7 -> 204.06007 | AD7: =M7*Assumptions!$D$29*AA7 -> 305.31451 | AE7: =T6*Assumptions!$D$30*AA7 -> 22.885998 | AF7: =U6*Assumptions!$D$31*AA7 -> 0 | AG7: =X7*Assumptions!$D$37*Assumptions!$D$38 -> 0 | AH7: =Z7*Assumptions!$D$44*Assumptions!$D$45 -> 0 | AI7: =SUM(AB7:AH7) -> 659.46476 | AJ7: =(S7*Assumptions!$D$28+T7*Assumptions!$D$30+U7*Assumptions!$D$31)*AA7+AG7+AH7 -> 365.58069 | AK7: =(AI7-AH7)*Assumptions!$D$49 -> 25.059661 | AL7: =(AC7+AE7+AF7)*Assumptions!$D$50 -> 1.5886225 | AM7: =S7*Assumptions!$D$51+M7*Assumptions!$D$52 -> 13.334655 | AN7: =Assumptions!$D$53+Assumptions!$D$54*(S7+T7+U7) -> 161.35712 | AO7: =IF(C7>=2,Assumptions!$D$55,0) -> 0 | AP7: =E7*Assumptions!$D$60/60+F7*Assumptions!$D$61+J7*Assumptions!$D$62+(S7+T7)*Assumptions!$D$63+X7*Assumptions!$D$64+Z7*Assumptions!$D$65+U7*Assumptions!$D$66+Assumptions!$D$67*52/12 -> 51.107579 | AQ7: =IF(BC6=1,Assumptions!$D$69,Assumptions!$D$68)*52/12 -> 108.33333 | AR7: =MAX(0,AP7-AQ7) -> 0 | AS7: =AR7*Assumptions!$D$70*Assumptions!$D$71 -> 0 | AT7: =Assumptions!$D$56/12 -> 75 | AU7: =IF(A7=1,Assumptions!$D$57,0)+Assumptions!$D$58 -> 45 | AV7: =IF(AND(Y7>0,Y7=A7),Assumptions!$D$46,0)+IF(Y7>0,Assumptions!$D$47,0) -> 0 | AW7: =AK7+AL7+AM7+AN7+AO7+AS7+AT7+AU7+AV7 -> 321.34006 | AX7: =AI7-AW7 -> 338.1247 | AY7: =MAX(0,AX7)*Assumptions!$D$73 -> 94.674916 | AZ7: =AX7-AY7 -> 243.44978 | BA7: =BA6+AZ7 -> 96.515395 | BB7: =IF(AZ7>=Assumptions!$D$74/12,BB6+1,0) -> 0 | BC7: =IF(OR(BC6=1,BB7>=3),1,0) -> 0 | BD7: =IF(AZ7>=Assumptions!$D$75/12,BD6+1,0) -> 0 | BE7: =AP7*12/52 -> 11.794057 | BF7: =AR7*12/52 -> 0 | BG7: =IF(AX7>0,A7,999) -> 3 | BH7: =IF(BB7>=3,A7,999) -> 999 | BI7: =IF(BD7>=3,A7,999) -> 999
A8: 4 | B8: =DATE(2026,10+A8,1) -> 46419 | C8: =INT((A8-1)/12)+1 -> 1 | D8: =IF(C8=1,Assumptions!$D$7,IF(C8=2,Assumptions!$D$8,Assumptions!$D$9)) -> 15 | E8: =D8*Assumptions!$D$10 -> 315 | F8: =E8*Assumptions!$D$11 -> 25.2 | G8: =MIN(1,Assumptions!$D$13+(1-Assumptions!$D$13)*(A8-1)/Assumptions!$D$14) -> 0.75 | H8: =F8*Assumptions!$D$12*G8 -> 2.268 | I8: =Assumptions!$D$15*(Q7+R7+T7+U7) -> 0.037857071 | J8: =H8+I8 -> 2.3058571 | K8: =J8*Assumptions!$D$18 -> 0 | L8: =(J8-K8)*Assumptions!$D$17 -> 1.6140999 | M8: =J8-K8-L8 -> 0.69175712 | N8: =L8*Assumptions!$D$19 -> 0.16140999 | O8: =L8-N8 -> 1.45269 | P8: =0 -> 0 | Q8: =Q7*(1-Assumptions!$D$20)+O8-P8 -> 4.7449265 | R8: =R7*(1-Assumptions!$D$22)+P8*(1-Assumptions!$D$21) -> 0 | S8: =Q8+R8 -> 4.7449265 | T8: =T7*(1-Assumptions!$D$24)+M8*Assumptions!$D$23 -> 0.6470331 | U8: =U7*(1-Assumptions!$D$25)+K8 -> 0 | V8: =V7+M8 -> 2.2896758 | W8: =N8+Q7*Assumptions!$D$20+P8*Assumptions!$D$21+R7*Assumptions!$D$22+T7*Assumptions!$D$24+U7*Assumptions!$D$25 -> 0.21537461 | X8: =IF(A8<Assumptions!$D$34,0,Assumptions!$D$36*MIN(1,(A8-Assumptions!$D$34+1)/Assumptions!$D$35))*(S8+T8) -> 0.17973199 | Y8: =IF(Y7>0,Y7,IF(AND(A8>=Assumptions!$D$41,Q7+R7+T7>=Assumptions!$D$40),A8,0)) -> 0 | Z8: =IF(Y8>0,Assumptions!$D$42*MIN(1,(A8-Y8+1)/Assumptions!$D$43),0)*(S8+T8) -> 0 | AA8: =(1+Assumptions!$D$32)^(C8-1) -> 1 | AB8: =O8*Assumptions!$D$27*AA8 -> 143.81631 | AC8: =(Q7+R7)*Assumptions!$D$28*AA8 -> 329.22365 | AD8: =M8*Assumptions!$D$29*AA8 -> 345.1868 | AE8: =T7*Assumptions!$D$30*AA8 -> 36.357038 | AF8: =U7*Assumptions!$D$31*AA8 -> 0 | AG8: =X8*Assumptions!$D$37*Assumptions!$D$38 -> 12.581239 | AH8: =Z8*Assumptions!$D$44*Assumptions!$D$45 -> 0 | AI8: =SUM(AB8:AH8) -> 867.16504 | AJ8: =(S8*Assumptions!$D$28+T8*Assumptions!$D$30+U8*Assumptions!$D$31)*AA8+AG8+AH8 -> 533.44457 | AK8: =(AI8-AH8)*Assumptions!$D$49 -> 32.952271 | AL8: =(AC8+AE8+AF8)*Assumptions!$D$50 -> 2.5590648 | AM8: =S8*Assumptions!$D$51+M8*Assumptions!$D$52 -> 16.307515 | AN8: =Assumptions!$D$53+Assumptions!$D$54*(S8+T8+U8) -> 166.17588 | AO8: =IF(C8>=2,Assumptions!$D$55,0) -> 0 | AP8: =E8*Assumptions!$D$60/60+F8*Assumptions!$D$61+J8*Assumptions!$D$62+(S8+T8)*Assumptions!$D$63+X8*Assumptions!$D$64+Z8*Assumptions!$D$65+U8*Assumptions!$D$66+Assumptions!$D$67*52/12 -> 54.229385 | AQ8: =IF(BC7=1,Assumptions!$D$69,Assumptions!$D$68)*52/12 -> 108.33333 | AR8: =MAX(0,AP8-AQ8) -> 0 | AS8: =AR8*Assumptions!$D$70*Assumptions!$D$71 -> 0 | AT8: =Assumptions!$D$56/12 -> 75 | AU8: =IF(A8=1,Assumptions!$D$57,0)+Assumptions!$D$58 -> 45 | AV8: =IF(AND(Y8>0,Y8=A8),Assumptions!$D$46,0)+IF(Y8>0,Assumptions!$D$47,0) -> 0 | AW8: =AK8+AL8+AM8+AN8+AO8+AS8+AT8+AU8+AV8 -> 337.99473 | AX8: =AI8-AW8 -> 529.17031 | AY8: =MAX(0,AX8)*Assumptions!$D$73 -> 148.16769 | AZ8: =AX8-AY8 -> 381.00262 | BA8: =BA7+AZ8 -> 477.51802 | BB8: =IF(AZ8>=Assumptions!$D$74/12,BB7+1,0) -> 0 | BC8: =IF(OR(BC7=1,BB8>=3),1,0) -> 0 | BD8: =IF(AZ8>=Assumptions!$D$75/12,BD7+1,0) -> 0 | BE8: =AP8*12/52 -> 12.514474 | BF8: =AR8*12/52 -> 0 | BG8: =IF(AX8>0,A8,999) -> 4 | BH8: =IF(BB8>=3,A8,999) -> 999 | BI8: =IF(BD8>=3,A8,999) -> 999
A9: 5 | B9: =DATE(2026,10+A9,1) -> 46447 | C9: =INT((A9-1)/12)+1 -> 1 | D9: =IF(C9=1,Assumptions!$D$7,IF(C9=2,Assumptions!$D$8,Assumptions!$D$9)) -> 15 | E9: =D9*Assumptions!$D$10 -> 315 | F9: =E9*Assumptions!$D$11 -> 25.2 | G9: =MIN(1,Assumptions!$D$13+(1-Assumptions!$D$13)*(A9-1)/Assumptions!$D$14) -> 0.83333333 | H9: =F9*Assumptions!$D$12*G9 -> 2.52 | I9: =Assumptions!$D$15*(Q8+R8+T8+U8) -> 0.053919596 | J9: =H9+I9 -> 2.5739196 | K9: =J9*Assumptions!$D$18 -> 0 | L9: =(J9-K9)*Assumptions!$D$17 -> 1.8017437 | M9: =J9-K9-L9 -> 0.77217588 | N9: =L9*Assumptions!$D$19 -> 0.18017437 | O9: =L9-N9 -> 1.6215693 | P9: =0 -> 0 | Q9: =Q8*(1-Assumptions!$D$20)+O9-P9 -> 6.3190466 | R9: =R8*(1-Assumptions!$D$22)+P9*(1-Assumptions!$D$21) -> 0 | S9: =Q9+R9 -> 6.3190466 | T9: =T8*(1-Assumptions!$D$24)+M9*Assumptions!$D$23 -> 0.84956937 | U9: =U8*(1-Assumptions!$D$25)+K9 -> 0 | V9: =V8+M9 -> 3.0618516 | W9: =N9+Q8*Assumptions!$D$20+P9*Assumptions!$D$21+R8*Assumptions!$D$22+T8*Assumptions!$D$24+U8*Assumptions!$D$25 -> 0.25674013 | X9: =IF(A9<Assumptions!$D$34,0,Assumptions!$D$36*MIN(1,(A9-Assumptions!$D$34+1)/Assumptions!$D$35))*(S9+T9) -> 0.47790773 | Y9: =IF(Y8>0,Y8,IF(AND(A9>=Assumptions!$D$41,Q8+R8+T8>=Assumptions!$D$40),A9,0)) -> 0 | Z9: =IF(Y9>0,Assumptions!$D$42*MIN(1,(A9-Y9+1)/Assumptions!$D$43),0)*(S9+T9) -> 0 | AA9: =(1+Assumptions!$D$32)^(C9-1) -> 1 | AB9: =O9*Assumptions!$D$27*AA9 -> 160.53537 | AC9: =(Q8+R8)*Assumptions!$D$28*AA9 -> 469.74772 | AD9: =M9*Assumptions!$D$29*AA9 -> 385.31576 | AE9: =T8*Assumptions!$D$30*AA9 -> 51.115615 | AF9: =U8*Assumptions!$D$31*AA9 -> 0 | AG9: =X9*Assumptions!$D$37*Assumptions!$D$38 -> 33.453541 | AH9: =Z9*Assumptions!$D$44*Assumptions!$D$45 -> 0 | AI9: =SUM(AB9:AH9) -> 1100.168 | AJ9: =(S9*Assumptions!$D$28+T9*Assumptions!$D$30+U9*Assumptions!$D$31)*AA9+AG9+AH9 -> 726.15513 | AK9: =(AI9-AH9)*Assumptions!$D$49 -> 41.806384 | AL9: =(AC9+AE9+AF9)*Assumptions!$D$50 -> 3.6460433 | AM9: =S9*Assumptions!$D$51+M9*Assumptions!$D$52 -> 19.481446 | AN9: =Assumptions!$D$53+Assumptions!$D$54*(S9+T9+U9) -> 171.50585 | AO9: =IF(C9>=2,Assumptions!$D$55,0) -> 0 | AP9: =E9*Assumptions!$D$60/60+F9*Assumptions!$D$61+J9*Assumptions!$D$62+(S9+T9)*Assumptions!$D$63+X9*Assumptions!$D$64+Z9*Assumptions!$D$65+U9*Assumptions!$D$66+Assumptions!$D$67*52/12 -> 57.728671 | AQ9: =IF(BC8=1,Assumptions!$D$69,Assumptions!$D$68)*52/12 -> 108.33333 | AR9: =MAX(0,AP9-AQ9) -> 0 | AS9: =AR9*Assumptions!$D$70*Assumptions!$D$71 -> 0 | AT9: =Assumptions!$D$56/12 -> 75 | AU9: =IF(A9=1,Assumptions!$D$57,0)+Assumptions!$D$58 -> 45 | AV9: =IF(AND(Y9>0,Y9=A9),Assumptions!$D$46,0)+IF(Y9>0,Assumptions!$D$47,0) -> 0 | AW9: =AK9+AL9+AM9+AN9+AO9+AS9+AT9+AU9+AV9 -> 356.43972 | AX9: =AI9-AW9 -> 743.72828 | AY9: =MAX(0,AX9)*Assumptions!$D$73 -> 208.24392 | AZ9: =AX9-AY9 -> 535.48436 | BA9: =BA8+AZ9 -> 1013.0024 | BB9: =IF(AZ9>=Assumptions!$D$74/12,BB8+1,0) -> 0 | BC9: =IF(OR(BC8=1,BB9>=3),1,0) -> 0 | BD9: =IF(AZ9>=Assumptions!$D$75/12,BD8+1,0) -> 0 | BE9: =AP9*12/52 -> 13.322001 | BF9: =AR9*12/52 -> 0 | BG9: =IF(AX9>0,A9,999) -> 5 | BH9: =IF(BB9>=3,A9,999) -> 999 | BI9: =IF(BD9>=3,A9,999) -> 999
A10: 6 | B10: =DATE(2026,10+A10,1) -> 46478 | C10: =INT((A10-1)/12)+1 -> 1 | D10: =IF(C10=1,Assumptions!$D$7,IF(C10=2,Assumptions!$D$8,Assumptions!$D$9)) -> 15 | E10: =D10*Assumptions!$D$10 -> 315 | F10: =E10*Assumptions!$D$11 -> 25.2 | G10: =MIN(1,Assumptions!$D$13+(1-Assumptions!$D$13)*(A10-1)/Assumptions!$D$14) -> 0.91666667 | H10: =F10*Assumptions!$D$12*G10 -> 2.772 | I10: =Assumptions!$D$15*(Q9+R9+T9+U9) -> 0.071686159 | J10: =H10+I10 -> 2.8436862 | K10: =J10*Assumptions!$D$18 -> 0 | L10: =(J10-K10)*Assumptions!$D$17 -> 1.9905803 | M10: =J10-K10-L10 -> 0.85310585 | N10: =L10*Assumptions!$D$19 -> 0.19905803 | O10: =L10-N10 -> 1.7915223 | P10: =0 -> 0 | Q10: =Q9*(1-Assumptions!$D$20)+O10-P10 -> 8.0473784 | R10: =R9*(1-Assumptions!$D$22)+P10*(1-Assumptions!$D$21) -> 0 | S10: =Q10+R10 -> 8.0473784 | T10: =T9*(1-Assumptions!$D$24)+M10*Assumptions!$D$23 -> 1.0672705 | U10: =U9*(1-Assumptions!$D$25)+K10 -> 0 | V10: =V9+M10 -> 3.9149575 | W10: =N10+Q9*Assumptions!$D$20+P10*Assumptions!$D$21+R9*Assumptions!$D$22+T9*Assumptions!$D$24+U9*Assumptions!$D$25 -> 0.30047912 | X10: =IF(A10<Assumptions!$D$34,0,Assumptions!$D$36*MIN(1,(A10-Assumptions!$D$34+1)/Assumptions!$D$35))*(S10+T10) -> 0.91146489 | Y10: =IF(Y9>0,Y9,IF(AND(A10>=Assumptions!$D$41,Q9+R9+T9>=Assumptions!$D$40),A10,0)) -> 0 | Z10: =IF(Y10>0,Assumptions!$D$42*MIN(1,(A10-Y10+1)/Assumptions!$D$43),0)*(S10+T10) -> 0 | AA10: =(1+Assumptions!$D$32)^(C10-1) -> 1 | AB10: =O10*Assumptions!$D$27*AA10 -> 177.36071 | AC10: =(Q9+R9)*Assumptions!$D$28*AA10 -> 625.58561 | AD10: =M10*Assumptions!$D$29*AA10 -> 425.69982 | AE10: =T9*Assumptions!$D$30*AA10 -> 67.11598 | AF10: =U9*Assumptions!$D$31*AA10 -> 0 | AG10: =X10*Assumptions!$D$37*Assumptions!$D$38 -> 63.802542 | AH10: =Z10*Assumptions!$D$44*Assumptions!$D$45 -> 0 | AI10: =SUM(AB10:AH10) -> 1359.5647 | AJ10: =(S10*Assumptions!$D$28+T10*Assumptions!$D$30+U10*Assumptions!$D$31)*AA10+AG10+AH10 -> 944.80737 | AK10: =(AI10-AH10)*Assumptions!$D$49 -> 51.663457 | AL10: =(AC10+AE10+AF10)*Assumptions!$D$50 -> 4.8489111 | AM10: =S10*Assumptions!$D$51+M10*Assumptions!$D$52 -> 22.855811 | AN10: =Assumptions!$D$53+Assumptions!$D$54*(S10+T10+U10) -> 177.34395 | AO10: =IF(C10>=2,Assumptions!$D$55,0) -> 0 | AP10: =E10*Assumptions!$D$60/60+F10*Assumptions!$D$61+J10*Assumptions!$D$62+(S10+T10)*Assumptions!$D$63+X10*Assumptions!$D$64+Z10*Assumptions!$D$65+U10*Assumptions!$D$66+Assumptions!$D$67*52/12 -> 61.620811 | AQ10: =IF(BC9=1,Assumptions!$D$69,Assumptions!$D$68)*52/12 -> 108.33333 | AR10: =MAX(0,AP10-AQ10) -> 0 | AS10: =AR10*Assumptions!$D$70*Assumptions!$D$71 -> 0 | AT10: =Assumptions!$D$56/12 -> 75 | AU10: =IF(A10=1,Assumptions!$D$57,0)+Assumptions!$D$58 -> 45 | AV10: =IF(AND(Y10>0,Y10=A10),Assumptions!$D$46,0)+IF(Y10>0,Assumptions!$D$47,0) -> 0 | AW10: =AK10+AL10+AM10+AN10+AO10+AS10+AT10+AU10+AV10 -> 376.71213 | AX10: =AI10-AW10 -> 982.85253 | AY10: =MAX(0,AX10)*Assumptions!$D$73 -> 275.19871 | AZ10: =AX10-AY10 -> 707.65382 | BA10: =BA9+AZ10 -> 1720.6562 | BB10: =IF(AZ10>=Assumptions!$D$74/12,BB9+1,0) -> 0 | BC10: =IF(OR(BC9=1,BB10>=3),1,0) -> 0 | BD10: =IF(AZ10>=Assumptions!$D$75/12,BD9+1,0) -> 0 | BE10: =AP10*12/52 -> 14.220187 | BF10: =AR10*12/52 -> 0 | BG10: =IF(AX10>0,A10,999) -> 6 | BH10: =IF(BB10>=3,A10,999) -> 999 | BI10: =IF(BD10>=3,A10,999) -> 999
A11: 7 | B11: =DATE(2026,10+A11,1) -> 46508 | C11: =INT((A11-1)/12)+1 -> 1 | D11: =IF(C11=1,Assumptions!$D$7,IF(C11=2,Assumptions!$D$8,Assumptions!$D$9)) -> 15 | E11: =D11*Assumptions!$D$10 -> 315 | F11: =E11*Assumptions!$D$11 -> 25.2 | G11: =MIN(1,Assumptions!$D$13+(1-Assumptions!$D$13)*(A11-1)/Assumptions!$D$14) -> 1 | H11: =F11*Assumptions!$D$12*G11 -> 3.024 | I11: =Assumptions!$D$15*(Q10+R10+T10+U10) -> 0.091146489 | J11: =H11+I11 -> 3.1151465 | K11: =J11*Assumptions!$D$18 -> 0 | L11: =(J11-K11)*Assumptions!$D$17 -> 2.1806025 | M11: =J11-K11-L11 -> 0.93454395 | N11: =L11*Assumptions!$D$19 -> 0.21806025 | O11: =L11-N11 -> 1.9625423 | P11: =0 -> 0 | Q11: =Q10*(1-Assumptions!$D$20)+O11-P11 -> 9.9294469 | R11: =R10*(1-Assumptions!$D$22)+P11*(1-Assumptions!$D$21) -> 0 | S11: =Q11+R11 -> 9.9294469 | T11: =T10*(1-Assumptions!$D$24)+M11*Assumptions!$D$23 -> 1.2996065 | U11: =U10*(1-Assumptions!$D$25)+K11 -> 0 | V11: =V10+M11 -> 4.8495014 | W11: =N11+Q10*Assumptions!$D$20+P11*Assumptions!$D$21+R10*Assumptions!$D$22+T10*Assumptions!$D$24+U10*Assumptions!$D$25 -> 0.34656121 | X11: =IF(A11<Assumptions!$D$34,0,Assumptions!$D$36*MIN(1,(A11-Assumptions!$D$34+1)/Assumptions!$D$35))*(S11+T11) -> 1.4972071 | Y11: =IF(Y10>0,Y10,IF(AND(A11>=Assumptions!$D$41,Q10+R10+T10>=Assumptions!$D$40),A11,0)) -> 0 | Z11: =IF(Y11>0,Assumptions!$D$42*MIN(1,(A11-Y11+1)/Assumptions!$D$43),0)*(S11+T11) -> 0 | AA11: =(1+Assumptions!$D$32)^(C11-1) -> 1 | AB11: =O11*Assumptions!$D$27*AA11 -> 194.29169 | AC11: =(Q10+R10)*Assumptions!$D$28*AA11 -> 796.69046 | AD11: =M11*Assumptions!$D$29*AA11 -> 466.33743 | AE11: =T10*Assumptions!$D$30*AA11 -> 84.31437 | AF11: =U10*Assumptions!$D$31*AA11 -> 0 | AG11: =X11*Assumptions!$D$37*Assumptions!$D$38 -> 104.8045 | AH11: =Z11*Assumptions!$D$44*Assumptions!$D$45 -> 0 | AI11: =SUM(AB11:AH11) -> 1646.4384 | AJ11: =(S11*Assumptions!$D$28+T11*Assumptions!$D$30+U11*Assumptions!$D$31)*AA11+AG11+AH11 -> 1190.4887 | AK11: =(AI11-AH11)*Assumptions!$D$49 -> 62.564661 | AL11: =(AC11+AE11+AF11)*Assumptions!$D$50 -> 6.1670338 | AM11: =S11*Assumptions!$D$51+M11*Assumptions!$D$52 -> 26.429968 | AN11: =Assumptions!$D$53+Assumptions!$D$54*(S11+T11+U11) -> 183.68716 | AO11: =IF(C11>=2,Assumptions!$D$55,0) -> 0 | AP11: =E11*Assumptions!$D$60/60+F11*Assumptions!$D$61+J11*Assumptions!$D$62+(S11+T11)*Assumptions!$D$63+X11*Assumptions!$D$64+Z11*Assumptions!$D$65+U11*Assumptions!$D$66+Assumptions!$D$67*52/12 -> 65.92108 | AQ11: =IF(BC10=1,Assumptions!$D$69,Assumptions!$D$68)*52/12 -> 108.33333 | AR11: =MAX(0,AP11-AQ11) -> 0 | AS11: =AR11*Assumptions!$D$70*Assumptions!$D$71 -> 0 | AT11: =Assumptions!$D$56/12 -> 75 | AU11: =IF(A11=1,Assumptions!$D$57,0)+Assumptions!$D$58 -> 45 | AV11: =IF(AND(Y11>0,Y11=A11),Assumptions!$D$46,0)+IF(Y11>0,Assumptions!$D$47,0) -> 0 | AW11: =AK11+AL11+AM11+AN11+AO11+AS11+AT11+AU11+AV11 -> 398.84882 | AX11: =AI11-AW11 -> 1247.5896 | AY11: =MAX(0,AX11)*Assumptions!$D$73 -> 349.32509 | AZ11: =AX11-AY11 -> 898.26453 | BA11: =BA10+AZ11 -> 2618.9207 | BB11: =IF(AZ11>=Assumptions!$D$74/12,BB10+1,0) -> 0 | BC11: =IF(OR(BC10=1,BB11>=3),1,0) -> 0 | BD11: =IF(AZ11>=Assumptions!$D$75/12,BD10+1,0) -> 0 | BE11: =AP11*12/52 -> 15.212557 | BF11: =AR11*12/52 -> 0 | BG11: =IF(AX11>0,A11,999) -> 7 | BH11: =IF(BB11>=3,A11,999) -> 999 | BI11: =IF(BD11>=3,A11,999) -> 999
A12: 8 | B12: =DATE(2026,10+A12,1) -> 46539 | C12: =INT((A12-1)/12)+1 -> 1 | D12: =IF(C12=1,Assumptions!$D$7,IF(C12=2,Assumptions!$D$8,Assumptions!$D$9)) -> 15 | E12: =D12*Assumptions!$D$10 -> 315 | F12: =E12*Assumptions!$D$11 -> 25.2 | G12: =MIN(1,Assumptions!$D$13+(1-Assumptions!$D$13)*(A12-1)/Assumptions!$D$14) -> 1 | H12: =F12*Assumptions!$D$12*G12 -> 3.024 | I12: =Assumptions!$D$15*(Q11+R11+T11+U11) -> 0.11229053 | J12: =H12+I12 -> 3.1362905 | K12: =J12*Assumptions!$D$18 -> 0 | L12: =(J12-K12)*Assumptions!$D$17 -> 2.1954034 | M12: =J12-K12-L12 -> 0.94088716 | N12: =L12*Assumptions!$D$19 -> 0.21954034 | O12: =L12-N12 -> 1.975863 | P12: =0 -> 0 | Q12: =Q11*(1-Assumptions!$D$20)+O12-P12 -> 11.806015 | R12: =R11*(1-Assumptions!$D$22)+P12*(1-Assumptions!$D$21) -> 0 | S12: =Q12+R12 -> 11.806015 | T12: =T11*(1-Assumptions!$D$24)+M12*Assumptions!$D$23 -> 1.5233904 | U12: =U11*(1-Assumptions!$D$25)+K12 -> 0 | V12: =V11+M12 -> 5.7903886 | W12: =N12+Q11*Assumptions!$D$20+P12*Assumptions!$D$21+R11*Assumptions!$D$22+T11*Assumptions!$D$24+U11*Assumptions!$D$25 -> 0.3773171 | X12: =IF(A12<Assumptions!$D$34,0,Assumptions!$D$36*MIN(1,(A12-Assumptions!$D$34+1)/Assumptions!$D$35))*(S12+T12) -> 2.2215676 | Y12: =IF(Y11>0,Y11,IF(AND(A12>=Assumptions!$D$41,Q11+R11+T11>=Assumptions!$D$40),A12,0)) -> 0 | Z12: =IF(Y12>0,Assumptions!$D$42*MIN(1,(A12-Y12+1)/Assumptions!$D$43),0)*(S12+T12) -> 0 | AA12: =(1+Assumptions!$D$32)^(C12-1) -> 1 | AB12: =O12*Assumptions!$D$27*AA12 -> 195.61044 | AC12: =(Q11+R11)*Assumptions!$D$28*AA12 -> 983.01524 | AD12: =M12*Assumptions!$D$29*AA12 -> 469.50269 | AE12: =T11*Assumptions!$D$30*AA12 -> 102.66891 | AF12: =U11*Assumptions!$D$31*AA12 -> 0 | AG12: =X12*Assumptions!$D$37*Assumptions!$D$38 -> 155.50973 | AH12: =Z12*Assumptions!$D$44*Assumptions!$D$45 -> 0 | AI12: =SUM(AB12:AH12) -> 1906.307 | AJ12: =(S12*Assumptions!$D$28+T12*Assumptions!$D$30+U12*Assumptions!$D$31)*AA12+AG12+AH12 -> 1444.6531 | AK12: =(AI12-AH12)*Assumptions!$D$49 -> 72.439667 | AL12: =(AC12+AE12+AF12)*Assumptions!$D$50 -> 7.5997891 | AM12: =S12*Assumptions!$D$51+M12*Assumptions!$D$52 -> 28.870827 | AN12: =Assumptions!$D$53+Assumptions!$D$54*(S12+T12+U12) -> 189.98822 | AO12: =IF(C12>=2,Assumptions!$D$55,0) -> 0 | AP12: =E12*Assumptions!$D$60/60+F12*Assumptions!$D$61+J12*Assumptions!$D$62+(S12+T12)*Assumptions!$D$63+X12*Assumptions!$D$64+Z12*Assumptions!$D$65+U12*Assumptions!$D$66+Assumptions!$D$67*52/12 -> 69.838257 | AQ12: =IF(BC11=1,Assumptions!$D$69,Assumptions!$D$68)*52/12 -> 108.33333 | AR12: =MAX(0,AP12-AQ12) -> 0 | AS12: =AR12*Assumptions!$D$70*Assumptions!$D$71 -> 0 | AT12: =Assumptions!$D$56/12 -> 75 | AU12: =IF(A12=1,Assumptions!$D$57,0)+Assumptions!$D$58 -> 45 | AV12: =IF(AND(Y12>0,Y12=A12),Assumptions!$D$46,0)+IF(Y12>0,Assumptions!$D$47,0) -> 0 | AW12: =AK12+AL12+AM12+AN12+AO12+AS12+AT12+AU12+AV12 -> 418.8985 | AX12: =AI12-AW12 -> 1487.4085 | AY12: =MAX(0,AX12)*Assumptions!$D$73 -> 416.47439 | AZ12: =AX12-AY12 -> 1070.9341 | BA12: =BA11+AZ12 -> 3689.8549 | BB12: =IF(AZ12>=Assumptions!$D$74/12,BB11+1,0) -> 0 | BC12: =IF(OR(BC11=1,BB12>=3),1,0) -> 0 | BD12: =IF(AZ12>=Assumptions!$D$75/12,BD11+1,0) -> 0 | BE12: =AP12*12/52 -> 16.116521 | BF12: =AR12*12/52 -> 0 | BG12: =IF(AX12>0,A12,999) -> 8 | BH12: =IF(BB12>=3,A12,999) -> 999 | BI12: =IF(BD12>=3,A12,999) -> 999
A13: 9 | B13: =DATE(2026,10+A13,1) -> 46569 | C13: =INT((A13-1)/12)+1 -> 1 | D13: =IF(C13=1,Assumptions!$D$7,IF(C13=2,Assumptions!$D$8,Assumptions!$D$9)) -> 15 | E13: =D13*Assumptions!$D$10 -> 315 | F13: =E13*Assumptions!$D$11 -> 25.2 | G13: =MIN(1,Assumptions!$D$13+(1-Assumptions!$D$13)*(A13-1)/Assumptions!$D$14) -> 1 | H13: =F13*Assumptions!$D$12*G13 -> 3.024 | I13: =Assumptions!$D$15*(Q12+R12+T12+U12) -> 0.13329406 | J13: =H13+I13 -> 3.1572941 | K13: =J13*Assumptions!$D$18 -> 0 | L13: =(J13-K13)*Assumptions!$D$17 -> 2.2101058 | M13: =J13-K13-L13 -> 0.94718822 | N13: =L13*Assumptions!$D$19 -> 0.22101058 | O13: =L13-N13 -> 1.9890953 | P13: =0 -> 0 | Q13: =Q12*(1-Assumptions!$D$20)+O13-P13 -> 13.677051 | R13: =R12*(1-Assumptions!$D$22)+P13*(1-Assumptions!$D$21) -> 0 | S13: =Q13+R13 -> 13.677051 | T13: =T12*(1-Assumptions!$D$24)+M13*Assumptions!$D$23 -> 1.7389943 | U13: =U12*(1-Assumptions!$D$25)+K13 -> 0 | V13: =V12+M13 -> 6.7375768 | W13: =N13+Q12*Assumptions!$D$20+P13*Assumptions!$D$21+R12*Assumptions!$D$22+T12*Assumptions!$D$24+U12*Assumptions!$D$25 -> 0.40762331 | X13: =IF(A13<Assumptions!$D$34,0,Assumptions!$D$36*MIN(1,(A13-Assumptions!$D$34+1)/Assumptions!$D$35))*(S13+T13) -> 3.083209 | Y13: =IF(Y12>0,Y12,IF(AND(A13>=Assumptions!$D$41,Q12+R12+T12>=Assumptions!$D$40),A13,0)) -> 0 | Z13: =IF(Y13>0,Assumptions!$D$42*MIN(1,(A13-Y13+1)/Assumptions!$D$43),0)*(S13+T13) -> 0 | AA13: =(1+Assumptions!$D$32)^(C13-1) -> 1 | AB13: =O13*Assumptions!$D$27*AA13 -> 196.92043 | AC13: =(Q12+R12)*Assumptions!$D$28*AA13 -> 1168.7955 | AD13: =M13*Assumptions!$D$29*AA13 -> 472.64692 | AE13: =T12*Assumptions!$D$30*AA13 -> 120.34784 | AF13: =U12*Assumptions!$D$31*AA13 -> 0 | AG13: =X13*Assumptions!$D$37*Assumptions!$D$38 -> 215.82463 | AH13: =Z13*Assumptions!$D$44*Assumptions!$D$45 -> 0 | AI13: =SUM(AB13:AH13) -> 2174.5353 | AJ13: =(S13*Assumptions!$D$28+T13*Assumptions!$D$30+U13*Assumptions!$D$31)*AA13+AG13+AH13 -> 1707.2332 | AK13: =(AI13-AH13)*Assumptions!$D$49 -> 82.632343 | AL13: =(AC13+AE13+AF13)*Assumptions!$D$50 -> 9.0240036 | AM13: =S13*Assumptions!$D$51+M13*Assumptions!$D$52 -> 31.304136 | AN13: =Assumptions!$D$53+Assumptions!$D$54*(S13+T13+U13) -> 196.24813 | AO13: =IF(C13>=2,Assumptions!$D$55,0) -> 0 | AP13: =E13*Assumptions!$D$60/60+F13*Assumptions!$D$61+J13*Assumptions!$D$62+(S13+T13)*Assumptions!$D$63+X13*Assumptions!$D$64+Z13*Assumptions!$D$65+U13*Assumptions!$D$66+Assumptions!$D$67*52/12 -> 73.871864 | AQ13: =IF(BC12=1,Assumptions!$D$69,Assumptions!$D$68)*52/12 -> 108.33333 | AR13: =MAX(0,AP13-AQ13) -> 0 | AS13: =AR13*Assumptions!$D$70*Assumptions!$D$71 -> 0 | AT13: =Assumptions!$D$56/12 -> 75 | AU13: =IF(A13=1,Assumptions!$D$57,0)+Assumptions!$D$58 -> 45 | AV13: =IF(AND(Y13>0,Y13=A13),Assumptions!$D$46,0)+IF(Y13>0,Assumptions!$D$47,0) -> 0 | AW13: =AK13+AL13+AM13+AN13+AO13+AS13+AT13+AU13+AV13 -> 439.20862 | AX13: =AI13-AW13 -> 1735.3267 | AY13: =MAX(0,AX13)*Assumptions!$D$73 -> 485.89148 | AZ13: =AX13-AY13 -> 1249.4352 | BA13: =BA12+AZ13 -> 4939.2901 | BB13: =IF(AZ13>=Assumptions!$D$74/12,BB12+1,0) -> 0 | BC13: =IF(OR(BC12=1,BB13>=3),1,0) -> 0 | BD13: =IF(AZ13>=Assumptions!$D$75/12,BD12+1,0) -> 0 | BE13: =AP13*12/52 -> 17.047353 | BF13: =AR13*12/52 -> 0 | BG13: =IF(AX13>0,A13,999) -> 9 | BH13: =IF(BB13>=3,A13,999) -> 999 | BI13: =IF(BD13>=3,A13,999) -> 999
A14: 10 | B14: =DATE(2026,10+A14,1) -> 46600 | C14: =INT((A14-1)/12)+1 -> 1 | D14: =IF(C14=1,Assumptions!$D$7,IF(C14=2,Assumptions!$D$8,Assumptions!$D$9)) -> 15 | E14: =D14*Assumptions!$D$10 -> 315 | F14: =E14*Assumptions!$D$11 -> 25.2 | G14: =MIN(1,Assumptions!$D$13+(1-Assumptions!$D$13)*(A14-1)/Assumptions!$D$14) -> 1 | H14: =F14*Assumptions!$D$12*G14 -> 3.024 | I14: =Assumptions!$D$15*(Q13+R13+T13+U13) -> 0.15416045 | J14: =H14+I14 -> 3.1781604 | K14: =J14*Assumptions!$D$18 -> 0 | L14: =(J14-K14)*Assumptions!$D$17 -> 2.2247123 | M14: =J14-K14-L14 -> 0.95344813 | N14: =L14*Assumptions!$D$19 -> 0.22247123 | O14: =L14-N14 -> 2.0022411 | P14: =0 -> 0 | Q14: =Q13*(1-Assumptions!$D$20)+O14-P14 -> 15.542521 | R14: =R13*(1-Assumptions!$D$22)+P14*(1-Assumptions!$D$21) -> 0 | S14: =Q14+R14 -> 15.542521 | T14: =T13*(1-Assumptions!$D$24)+M14*Assumptions!$D$23 -> 1.946774 | U14: =U13*(1-Assumptions!$D$25)+K14 -> 0 | V14: =V13+M14 -> 7.691025 | W14: =N14+Q13*Assumptions!$D$20+P14*Assumptions!$D$21+R13*Assumptions!$D$22+T13*Assumptions!$D$24+U13*Assumptions!$D$25 -> 0.43749648 | X14: =IF(A14<Assumptions!$D$34,0,Assumptions!$D$36*MIN(1,(A14-Assumptions!$D$34+1)/Assumptions!$D$35))*(S14+T14) -> 3.497859 | Y14: =IF(Y13>0,Y13,IF(AND(A14>=Assumptions!$D$41,Q13+R13+T13>=Assumptions!$D$40),A14,0)) -> 0 | Z14: =IF(Y14>0,Assumptions!$D$42*MIN(1,(A14-Y14+1)/Assumptions!$D$43),0)*(S14+T14) -> 0 | AA14: =(1+Assumptions!$D$32)^(C14-1) -> 1 | AB14: =O14*Assumptions!$D$27*AA14 -> 198.22187 | AC14: =(Q13+R13)*Assumptions!$D$28*AA14 -> 1354.028 | AD14: =M14*Assumptions!$D$29*AA14 -> 475.77062 | AE14: =T13*Assumptions!$D$30*AA14 -> 137.38055 | AF14: =U13*Assumptions!$D$31*AA14 -> 0 | AG14: =X14*Assumptions!$D$37*Assumptions!$D$38 -> 244.85013 | AH14: =Z14*Assumptions!$D$44*Assumptions!$D$45 -> 0 | AI14: =SUM(AB14:AH14) -> 2410.2512 | AJ14: =(S14*Assumptions!$D$28+T14*Assumptions!$D$30+U14*Assumptions!$D$31)*AA14+AG14+AH14 -> 1937.3549 | AK14: =(AI14-AH14)*Assumptions!$D$49 -> 91.589544 | AL14: =(AC14+AE14+AF14)*Assumptions!$D$50 -> 10.43986 | AM14: =S14*Assumptions!$D$51+M14*Assumptions!$D$52 -> 33.729873 | AN14: =Assumptions!$D$53+Assumptions!$D$54*(S14+T14+U14) -> 202.46789 | AO14: =IF(C14>=2,Assumptions!$D$55,0) -> 0 | AP14: =E14*Assumptions!$D$60/60+F14*Assumptions!$D$61+J14*Assumptions!$D$62+(S14+T14)*Assumptions!$D$63+X14*Assumptions!$D$64+Z14*Assumptions!$D$65+U14*Assumptions!$D$66+Assumptions!$D$67*52/12 -> 77.438123 | AQ14: =IF(BC13=1,Assumptions!$D$69,Assumptions!$D$68)*52/12 -> 108.33333 | AR14: =MAX(0,AP14-AQ14) -> 0 | AS14: =AR14*Assumptions!$D$70*Assumptions!$D$71 -> 0 | AT14: =Assumptions!$D$56/12 -> 75 | AU14: =IF(A14=1,Assumptions!$D$57,0)+Assumptions!$D$58 -> 45 | AV14: =IF(AND(Y14>0,Y14=A14),Assumptions!$D$46,0)+IF(Y14>0,Assumptions!$D$47,0) -> 0 | AW14: =AK14+AL14+AM14+AN14+AO14+AS14+AT14+AU14+AV14 -> 458.22716 | AX14: =AI14-AW14 -> 1952.024 | AY14: =MAX(0,AX14)*Assumptions!$D$73 -> 546.56672 | AZ14: =AX14-AY14 -> 1405.4573 | BA14: =BA13+AZ14 -> 6344.7474 | BB14: =IF(AZ14>=Assumptions!$D$74/12,BB13+1,0) -> 0 | BC14: =IF(OR(BC13=1,BB14>=3),1,0) -> 0 | BD14: =IF(AZ14>=Assumptions!$D$75/12,BD13+1,0) -> 0 | BE14: =AP14*12/52 -> 17.870336 | BF14: =AR14*12/52 -> 0 | BG14: =IF(AX14>0,A14,999) -> 10 | BH14: =IF(BB14>=3,A14,999) -> 999 | BI14: =IF(BD14>=3,A14,999) -> 999
A15: 11 | B15: =DATE(2026,10+A15,1) -> 46631 | C15: =INT((A15-1)/12)+1 -> 1 | D15: =IF(C15=1,Assumptions!$D$7,IF(C15=2,Assumptions!$D$8,Assumptions!$D$9)) -> 15 | E15: =D15*Assumptions!$D$10 -> 315 | F15: =E15*Assumptions!$D$11 -> 25.2 | G15: =MIN(1,Assumptions!$D$13+(1-Assumptions!$D$13)*(A15-1)/Assumptions!$D$14) -> 1 | H15: =F15*Assumptions!$D$12*G15 -> 3.024 | I15: =Assumptions!$D$15*(Q14+R14+T14+U14) -> 0.17489295 | J15: =H15+I15 -> 3.198893 | K15: =J15*Assumptions!$D$18 -> 0 | L15: =(J15-K15)*Assumptions!$D$17 -> 2.2392251 | M15: =J15-K15-L15 -> 0.95966789 | N15: =L15*Assumptions!$D$19 -> 0.22392251 | O15: =L15-N15 -> 2.0153026 | P15: =0 -> 0 | Q15: =Q14*(1-Assumptions!$D$20)+O15-P15 -> 17.402398 | R15: =R14*(1-Assumptions!$D$22)+P15*(1-Assumptions!$D$21) -> 0 | S15: =Q15+R15 -> 17.402398 | T15: =T14*(1-Assumptions!$D$24)+M15*Assumptions!$D$23 -> 2.1470695 | U15: =U14*(1-Assumptions!$D$25)+K15 -> 0 | V15: =V14+M15 -> 8.6506928 | W15: =N15+Q14*Assumptions!$D$20+P15*Assumptions!$D$21+R14*Assumptions!$D$22+T14*Assumptions!$D$24+U14*Assumptions!$D$25 -> 0.46695255 | X15: =IF(A15<Assumptions!$D$34,0,Assumptions!$D$36*MIN(1,(A15-Assumptions!$D$34+1)/Assumptions!$D$35))*(S15+T15) -> 3.9098936 | Y15: =IF(Y14>0,Y14,IF(AND(A15>=Assumptions!$D$41,Q14+R14+T14>=Assumptions!$D$40),A15,0)) -> 0 | Z15: =IF(Y15>0,Assumptions!$D$42*MIN(1,(A15-Y15+1)/Assumptions!$D$43),0)*(S15+T15) -> 0 | AA15: =(1+Assumptions!$D$32)^(C15-1) -> 1 | AB15: =O15*Assumptions!$D$27*AA15 -> 199.51495 | AC15: =(Q14+R14)*Assumptions!$D$28*AA15 -> 1538.7096 | AD15: =M15*Assumptions!$D$29*AA15 -> 478.87427 | AE15: =T14*Assumptions!$D$30*AA15 -> 153.79514 | AF15: =U14*Assumptions!$D$31*AA15 -> 0 | AG15: =X15*Assumptions!$D$37*Assumptions!$D$38 -> 273.69255 | AH15: =Z15*Assumptions!$D$44*Assumptions!$D$45 -> 0 | AI15: =SUM(AB15:AH15) -> 2644.5865 | AJ15: =(S15*Assumptions!$D$28+T15*Assumptions!$D$30+U15*Assumptions!$D$31)*AA15+AG15+AH15 -> 2166.1485 | AK15: =(AI15-AH15)*Assumptions!$D$49 -> 100.49429 | AL15: =(AC15+AE15+AF15)*Assumptions!$D$50 -> 11.847533 | AM15: =S15*Assumptions!$D$51+M15*Assumptions!$D$52 -> 36.148016 | AN15: =Assumptions!$D$53+Assumptions!$D$54*(S15+T15+U15) -> 208.6484 | AO15: =IF(C15>=2,Assumptions!$D$55,0) -> 0 | AP15: =E15*Assumptions!$D$60/60+F15*Assumptions!$D$61+J15*Assumptions!$D$62+(S15+T15)*Assumptions!$D$63+X15*Assumptions!$D$64+Z15*Assumptions!$D$65+U15*Assumptions!$D$66+Assumptions!$D$67*52/12 -> 80.981881 | AQ15: =IF(BC14=1,Assumptions!$D$69,Assumptions!$D$68)*52/12 -> 108.33333 | AR15: =MAX(0,AP15-AQ15) -> 0 | AS15: =AR15*Assumptions!$D$70*Assumptions!$D$71 -> 0 | AT15: =Assumptions!$D$56/12 -> 75 | AU15: =IF(A15=1,Assumptions!$D$57,0)+Assumptions!$D$58 -> 45 | AV15: =IF(AND(Y15>0,Y15=A15),Assumptions!$D$46,0)+IF(Y15>0,Assumptions!$D$47,0) -> 0 | AW15: =AK15+AL15+AM15+AN15+AO15+AS15+AT15+AU15+AV15 -> 477.13824 | AX15: =AI15-AW15 -> 2167.4483 | AY15: =MAX(0,AX15)*Assumptions!$D$73 -> 606.88552 | AZ15: =AX15-AY15 -> 1560.5628 | BA15: =BA14+AZ15 -> 7905.3101 | BB15: =IF(AZ15>=Assumptions!$D$74/12,BB14+1,0) -> 0 | BC15: =IF(OR(BC14=1,BB15>=3),1,0) -> 0 | BD15: =IF(AZ15>=Assumptions!$D$75/12,BD14+1,0) -> 0 | BE15: =AP15*12/52 -> 18.688126 | BF15: =AR15*12/52 -> 0 | BG15: =IF(AX15>0,A15,999) -> 11 | BH15: =IF(BB15>=3,A15,999) -> 999 | BI15: =IF(BD15>=3,A15,999) -> 999
A16: 12 | B16: =DATE(2026,10+A16,1) -> 46661 | C16: =INT((A16-1)/12)+1 -> 1 | D16: =IF(C16=1,Assumptions!$D$7,IF(C16=2,Assumptions!$D$8,Assumptions!$D$9)) -> 15 | E16: =D16*Assumptions!$D$10 -> 315 | F16: =E16*Assumptions!$D$11 -> 25.2 | G16: =MIN(1,Assumptions!$D$13+(1-Assumptions!$D$13)*(A16-1)/Assumptions!$D$14) -> 1 | H16: =F16*Assumptions!$D$12*G16 -> 3.024 | I16: =Assumptions!$D$15*(Q15+R15+T15+U15) -> 0.19549468 | J16: =H16+I16 -> 3.2194947 | K16: =J16*Assumptions!$D$18 -> 0 | L16: =(J16-K16)*Assumptions!$D$17 -> 2.2536463 | M16: =J16-K16-L16 -> 0.9658484 | N16: =L16*Assumptions!$D$19 -> 0.22536463 | O16: =L16-N16 -> 2.0282816 | P16: =0 -> 0 | Q16: =Q15*(1-Assumptions!$D$20)+O16-P16 -> 19.256656 | R16: =R15*(1-Assumptions!$D$22)+P16*(1-Assumptions!$D$21) -> 0 | S16: =Q16+R16 -> 19.256656 | T16: =T15*(1-Assumptions!$D$24)+M16*Assumptions!$D$23 -> 2.3402059 | U16: =U15*(1-Assumptions!$D$25)+K16 -> 0 | V16: =V15+M16 -> 9.6165412 | W16: =N16+Q15*Assumptions!$D$20+P16*Assumptions!$D$21+R15*Assumptions!$D$22+T15*Assumptions!$D$24+U15*Assumptions!$D$25 -> 0.49600674 | X16: =IF(A16<Assumptions!$D$34,0,Assumptions!$D$36*MIN(1,(A16-Assumptions!$D$34+1)/Assumptions!$D$35))*(S16+T16) -> 4.3193724 | Y16: =IF(Y15>0,Y15,IF(AND(A16>=Assumptions!$D$41,Q15+R15+T15>=Assumptions!$D$40),A16,0)) -> 0 | Z16: =IF(Y16>0,Assumptions!$D$42*MIN(1,(A16-Y16+1)/Assumptions!$D$43),0)*(S16+T16) -> 0 | AA16: =(1+Assumptions!$D$32)^(C16-1) -> 1 | AB16: =O16*Assumptions!$D$27*AA16 -> 200.79988 | AC16: =(Q15+R15)*Assumptions!$D$28*AA16 -> 1722.8374 | AD16: =M16*Assumptions!$D$29*AA16 -> 481.95835 | AE16: =T15*Assumptions!$D$30*AA16 -> 169.61849 | AF16: =U15*Assumptions!$D$31*AA16 -> 0 | AG16: =X16*Assumptions!$D$37*Assumptions!$D$38 -> 302.35607 | AH16: =Z16*Assumptions!$D$44*Assumptions!$D$45 -> 0 | AI16: =SUM(AB16:AH16) -> 2877.5702 | AJ16: =(S16*Assumptions!$D$28+T16*Assumptions!$D$30+U16*Assumptions!$D$31)*AA16+AG16+AH16 -> 2393.6413 | AK16: =(AI16-AH16)*Assumptions!$D$49 -> 109.34767 | AL16: =(AC16+AE16+AF16)*Assumptions!$D$50 -> 13.247192 | AM16: =S16*Assumptions!$D$51+M16*Assumptions!$D$52 -> 38.558546 | AN16: =Assumptions!$D$53+Assumptions!$D$54*(S16+T16+U16) -> 214.79059 | AO16: =IF(C16>=2,Assumptions!$D$55,0) -> 0 | AP16: =E16*Assumptions!$D$60/60+F16*Assumptions!$D$61+J16*Assumptions!$D$62+(S16+T16)*Assumptions!$D$63+X16*Assumptions!$D$64+Z16*Assumptions!$D$65+U16*Assumptions!$D$66+Assumptions!$D$67*52/12 -> 84.503655 | AQ16: =IF(BC15=1,Assumptions!$D$69,Assumptions!$D$68)*52/12 -> 108.33333 | AR16: =MAX(0,AP16-AQ16) -> 0 | AS16: =AR16*Assumptions!$D$70*Assumptions!$D$71 -> 0 | AT16: =Assumptions!$D$56/12 -> 75 | AU16: =IF(A16=1,Assumptions!$D$57,0)+Assumptions!$D$58 -> 45 | AV16: =IF(AND(Y16>0,Y16=A16),Assumptions!$D$46,0)+IF(Y16>0,Assumptions!$D$47,0) -> 0 | AW16: =AK16+AL16+AM16+AN16+AO16+AS16+AT16+AU16+AV16 -> 495.94399 | AX16: =AI16-AW16 -> 2381.6263 | AY16: =MAX(0,AX16)*Assumptions!$D$73 -> 666.85535 | AZ16: =AX16-AY16 -> 1714.7709 | BA16: =BA15+AZ16 -> 9620.081 | BB16: =IF(AZ16>=Assumptions!$D$74/12,BB15+1,0) -> 0 | BC16: =IF(OR(BC15=1,BB16>=3),1,0) -> 0 | BD16: =IF(AZ16>=Assumptions!$D$75/12,BD15+1,0) -> 0 | BE16: =AP16*12/52 -> 19.500843 | BF16: =AR16*12/52 -> 0 | BG16: =IF(AX16>0,A16,999) -> 12 | BH16: =IF(BB16>=3,A16,999) -> 999 | BI16: =IF(BD16>=3,A16,999) -> 999
A17: 13 | B17: =DATE(2026,10+A17,1) -> 46692 | C17: =INT((A17-1)/12)+1 -> 2 | D17: =IF(C17=1,Assumptions!$D$7,IF(C17=2,Assumptions!$D$8,Assumptions!$D$9)) -> 20 | E17: =D17*Assumptions!$D$10 -> 420 | F17: =E17*Assumptions!$D$11 -> 33.6 | G17: =MIN(1,Assumptions!$D$13+(1-Assumptions!$D$13)*(A17-1)/Assumptions!$D$14) -> 1 | H17: =F17*Assumptions!$D$12*G17 -> 4.032 | I17: =Assumptions!$D$15*(Q16+R16+T16+U16) -> 0.21596862 | J17: =H17+I17 -> 4.2479686 | K17: =J17*Assumptions!$D$18 -> 0 | L17: =(J17-K17)*Assumptions!$D$17 -> 2.973578 | M17: =J17-K17-L17 -> 1.2743906 | N17: =L17*Assumptions!$D$19 -> 0.2973578 | O17: =L17-N17 -> 2.6762202 | P17: =O5*(1-Assumptions!$D$20)^12 -> 0.84433477 | Q17: =Q16*(1-Assumptions!$D$20)+O17-P17 -> 20.895975 | R17: =R16*(1-Assumptions!$D$22)+P17*(1-Assumptions!$D$21) -> 0.67546782 | S17: =Q17+R17 -> 21.571443 | T17: =T16*(1-Assumptions!$D$24)+M17*Assumptions!$D$23 -> 2.6172138 | U17: =U16*(1-Assumptions!$D$25)+K17 -> 0 | V17: =V16+M17 -> 10.890932 | W17: =N17+Q16*Assumptions!$D$20+P17*Assumptions!$D$21+R16*Assumptions!$D$22+T16*Assumptions!$D$24+U16*Assumptions!$D$25 -> 0.76410058 | X17: =IF(A17<Assumptions!$D$34,0,Assumptions!$D$36*MIN(1,(A17-Assumptions!$D$34+1)/Assumptions!$D$35))*(S17+T17) -> 4.8377313 | Y17: =IF(Y16>0,Y16,IF(AND(A17>=Assumptions!$D$41,Q16+R16+T16>=Assumptions!$D$40),A17,0)) -> 13 | Z17: =IF(Y17>0,Assumptions!$D$42*MIN(1,(A17-Y17+1)/Assumptions!$D$43),0)*(S17+T17) -> 0.60471642 | AA17: =(1+Assumptions!$D$32)^(C17-1) -> 1.03 | AB17: =O17*Assumptions!$D$27*AA17 -> 272.89418 | AC17: =(Q16+R16)*Assumptions!$D$28*AA17 -> 1963.6012 | AD17: =M17*Assumptions!$D$29*AA17 -> 654.99853 | AE17: =T16*Assumptions!$D$30*AA17 -> 190.42255 | AF17: =U16*Assumptions!$D$31*AA17 -> 0 | AG17: =X17*Assumptions!$D$37*Assumptions!$D$38 -> 338.64119 | AH17: =Z17*Assumptions!$D$44*Assumptions!$D$45 -> 18.141492 | AI17: =SUM(AB17:AH17) -> 3438.6992 | AJ17: =(S17*Assumptions!$D$28+T17*Assumptions!$D$30+U17*Assumptions!$D$31)*AA17+AG17+AH17 -> 2769.3854 | AK17: =(AI17-AH17)*Assumptions!$D$49 -> 129.98119 | AL17: =(AC17+AE17+AF17)*Assumptions!$D$50 -> 15.078166 | AM17: =S17*Assumptions!$D$51+M17*Assumptions!$D$52 -> 46.080162 | AN17: =Assumptions!$D$53+Assumptions!$D$54*(S17+T17+U17) -> 222.56597 | AO17: =IF(C17>=2,Assumptions!$D$55,0) -> 100 | AP17: =E17*Assumptions!$D$60/60+F17*Assumptions!$D$61+J17*Assumptions!$D$62+(S17+T17)*Assumptions!$D$63+X17*Assumptions!$D$64+Z17*Assumptions!$D$65+U17*Assumptions!$D$66+Assumptions!$D$67*52/12 -> 100.56783 | AQ17: =IF(BC16=1,Assumptions!$D$69,Assumptions!$D$68)*52/12 -> 108.33333 | AR17: =MAX(0,AP17-AQ17) -> 0 | AS17: =AR17*Assumptions!$D$70*Assumptions!$D$71 -> 0 | AT17: =Assumptions!$D$56/12 -> 75 | AU17: =IF(A17=1,Assumptions!$D$57,0)+Assumptions!$D$58 -> 45 | AV17: =IF(AND(Y17>0,Y17=A17),Assumptions!$D$46,0)+IF(Y17>0,Assumptions!$D$47,0) -> 3050 | AW17: =AK17+AL17+AM17+AN17+AO17+AS17+AT17+AU17+AV17 -> 3683.7055 | AX17: =AI17-AW17 -> -245.00632 | AY17: =MAX(0,AX17)*Assumptions!$D$73 -> 0 | AZ17: =AX17-AY17 -> -245.00632 | BA17: =BA16+AZ17 -> 9375.0747 | BB17: =IF(AZ17>=Assumptions!$D$74/12,BB16+1,0) -> 0 | BC17: =IF(OR(BC16=1,BB17>=3),1,0) -> 0 | BD17: =IF(AZ17>=Assumptions!$D$75/12,BD16+1,0) -> 0 | BE17: =AP17*12/52 -> 23.207961 | BF17: =AR17*12/52 -> 0 | BG17: =IF(AX17>0,A17,999) -> 999 | BH17: =IF(BB17>=3,A17,999) -> 999 | BI17: =IF(BD17>=3,A17,999) -> 999
A18: 14 | B18: =DATE(2026,10+A18,1) -> 46722 | C18: =INT((A18-1)/12)+1 -> 2 | D18: =IF(C18=1,Assumptions!$D$7,IF(C18=2,Assumptions!$D$8,Assumptions!$D$9)) -> 20 | E18: =D18*Assumptions!$D$10 -> 420 | F18: =E18*Assumptions!$D$11 -> 33.6 | G18: =MIN(1,Assumptions!$D$13+(1-Assumptions!$D$13)*(A18-1)/Assumptions!$D$14) -> 1 | H18: =F18*Assumptions!$D$12*G18 -> 4.032 | I18: =Assumptions!$D$15*(Q17+R17+T17+U17) -> 0.24188657 | J18: =H18+I18 -> 4.2738866 | K18: =J18*Assumptions!$D$18 -> 0 | L18: =(J18-K18)*Assumptions!$D$17 -> 2.9917206 | M18: =J18-K18-L18 -> 1.282166 | N18: =L18*Assumptions!$D$19 -> 0.29917206 | O18: =L18-N18 -> 2.6925485 | P18: =O6*(1-Assumptions!$D$20)^12 -> 0.99113645 | Q18: =Q17*(1-Assumptions!$D$20)+O18-P18 -> 22.388427 | R18: =R17*(1-Assumptions!$D$22)+P18*(1-Assumptions!$D$21) -> 1.4447356 | S18: =Q18+R18 -> 23.833163 | T18: =T17*(1-Assumptions!$D$24)+M18*Assumptions!$D$23 -> 2.884089 | U18: =U17*(1-Assumptions!$D$25)+K18 -> 0 | V18: =V17+M18 -> 12.173098 | W18: =N18+Q17*Assumptions!$D$20+P18*Assumptions!$D$21+R17*Assumptions!$D$22+T17*Assumptions!$D$24+U17*Assumptions!$D$25 -> 0.84777509 | X18: =IF(A18<Assumptions!$D$34,0,Assumptions!$D$36*MIN(1,(A18-Assumptions!$D$34+1)/Assumptions!$D$35))*(S18+T18) -> 5.3434504 | Y18: =IF(Y17>0,Y17,IF(AND(A18>=Assumptions!$D$41,Q17+R17+T17>=Assumptions!$D$40),A18,0)) -> 13 | Z18: =IF(Y18>0,Assumptions!$D$42*MIN(1,(A18-Y18+1)/Assumptions!$D$43),0)*(S18+T18) -> 1.3358626 | AA18: =(1+Assumptions!$D$32)^(C18-1) -> 1.03 | AB18: =O18*Assumptions!$D$27*AA18 -> 274.55917 | AC18: =(Q17+R17)*Assumptions!$D$28*AA18 -> 2199.64 | AD18: =M18*Assumptions!$D$29*AA18 -> 658.99484 | AE18: =T17*Assumptions!$D$30*AA18 -> 212.96269 | AF18: =U17*Assumptions!$D$31*AA18 -> 0 | AG18: =X18*Assumptions!$D$37*Assumptions!$D$38 -> 374.04153 | AH18: =Z18*Assumptions!$D$44*Assumptions!$D$45 -> 40.075878 | AI18: =SUM(AB18:AH18) -> 3760.2741 | AJ18: =(S18*Assumptions!$D$28+T18*Assumptions!$D$30+U18*Assumptions!$D$31)*AA18+AG18+AH18 -> 3079.0634 | AK18: =(AI18-AH18)*Assumptions!$D$49 -> 141.36753 | AL18: =(AC18+AE18+AF18)*Assumptions!$D$50 -> 16.888219 | AM18: =S18*Assumptions!$D$51+M18*Assumptions!$D$52 -> 49.023943 | AN18: =Assumptions!$D$53+Assumptions!$D$54*(S18+T18+U18) -> 230.15176 | AO18: =IF(C18>=2,Assumptions!$D$55,0) -> 100 | AP18: =E18*Assumptions!$D$60/60+F18*Assumptions!$D$61+J18*Assumptions!$D$62+(S18+T18)*Assumptions!$D$63+X18*Assumptions!$D$64+Z18*Assumptions!$D$65+U18*Assumptions!$D$66+Assumptions!$D$67*52/12 -> 105.10107 | AQ18: =IF(BC17=1,Assumptions!$D$69,Assumptions!$D$68)*52/12 -> 108.33333 | AR18: =MAX(0,AP18-AQ18) -> 0 | AS18: =AR18*Assumptions!$D$70*Assumptions!$D$71 -> 0 | AT18: =Assumptions!$D$56/12 -> 75 | AU18: =IF(A18=1,Assumptions!$D$57,0)+Assumptions!$D$58 -> 45 | AV18: =IF(AND(Y18>0,Y18=A18),Assumptions!$D$46,0)+IF(Y18>0,Assumptions!$D$47,0) -> 50 | AW18: =AK18+AL18+AM18+AN18+AO18+AS18+AT18+AU18+AV18 -> 707.43145 | AX18: =AI18-AW18 -> 3052.8427 | AY18: =MAX(0,AX18)*Assumptions!$D$73 -> 854.79595 | AZ18: =AX18-AY18 -> 2198.0467 | BA18: =BA17+AZ18 -> 11573.121 | BB18: =IF(AZ18>=Assumptions!$D$74/12,BB17+1,0) -> 0 | BC18: =IF(OR(BC17=1,BB18>=3),1,0) -> 0 | BD18: =IF(AZ18>=Assumptions!$D$75/12,BD17+1,0) -> 0 | BE18: =AP18*12/52 -> 24.254092 | BF18: =AR18*12/52 -> 0 | BG18: =IF(AX18>0,A18,999) -> 14 | BH18: =IF(BB18>=3,A18,999) -> 999 | BI18: =IF(BD18>=3,A18,999) -> 999
A19: 15 | B19: =DATE(2026,10+A19,1) -> 46753 | C19: =INT((A19-1)/12)+1 -> 2 | D19: =IF(C19=1,Assumptions!$D$7,IF(C19=2,Assumptions!$D$8,Assumptions!$D$9)) -> 20 | E19: =D19*Assumptions!$D$10 -> 420 | F19: =E19*Assumptions!$D$11 -> 33.6 | G19: =MIN(1,Assumptions!$D$13+(1-Assumptions!$D$13)*(A19-1)/Assumptions!$D$14) -> 1 | H19: =F19*Assumptions!$D$12*G19 -> 4.032 | I19: =Assumptions!$D$15*(Q18+R18+T18+U18) -> 0.26717252 | J19: =H19+I19 -> 4.2991725 | K19: =J19*Assumptions!$D$18 -> 0 | L19: =(J19-K19)*Assumptions!$D$17 -> 3.0094208 | M19: =J19-K19-L19 -> 1.2897518 | N19: =L19*Assumptions!$D$19 -> 0.30094208 | O19: =L19-N19 -> 2.7084787 | P19: =O7*(1-Assumptions!$D$20)^12 -> 1.1389077 | Q19: =Q18*(1-Assumptions!$D$20)+O19-P19 -> 23.734114 | R19: =R18*(1-Assumptions!$D$22)+P19*(1-Assumptions!$D$21) -> 2.305296 | S19: =Q19+R19 -> 26.03941 | T19: =T18*(1-Assumptions!$D$24)+M19*Assumptions!$D$23 -> 3.1412305 | U19: =U18*(1-Assumptions!$D$25)+K19 -> 0 | V19: =V18+M19 -> 13.46285 | W19: =N19+Q18*Assumptions!$D$20+P19*Assumptions!$D$21+R18*Assumptions!$D$22+T18*Assumptions!$D$24+U18*Assumptions!$D$25 -> 0.93295764 | X19: =IF(A19<Assumptions!$D$34,0,Assumptions!$D$36*MIN(1,(A19-Assumptions!$D$34+1)/Assumptions!$D$35))*(S19+T19) -> 5.8361281 | Y19: =IF(Y18>0,Y18,IF(AND(A19>=Assumptions!$D$41,Q18+R18+T18>=Assumptions!$D$40),A19,0)) -> 13 | Z19: =IF(Y19>0,Assumptions!$D$42*MIN(1,(A19-Y19+1)/Assumptions!$D$43),0)*(S19+T19) -> 2.188548 | AA19: =(1+Assumptions!$D$32)^(C19-1) -> 1.03 | AB19: =O19*Assumptions!$D$27*AA19 -> 276.18357 | AC19: =(Q18+R18)*Assumptions!$D$28*AA19 -> 2430.2676 | AD19: =M19*Assumptions!$D$29*AA19 -> 662.89371 | AE19: =T18*Assumptions!$D$30*AA19 -> 234.67832 | AF19: =U18*Assumptions!$D$31*AA19 -> 0 | AG19: =X19*Assumptions!$D$37*Assumptions!$D$38 -> 408.52897 | AH19: =Z19*Assumptions!$D$44*Assumptions!$D$45 -> 65.656441 | AI19: =SUM(AB19:AH19) -> 4078.2086 | AJ19: =(S19*Assumptions!$D$28+T19*Assumptions!$D$30+U19*Assumptions!$D$31)*AA19+AG19+AH19 -> 3385.026 | AK19: =(AI19-AH19)*Assumptions!$D$49 -> 152.47698 | AL19: =(AC19+AE19+AF19)*Assumptions!$D$50 -> 18.654622 | AM19: =S19*Assumptions!$D$51+M19*Assumptions!$D$52 -> 51.895539 | AN19: =Assumptions!$D$53+Assumptions!$D$54*(S19+T19+U19) -> 237.54192 | AO19: =IF(C19>=2,Assumptions!$D$55,0) -> 100 | AP19: =E19*Assumptions!$D$60/60+F19*Assumptions!$D$61+J19*Assumptions!$D$62+(S19+T19)*Assumptions!$D$63+X19*Assumptions!$D$64+Z19*Assumptions!$D$65+U19*Assumptions!$D$66+Assumptions!$D$67*52/12 -> 109.55257 | AQ19: =IF(BC18=1,Assumptions!$D$69,Assumptions!$D$68)*52/12 -> 108.33333 | AR19: =MAX(0,AP19-AQ19) -> 1.2192377 | AS19: =AR19*Assumptions!$D$70*Assumptions!$D$71 -> 13.716424 | AT19: =Assumptions!$D$56/12 -> 75 | AU19: =IF(A19=1,Assumptions!$D$57,0)+Assumptions!$D$58 -> 45 | AV19: =IF(AND(Y19>0,Y19=A19),Assumptions!$D$46,0)+IF(Y19>0,Assumptions!$D$47,0) -> 50 | AW19: =AK19+AL19+AM19+AN19+AO19+AS19+AT19+AU19+AV19 -> 744.28549 | AX19: =AI19-AW19 -> 3333.9231 | AY19: =MAX(0,AX19)*Assumptions!$D$73 -> 933.49848 | AZ19: =AX19-AY19 -> 2400.4247 | BA19: =BA18+AZ19 -> 13973.546 | BB19: =IF(AZ19>=Assumptions!$D$74/12,BB18+1,0) -> 0 | BC19: =IF(OR(BC18=1,BB19>=3),1,0) -> 0 | BD19: =IF(AZ19>=Assumptions!$D$75/12,BD18+1,0) -> 0 | BE19: =AP19*12/52 -> 25.281363 | BF19: =AR19*12/52 -> 0.28136255 | BG19: =IF(AX19>0,A19,999) -> 15 | BH19: =IF(BB19>=3,A19,999) -> 999 | BI19: =IF(BD19>=3,A19,999) -> 999
A20: 16 | B20: =DATE(2026,10+A20,1) -> 46784 | C20: =INT((A20-1)/12)+1 -> 2 | D20: =IF(C20=1,Assumptions!$D$7,IF(C20=2,Assumptions!$D$8,Assumptions!$D$9)) -> 20 | E20: =D20*Assumptions!$D$10 -> 420 | F20: =E20*Assumptions!$D$11 -> 33.6 | G20: =MIN(1,Assumptions!$D$13+(1-Assumptions!$D$13)*(A20-1)/Assumptions!$D$14) -> 1 | H20: =F20*Assumptions!$D$12*G20 -> 4.032 | I20: =Assumptions!$D$15*(Q19+R19+T19+U19) -> 0.29180641 | J20: =H20+I20 -> 4.3238064 | K20: =J20*Assumptions!$D$18 -> 0 | L20: =(J20-K20)*Assumptions!$D$17 -> 3.0266645 | M20: =J20-K20-L20 -> 1.2971419 | N20: =L20*Assumptions!$D$19 -> 0.30266645 | O20: =L20-N20 -> 2.723998 | P20: =O8*(1-Assumptions!$D$20)^12 -> 1.2876424 | Q20: =Q19*(1-Assumptions!$D$20)+O20-P20 -> 24.933129 | R20: =R19*(1-Assumptions!$D$22)+P20*(1-Assumptions!$D$21) -> 3.2547246 | S20: =Q20+R20 -> 28.187853 | T20: =T19*(1-Assumptions!$D$24)+M20*Assumptions!$D$23 -> 3.3890177 | U20: =U19*(1-Assumptions!$D$25)+K20 -> 0 | V20: =V19+M20 -> 14.759991 | W20: =N20+Q19*Assumptions!$D$20+P20*Assumptions!$D$21+R19*Assumptions!$D$22+T19*Assumptions!$D$24+U19*Assumptions!$D$25 -> 1.0195768 | X20: =IF(A20<Assumptions!$D$34,0,Assumptions!$D$36*MIN(1,(A20-Assumptions!$D$34+1)/Assumptions!$D$35))*(S20+T20) -> 6.3153742 | Y20: =IF(Y19>0,Y19,IF(AND(A20>=Assumptions!$D$41,Q19+R19+T19>=Assumptions!$D$40),A20,0)) -> 13 | Z20: =IF(Y20>0,Assumptions!$D$42*MIN(1,(A20-Y20+1)/Assumptions!$D$43),0)*(S20+T20) -> 3.1576871 | AA20: =(1+Assumptions!$D$32)^(C20-1) -> 1.03 | AB20: =O20*Assumptions!$D$27*AA20 -> 277.76608 | AC20: =(Q19+R19)*Assumptions!$D$28*AA20 -> 2655.2386 | AD20: =M20*Assumptions!$D$29*AA20 -> 666.69203 | AE20: =T19*Assumptions!$D$30*AA20 -> 255.60193 | AF20: =U19*Assumptions!$D$31*AA20 -> 0 | AG20: =X20*Assumptions!$D$37*Assumptions!$D$38 -> 442.07619 | AH20: =Z20*Assumptions!$D$44*Assumptions!$D$45 -> 94.730613 | AI20: =SUM(AB20:AH20) -> 4392.1055 | AJ20: =(S20*Assumptions!$D$28+T20*Assumptions!$D$30+U20*Assumptions!$D$31)*AA20+AG20+AH20 -> 3686.8866 | AK20: =(AI20-AH20)*Assumptions!$D$49 -> 163.30025 | AL20: =(AC20+AE20+AF20)*Assumptions!$D$50 -> 20.375884 | AM20: =S20*Assumptions!$D$51+M20*Assumptions!$D$52 -> 54.691945 | AN20: =Assumptions!$D$53+Assumptions!$D$54*(S20+T20+U20) -> 244.73061 | AO20: =IF(C20>=2,Assumptions!$D$55,0) -> 100 | AP20: =E20*Assumptions!$D$60/60+F20*Assumptions!$D$61+J20*Assumptions!$D$62+(S20+T20)*Assumptions!$D$63+X20*Assumptions!$D$64+Z20*Assumptions!$D$65+U20*Assumptions!$D$66+Assumptions!$D$67*52/12 -> 113.91772 | AQ20: =IF(BC19=1,Assumptions!$D$69,Assumptions!$D$68)*52/12 -> 108.33333 | AR20: =MAX(0,AP20-AQ20) -> 5.5843817 | AS20: =AR20*Assumptions!$D$70*Assumptions!$D$71 -> 62.824294 | AT20: =Assumptions!$D$56/12 -> 75 | AU20: =IF(A20=1,Assumptions!$D$57,0)+Assumptions!$D$58 -> 45 | AV20: =IF(AND(Y20>0,Y20=A20),Assumptions!$D$46,0)+IF(Y20>0,Assumptions!$D$47,0) -> 50 | AW20: =AK20+AL20+AM20+AN20+AO20+AS20+AT20+AU20+AV20 -> 815.92298 | AX20: =AI20-AW20 -> 3576.1825 | AY20: =MAX(0,AX20)*Assumptions!$D$73 -> 1001.3311 | AZ20: =AX20-AY20 -> 2574.8514 | BA20: =BA19+AZ20 -> 16548.398 | BB20: =IF(AZ20>=Assumptions!$D$74/12,BB19+1,0) -> 0 | BC20: =IF(OR(BC19=1,BB20>=3),1,0) -> 0 | BD20: =IF(AZ20>=Assumptions!$D$75/12,BD19+1,0) -> 0 | BE20: =AP20*12/52 -> 26.288703 | BF20: =AR20*12/52 -> 1.2887035 | BG20: =IF(AX20>0,A20,999) -> 16 | BH20: =IF(BB20>=3,A20,999) -> 999 | BI20: =IF(BD20>=3,A20,999) -> 999
A21: 17 | B21: =DATE(2026,10+A21,1) -> 46813 | C21: =INT((A21-1)/12)+1 -> 2 | D21: =IF(C21=1,Assumptions!$D$7,IF(C21=2,Assumptions!$D$8,Assumptions!$D$9)) -> 20 | E21: =D21*Assumptions!$D$10 -> 420 | F21: =E21*Assumptions!$D$11 -> 33.6 | G21: =MIN(1,Assumptions!$D$13+(1-Assumptions!$D$13)*(A21-1)/Assumptions!$D$14) -> 1 | H21: =F21*Assumptions!$D$12*G21 -> 4.032 | I21: =Assumptions!$D$15*(Q20+R20+T20+U20) -> 0.31576871 | J21: =H21+I21 -> 4.3477687 | K21: =J21*Assumptions!$D$18 -> 0 | L21: =(J21-K21)*Assumptions!$D$17 -> 3.0434381 | M21: =J21-K21-L21 -> 1.3043306 | N21: =L21*Assumptions!$D$19 -> 0.30434381 | O21: =L21-N21 -> 2.7390943 | P21: =O9*(1-Assumptions!$D$20)^12 -> 1.4373345 | Q21: =Q20*(1-Assumptions!$D$20)+O21-P21 -> 25.985557 | R21: =R20*(1-Assumptions!$D$22)+P21*(1-Assumptions!$D$21) -> 4.2906768 | S21: =Q21+R21 -> 30.276234 | T21: =T20*(1-Assumptions!$D$24)+M21*Assumptions!$D$23 -> 3.6278111 | U21: =U20*(1-Assumptions!$D$25)+K21 -> 0 | V21: =V20+M21 -> 16.064322 | W21: =N21+Q20*Assumptions!$D$20+P21*Assumptions!$D$21+R20*Assumptions!$D$22+T20*Assumptions!$D$24+U20*Assumptions!$D$25 -> 1.1075632 | X21: =IF(A21<Assumptions!$D$34,0,Assumptions!$D$36*MIN(1,(A21-Assumptions!$D$34+1)/Assumptions!$D$35))*(S21+T21) -> 6.780809 | Y21: =IF(Y20>0,Y20,IF(AND(A21>=Assumptions!$D$41,Q20+R20+T20>=Assumptions!$D$40),A21,0)) -> 13 | Z21: =IF(Y21>0,Assumptions!$D$42*MIN(1,(A21-Y21+1)/Assumptions!$D$43),0)*(S21+T21) -> 4.2380056 | AA21: =(1+Assumptions!$D$32)^(C21-1) -> 1.03 | AB21: =O21*Assumptions!$D$27*AA21 -> 279.30544 | AC21: =(Q20+R20)*Assumptions!$D$28*AA21 -> 2874.3154 | AD21: =M21*Assumptions!$D$29*AA21 -> 670.3868 | AE21: =T20*Assumptions!$D$30*AA21 -> 275.76437 | AF21: =U20*Assumptions!$D$31*AA21 -> 0 | AG21: =X21*Assumptions!$D$37*Assumptions!$D$38 -> 474.65663 | AH21: =Z21*Assumptions!$D$44*Assumptions!$D$45 -> 127.14017 | AI21: =SUM(AB21:AH21) -> 4701.5688 | AJ21: =(S21*Assumptions!$D$28+T21*Assumptions!$D$30+U21*Assumptions!$D$31)*AA21+AG21+AH21 -> 3984.2594 | AK21: =(AI21-AH21)*Assumptions!$D$49 -> 173.82829 | AL21: =(AC21+AE21+AF21)*Assumptions!$D$50 -> 22.050558 | AM21: =S21*Assumptions!$D$51+M21*Assumptions!$D$52 -> 57.410252 | AN21: =Assumptions!$D$53+Assumptions!$D$54*(S21+T21+U21) -> 251.71213 | AO21: =IF(C21>=2,Assumptions!$D$55,0) -> 100 | AP21: =E21*Assumptions!$D$60/60+F21*Assumptions!$D$61+J21*Assumptions!$D$62+(S21+T21)*Assumptions!$D$63+X21*Assumptions!$D$64+Z21*Assumptions!$D$65+U21*Assumptions!$D$66+Assumptions!$D$67*52/12 -> 118.19192 | AQ21: =IF(BC20=1,Assumptions!$D$69,Assumptions!$D$68)*52/12 -> 108.33333 | AR21: =MAX(0,AP21-AQ21) -> 9.8585819 | AS21: =AR21*Assumptions!$D$70*Assumptions!$D$71 -> 110.90905 | AT21: =Assumptions!$D$56/12 -> 75 | AU21: =IF(A21=1,Assumptions!$D$57,0)+Assumptions!$D$58 -> 45 | AV21: =IF(AND(Y21>0,Y21=A21),Assumptions!$D$46,0)+IF(Y21>0,Assumptions!$D$47,0) -> 50 | AW21: =AK21+AL21+AM21+AN21+AO21+AS21+AT21+AU21+AV21 -> 885.91028 | AX21: =AI21-AW21 -> 3815.6585 | AY21: =MAX(0,AX21)*Assumptions!$D$73 -> 1068.3844 | AZ21: =AX21-AY21 -> 2747.2741 | BA21: =BA20+AZ21 -> 19295.672 | BB21: =IF(AZ21>=Assumptions!$D$74/12,BB20+1,0) -> 0 | BC21: =IF(OR(BC20=1,BB21>=3),1,0) -> 0 | BD21: =IF(AZ21>=Assumptions!$D$75/12,BD20+1,0) -> 0 | BE21: =AP21*12/52 -> 27.275057 | BF21: =AR21*12/52 -> 2.2750574 | BG21: =IF(AX21>0,A21,999) -> 17 | BH21: =IF(BB21>=3,A21,999) -> 999 | BI21: =IF(BD21>=3,A21,999) -> 999
A22: 18 | B22: =DATE(2026,10+A22,1) -> 46844 | C22: =INT((A22-1)/12)+1 -> 2 | D22: =IF(C22=1,Assumptions!$D$7,IF(C22=2,Assumptions!$D$8,Assumptions!$D$9)) -> 20 | E22: =D22*Assumptions!$D$10 -> 420 | F22: =E22*Assumptions!$D$11 -> 33.6 | G22: =MIN(1,Assumptions!$D$13+(1-Assumptions!$D$13)*(A22-1)/Assumptions!$D$14) -> 1 | H22: =F22*Assumptions!$D$12*G22 -> 4.032 | I22: =Assumptions!$D$15*(Q21+R21+T21+U21) -> 0.33904045 | J22: =H22+I22 -> 4.3710404 | K22: =J22*Assumptions!$D$18 -> 0 | L22: =(J22-K22)*Assumptions!$D$17 -> 3.0597283 | M22: =J22-K22-L22 -> 1.3113121 | N22: =L22*Assumptions!$D$19 -> 0.30597283 | O22: =L22-N22 -> 2.7537555 | P22: =O10*(1-Assumptions!$D$20)^12 -> 1.5879782 | Q22: =Q21*(1-Assumptions!$D$20)+O22-P22 -> 26.891479 | R22: =R21*(1-Assumptions!$D$22)+P22*(1-Assumptions!$D$21) -> 5.4108858 | S22: =Q22+R22 -> 32.302364 | T22: =T21*(1-Assumptions!$D$24)+M22*Assumptions!$D$23 -> 3.8579532 | U22: =U21*(1-Assumptions!$D$25)+K22 -> 0 | V22: =V21+M22 -> 17.375634 | W22: =N22+Q21*Assumptions!$D$20+P22*Assumptions!$D$21+R21*Assumptions!$D$22+T21*Assumptions!$D$24+U21*Assumptions!$D$25 -> 1.1968492 | X22: =IF(A22<Assumptions!$D$34,0,Assumptions!$D$36*MIN(1,(A22-Assumptions!$D$34+1)/Assumptions!$D$35))*(S22+T22) -> 7.2320635 | Y22: =IF(Y21>0,Y21,IF(AND(A22>=Assumptions!$D$41,Q21+R21+T21>=Assumptions!$D$40),A22,0)) -> 13 | Z22: =IF(Y22>0,Assumptions!$D$42*MIN(1,(A22-Y22+1)/Assumptions!$D$43),0)*(S22+T22) -> 5.4240477 | AA22: =(1+Assumptions!$D$32)^(C22-1) -> 1.03 | AB22: =O22*Assumptions!$D$27*AA22 -> 280.80045 | AC22: =(Q21+R21)*Assumptions!$D$28*AA22 -> 3087.2676 | AD22: =M22*Assumptions!$D$29*AA22 -> 673.9751 | AE22: =T21*Assumptions!$D$30*AA22 -> 295.19499 | AF22: =U21*Assumptions!$D$31*AA22 -> 0 | AG22: =X22*Assumptions!$D$37*Assumptions!$D$38 -> 506.24445 | AH22: =Z22*Assumptions!$D$44*Assumptions!$D$45 -> 162.72143 | AI22: =SUM(AB22:AH22) -> 5006.204 | AJ22: =(S22*Assumptions!$D$28+T22*Assumptions!$D$30+U22*Assumptions!$D$31)*AA22+AG22+AH22 -> 4276.7596 | AK22: =(AI22-AH22)*Assumptions!$D$49 -> 184.05234 | AL22: =(AC22+AE22+AF22)*Assumptions!$D$50 -> 23.677238 | AM22: =S22*Assumptions!$D$51+M22*Assumptions!$D$52 -> 60.047638 | AN22: =Assumptions!$D$53+Assumptions!$D$54*(S22+T22+U22) -> 258.48095 | AO22: =IF(C22>=2,Assumptions!$D$55,0) -> 100 | AP22: =E22*Assumptions!$D$60/60+F22*Assumptions!$D$61+J22*Assumptions!$D$62+(S22+T22)*Assumptions!$D$63+X22*Assumptions!$D$64+Z22*Assumptions!$D$65+U22*Assumptions!$D$66+Assumptions!$D$67*52/12 -> 122.37063 | AQ22: =IF(BC21=1,Assumptions!$D$69,Assumptions!$D$68)*52/12 -> 108.33333 | AR22: =MAX(0,AP22-AQ22) -> 14.0373 | AS22: =AR22*Assumptions!$D$70*Assumptions!$D$71 -> 157.91962 | AT22: =Assumptions!$D$56/12 -> 75 | AU22: =IF(A22=1,Assumptions!$D$57,0)+Assumptions!$D$58 -> 45 | AV22: =IF(AND(Y22>0,Y22=A22),Assumptions!$D$46,0)+IF(Y22>0,Assumptions!$D$47,0) -> 50 | AW22: =AK22+AL22+AM22+AN22+AO22+AS22+AT22+AU22+AV22 -> 954.17779 | AX22: =AI22-AW22 -> 4052.0262 | AY22: =MAX(0,AX22)*Assumptions!$D$73 -> 1134.5673 | AZ22: =AX22-AY22 -> 2917.4589 | BA22: =BA21+AZ22 -> 22213.131 | BB22: =IF(AZ22>=Assumptions!$D$74/12,BB21+1,0) -> 0 | BC22: =IF(OR(BC21=1,BB22>=3),1,0) -> 0 | BD22: =IF(AZ22>=Assumptions!$D$75/12,BD21+1,0) -> 0 | BE22: =AP22*12/52 -> 28.239377 | BF22: =AR22*12/52 -> 3.2393768 | BG22: =IF(AX22>0,A22,999) -> 18 | BH22: =IF(BB22>=3,A22,999) -> 999 | BI22: =IF(BD22>=3,A22,999) -> 999
A23: 19 | B23: =DATE(2026,10+A23,1) -> 46874 | C23: =INT((A23-1)/12)+1 -> 2 | D23: =IF(C23=1,Assumptions!$D$7,IF(C23=2,Assumptions!$D$8,Assumptions!$D$9)) -> 20 | E23: =D23*Assumptions!$D$10 -> 420 | F23: =E23*Assumptions!$D$11 -> 33.6 | G23: =MIN(1,Assumptions!$D$13+(1-Assumptions!$D$13)*(A23-1)/Assumptions!$D$14) -> 1 | H23: =F23*Assumptions!$D$12*G23 -> 4.032 | I23: =Assumptions!$D$15*(Q22+R22+T22+U22) -> 0.36160318 | J23: =H23+I23 -> 4.3936032 | K23: =J23*Assumptions!$D$18 -> 0 | L23: =(J23-K23)*Assumptions!$D$17 -> 3.0755222 | M23: =J23-K23-L23 -> 1.318081 | N23: =L23*Assumptions!$D$19 -> 0.30755222 | O23: =L23-N23 -> 2.76797 | P23: =O11*(1-Assumptions!$D$20)^12 -> 1.7395678 | Q23: =Q22*(1-Assumptions!$D$20)+O23-P23 -> 27.650966 | R23: =R22*(1-Assumptions!$D$22)+P23*(1-Assumptions!$D$21) -> 6.613159 | S23: =Q23+R23 -> 34.264125 | T23: =T22*(1-Assumptions!$D$24)+M23*Assumptions!$D$23 -> 4.0797696 | U23: =U22*(1-Assumptions!$D$25)+K23 -> 0 | V23: =V22+M23 -> 18.693715 | W23: =N23+Q22*Assumptions!$D$20+P23*Assumptions!$D$21+R22*Assumptions!$D$22+T22*Assumptions!$D$24+U22*Assumptions!$D$25 -> 1.2873695 | X23: =IF(A23<Assumptions!$D$34,0,Assumptions!$D$36*MIN(1,(A23-Assumptions!$D$34+1)/Assumptions!$D$35))*(S23+T23) -> 7.6687789 | Y23: =IF(Y22>0,Y22,IF(AND(A23>=Assumptions!$D$41,Q22+R22+T22>=Assumptions!$D$40),A23,0)) -> 13 | Z23: =IF(Y23>0,Assumptions!$D$42*MIN(1,(A23-Y23+1)/Assumptions!$D$43),0)*(S23+T23) -> 6.7101816 | AA23: =(1+Assumptions!$D$32)^(C23-1) -> 1.03 | AB23: =O23*Assumptions!$D$27*AA23 -> 282.2499 | AC23: =(Q22+R22)*Assumptions!$D$28*AA23 -> 3293.8721 | AD23: =M23*Assumptions!$D$29*AA23 -> 677.45407 | AE23: =T22*Assumptions!$D$30*AA23 -> 313.92165 | AF23: =U22*Assumptions!$D$31*AA23 -> 0 | AG23: =X23*Assumptions!$D$37*Assumptions!$D$38 -> 536.81453 | AH23: =Z23*Assumptions!$D$44*Assumptions!$D$45 -> 201.30545 | AI23: =SUM(AB23:AH23) -> 5305.6177 | AJ23: =(S23*Assumptions!$D$28+T23*Assumptions!$D$30+U23*Assumptions!$D$31)*AA23+AG23+AH23 -> 4564.0037 | AK23: =(AI23-AH23)*Assumptions!$D$49 -> 193.96387 | AL23: =(AC23+AE23+AF23)*Assumptions!$D$50 -> 25.254556 | AM23: =S23*Assumptions!$D$51+M23*Assumptions!$D$52 -> 62.601371 | AN23: =Assumptions!$D$53+Assumptions!$D$54*(S23+T23+U23) -> 265.03168 | AO23: =IF(C23>=2,Assumptions!$D$55,0) -> 100 | AP23: =E23*Assumptions!$D$60/60+F23*Assumptions!$D$61+J23*Assumptions!$D$62+(S23+T23)*Assumptions!$D$63+X23*Assumptions!$D$64+Z23*Assumptions!$D$65+U23*Assumptions!$D$66+Assumptions!$D$67*52/12 -> 126.44937 | AQ23: =IF(BC22=1,Assumptions!$D$69,Assumptions!$D$68)*52/12 -> 108.33333 | AR23: =MAX(0,AP23-AQ23) -> 18.116039 | AS23: =AR23*Assumptions!$D$70*Assumptions!$D$71 -> 203.80544 | AT23: =Assumptions!$D$56/12 -> 75 | AU23: =IF(A23=1,Assumptions!$D$57,0)+Assumptions!$D$58 -> 45 | AV23: =IF(AND(Y23>0,Y23=A23),Assumptions!$D$46,0)+IF(Y23>0,Assumptions!$D$47,0) -> 50 | AW23: =AK23+AL23+AM23+AN23+AO23+AS23+AT23+AU23+AV23 -> 1020.6569 | AX23: =AI23-AW23 -> 4284.9608 | AY23: =MAX(0,AX23)*Assumptions!$D$73 -> 1199.789 | AZ23: =AX23-AY23 -> 3085.1718 | BA23: =BA22+AZ23 -> 25298.302 | BB23: =IF(AZ23>=Assumptions!$D$74/12,BB22+1,0) -> 0 | BC23: =IF(OR(BC22=1,BB23>=3),1,0) -> 0 | BD23: =IF(AZ23>=Assumptions!$D$75/12,BD22+1,0) -> 0 | BE23: =AP23*12/52 -> 29.180624 | BF23: =AR23*12/52 -> 4.1806245 | BG23: =IF(AX23>0,A23,999) -> 19 | BH23: =IF(BB23>=3,A23,999) -> 999 | BI23: =IF(BD23>=3,A23,999) -> 999
A24: 20 | B24: =DATE(2026,10+A24,1) -> 46905 | C24: =INT((A24-1)/12)+1 -> 2 | D24: =IF(C24=1,Assumptions!$D$7,IF(C24=2,Assumptions!$D$8,Assumptions!$D$9)) -> 20 | E24: =D24*Assumptions!$D$10 -> 420 | F24: =E24*Assumptions!$D$11 -> 33.6 | G24: =MIN(1,Assumptions!$D$13+(1-Assumptions!$D$13)*(A24-1)/Assumptions!$D$14) -> 1 | H24: =F24*Assumptions!$D$12*G24 -> 4.032 | I24: =Assumptions!$D$15*(Q23+R23+T23+U23) -> 0.38343895 | J24: =H24+I24 -> 4.4154389 | K24: =J24*Assumptions!$D$18 -> 0 | L24: =(J24-K24)*Assumptions!$D$17 -> 3.0908073 | M24: =J24-K24-L24 -> 1.3246317 | N24: =L24*Assumptions!$D$19 -> 0.30908073 | O24: =L24-N24 -> 2.7817265 | P24: =O12*(1-Assumptions!$D$20)^12 -> 1.7513751 | Q24: =Q23*(1-Assumptions!$D$20)+O24-P24 -> 28.404808 | R24: =R23*(1-Assumptions!$D$22)+P24*(1-Assumptions!$D$21) -> 7.7827985 | S24: =Q24+R24 -> 36.187606 | T24: =T23*(1-Assumptions!$D$24)+M24*Assumptions!$D$23 -> 4.2935695 | U24: =U23*(1-Assumptions!$D$25)+K24 -> 0 | V24: =V23+M24 -> 20.018347 | W24: =N24+Q23*Assumptions!$D$20+P24*Assumptions!$D$21+R23*Assumptions!$D$22+T23*Assumptions!$D$24+U23*Assumptions!$D$25 -> 1.3509156 | X24: =IF(A24<Assumptions!$D$34,0,Assumptions!$D$36*MIN(1,(A24-Assumptions!$D$34+1)/Assumptions!$D$35))*(S24+T24) -> 8.0962352 | Y24: =IF(Y23>0,Y23,IF(AND(A24>=Assumptions!$D$41,Q23+R23+T23>=Assumptions!$D$40),A24,0)) -> 13 | Z24: =IF(Y24>0,Assumptions!$D$42*MIN(1,(A24-Y24+1)/Assumptions!$D$43),0)*(S24+T24) -> 8.0962352 | AA24: =(1+Assumptions!$D$32)^(C24-1) -> 1.03 | AB24: =O24*Assumptions!$D$27*AA24 -> 283.65265 | AC24: =(Q23+R23)*Assumptions!$D$28*AA24 -> 3493.9128 | AD24: =M24*Assumptions!$D$29*AA24 -> 680.82095 | AE24: =T23*Assumptions!$D$30*AA24 -> 331.97085 | AF24: =U23*Assumptions!$D$31*AA24 -> 0 | AG24: =X24*Assumptions!$D$37*Assumptions!$D$38 -> 566.73646 | AH24: =Z24*Assumptions!$D$44*Assumptions!$D$45 -> 242.88706 | AI24: =SUM(AB24:AH24) -> 5599.9808 | AJ24: =(S24*Assumptions!$D$28+T24*Assumptions!$D$30+U24*Assumptions!$D$31)*AA24+AG24+AH24 -> 4849.0415 | AK24: =(AI24-AH24)*Assumptions!$D$49 -> 203.56956 | AL24: =(AC24+AE24+AF24)*Assumptions!$D$50 -> 26.781186 | AM24: =S24*Assumptions!$D$51+M24*Assumptions!$D$52 -> 65.103983 | AN24: =Assumptions!$D$53+Assumptions!$D$54*(S24+T24+U24) -> 271.44353 | AO24: =IF(C24>=2,Assumptions!$D$55,0) -> 100 | AP24: =E24*Assumptions!$D$60/60+F24*Assumptions!$D$61+J24*Assumptions!$D$62+(S24+T24)*Assumptions!$D$63+X24*Assumptions!$D$64+Z24*Assumptions!$D$65+U24*Assumptions!$D$66+Assumptions!$D$67*52/12 -> 130.47294 | AQ24: =IF(BC23=1,Assumptions!$D$69,Assumptions!$D$68)*52/12 -> 108.33333 | AR24: =MAX(0,AP24-AQ24) -> 22.139602 | AS24: =AR24*Assumptions!$D$70*Assumptions!$D$71 -> 249.07053 | AT24: =Assumptions!$D$56/12 -> 75 | AU24: =IF(A24=1,Assumptions!$D$57,0)+Assumptions!$D$58 -> 45 | AV24: =IF(AND(Y24>0,Y24=A24),Assumptions!$D$46,0)+IF(Y24>0,Assumptions!$D$47,0) -> 50 | AW24: =AK24+AL24+AM24+AN24+AO24+AS24+AT24+AU24+AV24 -> 1085.9688 | AX24: =AI24-AW24 -> 4514.012 | AY24: =MAX(0,AX24)*Assumptions!$D$73 -> 1263.9234 | AZ24: =AX24-AY24 -> 3250.0887 | BA24: =BA23+AZ24 -> 28548.391 | BB24: =IF(AZ24>=Assumptions!$D$74/12,BB23+1,0) -> 0 | BC24: =IF(OR(BC23=1,BB24>=3),1,0) -> 0 | BD24: =IF(AZ24>=Assumptions!$D$75/12,BD23+1,0) -> 0 | BE24: =AP24*12/52 -> 30.109139 | BF24: =AR24*12/52 -> 5.109139 | BG24: =IF(AX24>0,A24,999) -> 20 | BH24: =IF(BB24>=3,A24,999) -> 999 | BI24: =IF(BD24>=3,A24,999) -> 999
A25: 21 | B25: =DATE(2026,10+A25,1) -> 46935 | C25: =INT((A25-1)/12)+1 -> 2 | D25: =IF(C25=1,Assumptions!$D$7,IF(C25=2,Assumptions!$D$8,Assumptions!$D$9)) -> 20 | E25: =D25*Assumptions!$D$10 -> 420 | F25: =E25*Assumptions!$D$11 -> 33.6 | G25: =MIN(1,Assumptions!$D$13+(1-Assumptions!$D$13)*(A25-1)/Assumptions!$D$14) -> 1 | H25: =F25*Assumptions!$D$12*G25 -> 4.032 | I25: =Assumptions!$D$15*(Q24+R24+T24+U24) -> 0.40481176 | J25: =H25+I25 -> 4.4368118 | K25: =J25*Assumptions!$D$18 -> 0 | L25: =(J25-K25)*Assumptions!$D$17 -> 3.1057682 | M25: =J25-K25-L25 -> 1.3310435 | N25: =L25*Assumptions!$D$19 -> 0.31057682 | O25: =L25-N25 -> 2.7951914 | P25: =O13*(1-Assumptions!$D$20)^12 -> 1.7631039 | Q25: =Q24*(1-Assumptions!$D$20)+O25-P25 -> 29.152847 | R25: =R24*(1-Assumptions!$D$22)+P25*(1-Assumptions!$D$21) -> 8.9208837 | S25: =Q25+R25 -> 38.073731 | T25: =T24*(1-Assumptions!$D$24)+M25*Assumptions!$D$23 -> 4.4996719 | U25: =U24*(1-Assumptions!$D$25)+K25 -> 0 | V25: =V24+M25 -> 21.34939 | W25: =N25+Q24*Assumptions!$D$20+P25*Assumptions!$D$21+R24*Assumptions!$D$22+T24*Assumptions!$D$24+U24*Assumptions!$D$25 -> 1.4128543 | X25: =IF(A25<Assumptions!$D$34,0,Assumptions!$D$36*MIN(1,(A25-Assumptions!$D$34+1)/Assumptions!$D$35))*(S25+T25) -> 8.5146806 | Y25: =IF(Y24>0,Y24,IF(AND(A25>=Assumptions!$D$41,Q24+R24+T24>=Assumptions!$D$40),A25,0)) -> 13 | Z25: =IF(Y25>0,Assumptions!$D$42*MIN(1,(A25-Y25+1)/Assumptions!$D$43),0)*(S25+T25) -> 9.5790157 | AA25: =(1+Assumptions!$D$32)^(C25-1) -> 1.03 | AB25: =O25*Assumptions!$D$27*AA25 -> 285.02567 | AC25: =(Q24+R24)*Assumptions!$D$28*AA25 -> 3690.0502 | AD25: =M25*Assumptions!$D$29*AA25 -> 684.11644 | AE25: =T24*Assumptions!$D$30*AA25 -> 349.36775 | AF25: =U24*Assumptions!$D$31*AA25 -> 0 | AG25: =X25*Assumptions!$D$37*Assumptions!$D$38 -> 596.02764 | AH25: =Z25*Assumptions!$D$44*Assumptions!$D$45 -> 287.37047 | AI25: =SUM(AB25:AH25) -> 5891.9582 | AJ25: =(S25*Assumptions!$D$28+T25*Assumptions!$D$30+U25*Assumptions!$D$31)*AA25+AG25+AH25 -> 5131.9148 | AK25: =(AI25-AH25)*Assumptions!$D$49 -> 212.97433 | AL25: =(AC25+AE25+AF25)*Assumptions!$D$50 -> 28.275926 | AM25: =S25*Assumptions!$D$51+M25*Assumptions!$D$52 -> 67.557817 | AN25: =Assumptions!$D$53+Assumptions!$D$54*(S25+T25+U25) -> 277.72021 | AO25: =IF(C25>=2,Assumptions!$D$55,0) -> 100 | AP25: =E25*Assumptions!$D$60/60+F25*Assumptions!$D$61+J25*Assumptions!$D$62+(S25+T25)*Assumptions!$D$63+X25*Assumptions!$D$64+Z25*Assumptions!$D$65+U25*Assumptions!$D$66+Assumptions!$D$67*52/12 -> 134.44316 | AQ25: =IF(BC24=1,Assumptions!$D$69,Assumptions!$D$68)*52/12 -> 108.33333 | AR25: =MAX(0,AP25-AQ25) -> 26.109829 | AS25: =AR25*Assumptions!$D$70*Assumptions!$D$71 -> 293.73558 | AT25: =Assumptions!$D$56/12 -> 75 | AU25: =IF(A25=1,Assumptions!$D$57,0)+Assumptions!$D$58 -> 45 | AV25: =IF(AND(Y25>0,Y25=A25),Assumptions!$D$46,0)+IF(Y25>0,Assumptions!$D$47,0) -> 50 | AW25: =AK25+AL25+AM25+AN25+AO25+AS25+AT25+AU25+AV25 -> 1150.2639 | AX25: =AI25-AW25 -> 4741.6943 | AY25: =MAX(0,AX25)*Assumptions!$D$73 -> 1327.6744 | AZ25: =AX25-AY25 -> 3414.0199 | BA25: =BA24+AZ25 -> 31962.411 | BB25: =IF(AZ25>=Assumptions!$D$74/12,BB24+1,0) -> 0 | BC25: =IF(OR(BC24=1,BB25>=3),1,0) -> 0 | BD25: =IF(AZ25>=Assumptions!$D$75/12,BD24+1,0) -> 0 | BE25: =AP25*12/52 -> 31.025345 | BF25: =AR25*12/52 -> 6.0253452 | BG25: =IF(AX25>0,A25,999) -> 21 | BH25: =IF(BB25>=3,A25,999) -> 999 | BI25: =IF(BD25>=3,A25,999) -> 999
A26: 22 | B26: =DATE(2026,10+A26,1) -> 46966 | C26: =INT((A26-1)/12)+1 -> 2 | D26: =IF(C26=1,Assumptions!$D$7,IF(C26=2,Assumptions!$D$8,Assumptions!$D$9)) -> 20 | E26: =D26*Assumptions!$D$10 -> 420 | F26: =E26*Assumptions!$D$11 -> 33.6 | G26: =MIN(1,Assumptions!$D$13+(1-Assumptions!$D$13)*(A26-1)/Assumptions!$D$14) -> 1 | H26: =F26*Assumptions!$D$12*G26 -> 4.032 | I26: =Assumptions!$D$15*(Q25+R25+T25+U25) -> 0.42573403 | J26: =H26+I26 -> 4.457734 | K26: =J26*Assumptions!$D$18 -> 0 | L26: =(J26-K26)*Assumptions!$D$17 -> 3.1204138 | M26: =J26-K26-L26 -> 1.3373202 | N26: =L26*Assumptions!$D$19 -> 0.31204138 | O26: =L26-N26 -> 2.8083724 | P26: =O14*(1-Assumptions!$D$20)^12 -> 1.7747562 | Q26: =Q25*(1-Assumptions!$D$20)+O26-P26 -> 29.894935 | R26: =R25*(1-Assumptions!$D$22)+P26*(1-Assumptions!$D$21) -> 10.028458 | S26: =Q26+R26 -> 39.923393 | T26: =T25*(1-Assumptions!$D$24)+M26*Assumptions!$D$23 -> 4.6983828 | U26: =U25*(1-Assumptions!$D$25)+K26 -> 0 | V26: =V25+M26 -> 22.686711 | W26: =N26+Q25*Assumptions!$D$20+P26*Assumptions!$D$21+R25*Assumptions!$D$22+T25*Assumptions!$D$24+U25*Assumptions!$D$25 -> 1.4732373 | X26: =IF(A26<Assumptions!$D$34,0,Assumptions!$D$36*MIN(1,(A26-Assumptions!$D$34+1)/Assumptions!$D$35))*(S26+T26) -> 8.9243551 | Y26: =IF(Y25>0,Y25,IF(AND(A26>=Assumptions!$D$41,Q25+R25+T25>=Assumptions!$D$40),A26,0)) -> 13 | Z26: =IF(Y26>0,Assumptions!$D$42*MIN(1,(A26-Y26+1)/Assumptions!$D$43),0)*(S26+T26) -> 11.155444 | AA26: =(1+Assumptions!$D$32)^(C26-1) -> 1.03 | AB26: =O26*Assumptions!$D$27*AA26 -> 286.36974 | AC26: =(Q25+R25)*Assumptions!$D$28*AA26 -> 3882.3783 | AD26: =M26*Assumptions!$D$29*AA26 -> 687.34247 | AE26: =T25*Assumptions!$D$30*AA26 -> 366.1383 | AF26: =U25*Assumptions!$D$31*AA26 -> 0 | AG26: =X26*Assumptions!$D$37*Assumptions!$D$38 -> 624.70486 | AH26: =Z26*Assumptions!$D$44*Assumptions!$D$45 -> 334.66332 | AI26: =SUM(AB26:AH26) -> 6181.597 | AJ26: =(S26*Assumptions!$D$28+T26*Assumptions!$D$30+U26*Assumptions!$D$31)*AA26+AG26+AH26 -> 5412.6639 | AK26: =(AI26-AH26)*Assumptions!$D$49 -> 222.18348 | AL26: =(AC26+AE26+AF26)*Assumptions!$D$50 -> 29.739617 | AM26: =S26*Assumptions!$D$51+M26*Assumptions!$D$52 -> 69.964044 | AN26: =Assumptions!$D$53+Assumptions!$D$54*(S26+T26+U26) -> 283.86533 | AO26: =IF(C26>=2,Assumptions!$D$55,0) -> 100 | AP26: =E26*Assumptions!$D$60/60+F26*Assumptions!$D$61+J26*Assumptions!$D$62+(S26+T26)*Assumptions!$D$63+X26*Assumptions!$D$64+Z26*Assumptions!$D$65+U26*Assumptions!$D$66+Assumptions!$D$67*52/12 -> 138.36135 | AQ26: =IF(BC25=1,Assumptions!$D$69,Assumptions!$D$68)*52/12 -> 108.33333 | AR26: =MAX(0,AP26-AQ26) -> 30.028014 | AS26: =AR26*Assumptions!$D$70*Assumptions!$D$71 -> 337.81516 | AT26: =Assumptions!$D$56/12 -> 75 | AU26: =IF(A26=1,Assumptions!$D$57,0)+Assumptions!$D$58 -> 45 | AV26: =IF(AND(Y26>0,Y26=A26),Assumptions!$D$46,0)+IF(Y26>0,Assumptions!$D$47,0) -> 50 | AW26: =AK26+AL26+AM26+AN26+AO26+AS26+AT26+AU26+AV26 -> 1213.5676 | AX26: =AI26-AW26 -> 4968.0294 | AY26: =MAX(0,AX26)*Assumptions!$D$73 -> 1391.0482 | AZ26: =AX26-AY26 -> 3576.9812 | BA26: =BA25+AZ26 -> 35539.392 | BB26: =IF(AZ26>=Assumptions!$D$74/12,BB25+1,0) -> 0 | BC26: =IF(OR(BC25=1,BB26>=3),1,0) -> 0 | BD26: =IF(AZ26>=Assumptions!$D$75/12,BD25+1,0) -> 0 | BE26: =AP26*12/52 -> 31.929542 | BF26: =AR26*12/52 -> 6.9295417 | BG26: =IF(AX26>0,A26,999) -> 22 | BH26: =IF(BB26>=3,A26,999) -> 999 | BI26: =IF(BD26>=3,A26,999) -> 999
A27: 23 | B27: =DATE(2026,10+A27,1) -> 46997 | C27: =INT((A27-1)/12)+1 -> 2 | D27: =IF(C27=1,Assumptions!$D$7,IF(C27=2,Assumptions!$D$8,Assumptions!$D$9)) -> 20 | E27: =D27*Assumptions!$D$10 -> 420 | F27: =E27*Assumptions!$D$11 -> 33.6 | G27: =MIN(1,Assumptions!$D$13+(1-Assumptions!$D$13)*(A27-1)/Assumptions!$D$14) -> 1 | H27: =F27*Assumptions!$D$12*G27 -> 4.032 | I27: =Assumptions!$D$15*(Q26+R26+T26+U26) -> 0.44621776 | J27: =H27+I27 -> 4.4782178 | K27: =J27*Assumptions!$D$18 -> 0 | L27: =(J27-K27)*Assumptions!$D$17 -> 3.1347524 | M27: =J27-K27-L27 -> 1.3434653 | N27: =L27*Assumptions!$D$19 -> 0.31347524 | O27: =L27-N27 -> 2.8212772 | P27: =O15*(1-Assumptions!$D$20)^12 -> 1.7863337 | Q27: =Q26*(1-Assumptions!$D$20)+O27-P27 -> 30.630929 | R27: =R26*(1-Assumptions!$D$22)+P27*(1-Assumptions!$D$21) -> 11.106529 | S27: =Q27+R27 -> 41.737458 | T27: =T26*(1-Assumptions!$D$24)+M27*Assumptions!$D$23 -> 4.8899951 | U27: =U26*(1-Assumptions!$D$25)+K27 -> 0 | V27: =V26+M27 -> 24.030176 | W27: =N27+Q26*Assumptions!$D$20+P27*Assumptions!$D$21+R26*Assumptions!$D$22+T26*Assumptions!$D$24+U26*Assumptions!$D$25 -> 1.5321146 | X27: =IF(A27<Assumptions!$D$34,0,Assumptions!$D$36*MIN(1,(A27-Assumptions!$D$34+1)/Assumptions!$D$35))*(S27+T27) -> 9.3254906 | Y27: =IF(Y26>0,Y26,IF(AND(A27>=Assumptions!$D$41,Q26+R26+T26>=Assumptions!$D$40),A27,0)) -> 13 | Z27: =IF(Y27>0,Assumptions!$D$42*MIN(1,(A27-Y27+1)/Assumptions!$D$43),0)*(S27+T27) -> 12.82255 | AA27: =(1+Assumptions!$D$32)^(C27-1) -> 1.03 | AB27: =O27*Assumptions!$D$27*AA27 -> 287.68563 | AC27: =(Q26+R26)*Assumptions!$D$28*AA27 -> 4070.9884 | AD27: =M27*Assumptions!$D$29*AA27 -> 690.50087 | AE27: =T26*Assumptions!$D$30*AA27 -> 382.3074 | AF27: =U26*Assumptions!$D$31*AA27 -> 0 | AG27: =X27*Assumptions!$D$37*Assumptions!$D$38 -> 652.78434 | AH27: =Z27*Assumptions!$D$44*Assumptions!$D$45 -> 384.67649 | AI27: =SUM(AB27:AH27) -> 6468.9431 | AJ27: =(S27*Assumptions!$D$28+T27*Assumptions!$D$30+U27*Assumptions!$D$31)*AA27+AG27+AH27 -> 5691.3283 | AK27: =(AI27-AH27)*Assumptions!$D$49 -> 231.20213 | AL27: =(AC27+AE27+AF27)*Assumptions!$D$50 -> 31.17307 | AM27: =S27*Assumptions!$D$51+M27*Assumptions!$D$52 -> 72.323802 | AN27: =Assumptions!$D$53+Assumptions!$D$54*(S27+T27+U27) -> 289.88236 | AO27: =IF(C27>=2,Assumptions!$D$55,0) -> 100 | AP27: =E27*Assumptions!$D$60/60+F27*Assumptions!$D$61+J27*Assumptions!$D$62+(S27+T27)*Assumptions!$D$63+X27*Assumptions!$D$64+Z27*Assumptions!$D$65+U27*Assumptions!$D$66+Assumptions!$D$67*52/12 -> 142.22874 | AQ27: =IF(BC26=1,Assumptions!$D$69,Assumptions!$D$68)*52/12 -> 108.33333 | AR27: =MAX(0,AP27-AQ27) -> 33.89541 | AS27: =AR27*Assumptions!$D$70*Assumptions!$D$71 -> 381.32336 | AT27: =Assumptions!$D$56/12 -> 75 | AU27: =IF(A27=1,Assumptions!$D$57,0)+Assumptions!$D$58 -> 45 | AV27: =IF(AND(Y27>0,Y27=A27),Assumptions!$D$46,0)+IF(Y27>0,Assumptions!$D$47,0) -> 50 | AW27: =AK27+AL27+AM27+AN27+AO27+AS27+AT27+AU27+AV27 -> 1275.9047 | AX27: =AI27-AW27 -> 5193.0384 | AY27: =MAX(0,AX27)*Assumptions!$D$73 -> 1454.0507 | AZ27: =AX27-AY27 -> 3738.9876 | BA27: =BA26+AZ27 -> 39278.38 | BB27: =IF(AZ27>=Assumptions!$D$74/12,BB26+1,0) -> 0 | BC27: =IF(OR(BC26=1,BB27>=3),1,0) -> 0 | BD27: =IF(AZ27>=Assumptions!$D$75/12,BD26+1,0) -> 0 | BE27: =AP27*12/52 -> 32.822018 | BF27: =AR27*12/52 -> 7.8220176 | BG27: =IF(AX27>0,A27,999) -> 23 | BH27: =IF(BB27>=3,A27,999) -> 999 | BI27: =IF(BD27>=3,A27,999) -> 999
A28: 24 | B28: =DATE(2026,10+A28,1) -> 47027 | C28: =INT((A28-1)/12)+1 -> 2 | D28: =IF(C28=1,Assumptions!$D$7,IF(C28=2,Assumptions!$D$8,Assumptions!$D$9)) -> 20 | E28: =D28*Assumptions!$D$10 -> 420 | F28: =E28*Assumptions!$D$11 -> 33.6 | G28: =MIN(1,Assumptions!$D$13+(1-Assumptions!$D$13)*(A28-1)/Assumptions!$D$14) -> 1 | H28: =F28*Assumptions!$D$12*G28 -> 4.032 | I28: =Assumptions!$D$15*(Q27+R27+T27+U27) -> 0.46627453 | J28: =H28+I28 -> 4.4982745 | K28: =J28*Assumptions!$D$18 -> 0 | L28: =(J28-K28)*Assumptions!$D$17 -> 3.1487922 | M28: =J28-K28-L28 -> 1.3494824 | N28: =L28*Assumptions!$D$19 -> 0.31487922 | O28: =L28-N28 -> 2.833913 | P28: =O16*(1-Assumptions!$D$20)^12 -> 1.7978382 | Q28: =Q27*(1-Assumptions!$D$20)+O28-P28 -> 31.360695 | R28: =R27*(1-Assumptions!$D$22)+P28*(1-Assumptions!$D$21) -> 12.156071 | S28: =Q28+R28 -> 43.516765 | T28: =T27*(1-Assumptions!$D$24)+M28*Assumptions!$D$23 -> 5.0747901 | U28: =U27*(1-Assumptions!$D$25)+K28 -> 0 | V28: =V27+M28 -> 25.379658 | W28: =N28+Q27*Assumptions!$D$20+P28*Assumptions!$D$21+R27*Assumptions!$D$22+T27*Assumptions!$D$24+U27*Assumptions!$D$25 -> 1.5895344 | X28: =IF(A28<Assumptions!$D$34,0,Assumptions!$D$36*MIN(1,(A28-Assumptions!$D$34+1)/Assumptions!$D$35))*(S28+T28) -> 9.7183111 | Y28: =IF(Y27>0,Y27,IF(AND(A28>=Assumptions!$D$41,Q27+R27+T27>=Assumptions!$D$40),A28,0)) -> 13 | Z28: =IF(Y28>0,Assumptions!$D$42*MIN(1,(A28-Y28+1)/Assumptions!$D$43),0)*(S28+T28) -> 14.577467 | AA28: =(1+Assumptions!$D$32)^(C28-1) -> 1.03 | AB28: =O28*Assumptions!$D$27*AA28 -> 288.9741 | AC28: =(Q27+R27)*Assumptions!$D$28*AA28 -> 4255.9686 | AD28: =M28*Assumptions!$D$29*AA28 -> 693.59345 | AE28: =T27*Assumptions!$D$30*AA28 -> 397.8989 | AF28: =U27*Assumptions!$D$31*AA28 -> 0 | AG28: =X28*Assumptions!$D$37*Assumptions!$D$38 -> 680.28178 | AH28: =Z28*Assumptions!$D$44*Assumptions!$D$45 -> 437.324 | AI28: =SUM(AB28:AH28) -> 6754.0408 | AJ28: =(S28*Assumptions!$D$28+T28*Assumptions!$D$30+U28*Assumptions!$D$31)*AA28+AG28+AH28 -> 5967.946 | AK28: =(AI28-AH28)*Assumptions!$D$49 -> 240.03524 | AL28: =(AC28+AE28+AF28)*Assumptions!$D$50 -> 32.577072 | AM28: =S28*Assumptions!$D$51+M28*Assumptions!$D$52 -> 74.638192 | AN28: =Assumptions!$D$53+Assumptions!$D$54*(S28+T28+U28) -> 295.77467 | AO28: =IF(C28>=2,Assumptions!$D$55,0) -> 100 | AP28: =E28*Assumptions!$D$60/60+F28*Assumptions!$D$61+J28*Assumptions!$D$62+(S28+T28)*Assumptions!$D$63+X28*Assumptions!$D$64+Z28*Assumptions!$D$65+U28*Assumptions!$D$66+Assumptions!$D$67*52/12 -> 146.04656 | AQ28: =IF(BC27=1,Assumptions!$D$69,Assumptions!$D$68)*52/12 -> 108.33333 | AR28: =MAX(0,AP28-AQ28) -> 37.713227 | AS28: =AR28*Assumptions!$D$70*Assumptions!$D$71 -> 424.2738 | AT28: =Assumptions!$D$56/12 -> 75 | AU28: =IF(A28=1,Assumptions!$D$57,0)+Assumptions!$D$58 -> 45 | AV28: =IF(AND(Y28>0,Y28=A28),Assumptions!$D$46,0)+IF(Y28>0,Assumptions!$D$47,0) -> 50 | AW28: =AK28+AL28+AM28+AN28+AO28+AS28+AT28+AU28+AV28 -> 1337.299 | AX28: =AI28-AW28 -> 5416.7418 | AY28: =MAX(0,AX28)*Assumptions!$D$73 -> 1516.6877 | AZ28: =AX28-AY28 -> 3900.0541 | BA28: =BA27+AZ28 -> 43178.434 | BB28: =IF(AZ28>=Assumptions!$D$74/12,BB27+1,0) -> 0 | BC28: =IF(OR(BC27=1,BB28>=3),1,0) -> 0 | BD28: =IF(AZ28>=Assumptions!$D$75/12,BD27+1,0) -> 0 | BE28: =AP28*12/52 -> 33.703052 | BF28: =AR28*12/52 -> 8.7030523 | BG28: =IF(AX28>0,A28,999) -> 24 | BH28: =IF(BB28>=3,A28,999) -> 999 | BI28: =IF(BD28>=3,A28,999) -> 999
... A64: 60 | B64: =DATE(2026,10+A64,1) -> 48122 | C64: =INT((A64-1)/12)+1 -> 5 | D64: =IF(C64=1,Assumptions!$D$7,IF(C64=2,Assumptions!$D$8,Assumptions!$D$9)) -> 25 | E64: =D64*Assumptions!$D$10 -> 525 | F64: =E64*Assumptions!$D$11 -> 42 | G64: =MIN(1,Assumptions!$D$13+(1-Assumptions!$D$13)*(A64-1)/Assumptions!$D$14) -> 1 | H64: =F64*Assumptions!$D$12*G64 -> 5.04 | I64: =Assumptions!$D$15*(Q63+R63+T63+U63) -> 1.0720004 | J64: =H64+I64 -> 6.1120004 | K64: =J64*Assumptions!$D$18 -> 0 | L64: =(J64-K64)*Assumptions!$D$17 -> 4.2784003 | M64: =J64-K64-L64 -> 1.8336001 | N64: =L64*Assumptions!$D$19 -> 0.42784003 | O64: =L64-N64 -> 3.8505603 | P64: =O52*(1-Assumptions!$D$20)^12 -> 3.3354995 | Q64: =Q63*(1-Assumptions!$D$20)+O64-P64 -> 43.330235 | R64: =R63*(1-Assumptions!$D$22)+P64*(1-Assumptions!$D$21) -> 54.24107 | S64: =Q64+R64 -> 97.571305 | T64: =T63*(1-Assumptions!$D$24)+M64*Assumptions!$D$23 -> 10.586378 | U64: =U63*(1-Assumptions!$D$25)+K64 -> 0 | V64: =V63+M64 -> 88.728711 | W64: =N64+Q63*Assumptions!$D$20+P64*Assumptions!$D$21+R63*Assumptions!$D$22+T63*Assumptions!$D$24+U63*Assumptions!$D$25 -> 3.8708423 | X64: =IF(A64<Assumptions!$D$34,0,Assumptions!$D$36*MIN(1,(A64-Assumptions!$D$34+1)/Assumptions!$D$35))*(S64+T64) -> 21.631536 | Y64: =IF(Y63>0,Y63,IF(AND(A64>=Assumptions!$D$41,Q63+R63+T63>=Assumptions!$D$40),A64,0)) -> 13 | Z64: =IF(Y64>0,Assumptions!$D$42*MIN(1,(A64-Y64+1)/Assumptions!$D$43),0)*(S64+T64) -> 32.447305 | AA64: =(1+Assumptions!$D$32)^(C64-1) -> 1.1255088 | AB64: =O64*Assumptions!$D$27*AA64 -> 429.05011 | AC64: =(Q63+R63)*Assumptions!$D$28*AA64 -> 10773.812 | AD64: =M64*Assumptions!$D$29*AA64 -> 1029.8028 | AE64: =T63*Assumptions!$D$30*AA64 -> 934.42866 | AF64: =U63*Assumptions!$D$31*AA64 -> 0 | AG64: =X64*Assumptions!$D$37*Assumptions!$D$38 -> 1514.2076 | AH64: =Z64*Assumptions!$D$44*Assumptions!$D$45 -> 973.41914 | AI64: =SUM(AB64:AH64) -> 15654.72 | AJ64: =(S64*Assumptions!$D$28+T64*Assumptions!$D$30+U64*Assumptions!$D$31)*AA64+AG64+AH64 -> 14300.835 | AK64: =(AI64-AH64)*Assumptions!$D$49 -> 557.88944 | AL64: =(AC64+AE64+AF64)*Assumptions!$D$50 -> 81.957684 | AM64: =S64*Assumptions!$D$51+M64*Assumptions!$D$52 -> 149.46813 | AN64: =Assumptions!$D$53+Assumptions!$D$54*(S64+T64+U64) -> 474.47305 | AO64: =IF(C64>=2,Assumptions!$D$55,0) -> 100 | AP64: =E64*Assumptions!$D$60/60+F64*Assumptions!$D$61+J64*Assumptions!$D$62+(S64+T64)*Assumptions!$D$63+X64*Assumptions!$D$64+Z64*Assumptions!$D$65+U64*Assumptions!$D$66+Assumptions!$D$67*52/12 -> 264.45389 | AQ64: =IF(BC63=1,Assumptions!$D$69,Assumptions!$D$68)*52/12 -> 108.33333 | AR64: =MAX(0,AP64-AQ64) -> 156.12055 | AS64: =AR64*Assumptions!$D$70*Assumptions!$D$71 -> 1756.3562 | AT64: =Assumptions!$D$56/12 -> 75 | AU64: =IF(A64=1,Assumptions!$D$57,0)+Assumptions!$D$58 -> 45 | AV64: =IF(AND(Y64>0,Y64=A64),Assumptions!$D$46,0)+IF(Y64>0,Assumptions!$D$47,0) -> 50 | AW64: =AK64+AL64+AM64+AN64+AO64+AS64+AT64+AU64+AV64 -> 3290.1445 | AX64: =AI64-AW64 -> 12364.576 | AY64: =MAX(0,AX64)*Assumptions!$D$73 -> 3462.0812 | AZ64: =AX64-AY64 -> 8902.4945 | BA64: =BA63+AZ64 -> 290267.38 | BB64: =IF(AZ64>=Assumptions!$D$74/12,BB63+1,0) -> 0 | BC64: =IF(OR(BC63=1,BB64>=3),1,0) -> 0 | BD64: =IF(AZ64>=Assumptions!$D$75/12,BD63+1,0) -> 8 | BE64: =AP64*12/52 -> 61.02782 | BF64: =AR64*12/52 -> 36.02782 | BG64: =IF(AX64>0,A64,999) -> 60 | BH64: =IF(BB64>=3,A64,999) -> 999 | BI64: =IF(BD64>=3,A64,999) -> 60

Sheet Monthly Strong
A1: Monthly: Strong
A2: ESTIMATE | D2: Counts are averages, so they show decimals. Revenue and costs in USD. All formulas point at the Assumptions sheet.
A4: Month # | B4: Month | C4: Year | D4: DMs per day | E4: DMs sent | F4: Replies | G4: Sales ramp | H4: New from DMs | I4: Referrals | J4: New sales | K4: New Shop tier | L4: New Starter | M4: New Own it | N4: Starter refunds (30-day) | O4: Starters entering | P4: Finishing 12-mo min | Q4: Starter in minimum | R4: Starter past minimum | S4: Starter total | T4: Maps plan | U4: Shop tier | V4: Own it owners (all time) | W4: Churned (all plans) | X4: Growth barbers | Y4: Barber Pay live since month | Z4: Barber Pay barbers | AA4: Price multiplier | AB4: Rev: Starter start fees | AC4: Rev: Starter monthly | AD4: Rev: Own it | AE4: Rev: Maps plan | AF4: Rev: Shop tier | AG4: Rev: Growth fees | AH4: Rev: Barber Pay | AI4: Revenue | AJ4: MRR (end of month) | AK4: Cost: card fees | AL4: Cost: Stripe Billing | AM4: Cost: domains | AN4: Cost: tools | AO4: Cost: own-brand ads | AP4: Hours needed (month) | AQ4: Team hours available | AR4: VA hours | AS4: Cost: VA / contractor | AT4: Cost: accountant | AU4: Cost: LLC, agent, insurance | AV4: Cost: Barber Pay build + run | AW4: Total costs | AX4: Profit before tax | AY4: Tax set-aside (est.) | AZ4: After-tax take-home | BA4: Cumulative after-tax | BB4: Months in a row at goal | BC4: Freedom point reached | BD4: Months in a row at $100k pace | BE4: Hours per week needed | BF4: VA hours per week | BG4: Helper: profit month (999 = no) | BH4: Helper: goal month (999 = no) | BI4: Helper: $100k month (999 = no)
A5: 1 | B5: =DATE(2026,10+A5,1) -> 46327 | C5: =INT((A5-1)/12)+1 -> 1 | D5: =IF(C5=1,Assumptions!$E$7,IF(C5=2,Assumptions!$E$8,Assumptions!$E$9)) -> 20 | E5: =D5*Assumptions!$E$10 -> 440 | F5: =E5*Assumptions!$E$11 -> 44 | G5: =MIN(1,Assumptions!$E$13+(1-Assumptions!$E$13)*(A5-1)/Assumptions!$E$14) -> 0.6 | H5: =F5*Assumptions!$E$12*G5 -> 3.96 | I5: =Assumptions!$E$15*(0+0+0+0) -> 0 | J5: =H5+I5 -> 3.96 | K5: =J5*Assumptions!$E$18 -> 0.198 | L5: =(J5-K5)*Assumptions!$E$17 -> 2.6334 | M5: =J5-K5-L5 -> 1.1286 | N5: =L5*Assumptions!$E$19 -> 0.13167 | O5: =L5-N5 -> 2.50173 | P5: =0 -> 0 | Q5: =0*(1-Assumptions!$E$20)+O5-P5 -> 2.50173 | R5: =0*(1-Assumptions!$E$22)+P5*(1-Assumptions!$E$21) -> 0 | S5: =Q5+R5 -> 2.50173 | T5: =0*(1-Assumptions!$E$24)+M5*Assumptions!$E$23 -> 0.45144 | U5: =0*(1-Assumptions!$E$25)+K5 -> 0.198 | V5: =0+M5 -> 1.1286 | W5: =N5+0*Assumptions!$E$20+P5*Assumptions!$E$21+0*Assumptions!$E$22+0*Assumptions!$E$24+0*Assumptions!$E$25 -> 0.13167 | X5: =IF(A5<Assumptions!$E$34,0,Assumptions!$E$36*MIN(1,(A5-Assumptions!$E$34+1)/Assumptions!$E$35))*(S5+T5) -> 0 | Y5: =IF(AND(A5>=Assumptions!$E$41,0+0+0>=Assumptions!$E$40),A5,0) -> 0 | Z5: =IF(Y5>0,Assumptions!$E$42*MIN(1,(A5-Y5+1)/Assumptions!$E$43),0)*(S5+T5) -> 0 | AA5: =(1+Assumptions!$E$32)^(C5-1) -> 1 | AB5: =O5*Assumptions!$E$27*AA5 -> 247.67127 | AC5: =(0+0)*Assumptions!$E$28*AA5 -> 0 | AD5: =M5*Assumptions!$E$29*AA5 -> 563.1714 | AE5: =0*Assumptions!$E$30*AA5 -> 0 | AF5: =0*Assumptions!$E$31*AA5 -> 0 | AG5: =X5*Assumptions!$E$37*Assumptions!$E$38 -> 0 | AH5: =Z5*Assumptions!$E$44*Assumptions!$E$45 -> 0 | AI5: =SUM(AB5:AH5) -> 810.84267 | AJ5: =(S5*Assumptions!$E$28+T5*Assumptions!$E$30+U5*Assumptions!$E$31)*AA5+AG5+AH5 -> 362.33703 | AK5: =(AI5-AH5)*Assumptions!$E$49 -> 28.379493 | AL5: =(AC5+AE5+AF5)*Assumptions!$E$50 -> 0 | AM5: =S5*Assumptions!$E$51+M5*Assumptions!$E$52 -> 20.056162 | AN5: =Assumptions!$E$53+Assumptions!$E$54*(S5+T5+U5) -> 126.30234 | AO5: =IF(C5>=2,Assumptions!$E$55,0) -> 0 | AP5: =E5*Assumptions!$E$60/60+F5*Assumptions!$E$61+J5*Assumptions!$E$62+(S5+T5)*Assumptions!$E$63+X5*Assumptions!$E$64+Z5*Assumptions!$E$65+U5*Assumptions!$E$66+Assumptions!$E$67*52/12 -> 55.149837 | AQ5: =IF(0=1,Assumptions!$E$69,Assumptions!$E$68)*52/12 -> 130 | AR5: =MAX(0,AP5-AQ5) -> 0 | AS5: =AR5*Assumptions!$E$70*Assumptions!$E$71 -> 0 | AT5: =Assumptions!$E$56/12 -> 66.666667 | AU5: =IF(A5=1,Assumptions!$E$57,0)+Assumptions!$E$58 -> 340 | AV5: =IF(AND(Y5>0,Y5=A5),Assumptions!$E$46,0)+IF(Y5>0,Assumptions!$E$47,0) -> 0 | AW5: =AK5+AL5+AM5+AN5+AO5+AS5+AT5+AU5+AV5 -> 581.40466 | AX5: =AI5-AW5 -> 229.43801 | AY5: =MAX(0,AX5)*Assumptions!$E$73 -> 57.359502 | AZ5: =AX5-AY5 -> 172.07851 | BA5: =0+AZ5 -> 172.07851 | BB5: =IF(AZ5>=Assumptions!$E$74/12,0+1,0) -> 0 | BC5: =IF(OR(0=1,BB5>=3),1,0) -> 0 | BD5: =IF(AZ5>=Assumptions!$E$75/12,0+1,0) -> 0 | BE5: =AP5*12/52 -> 12.726885 | BF5: =AR5*12/52 -> 0 | BG5: =IF(AX5>0,A5,999) -> 1 | BH5: =IF(BB5>=3,A5,999) -> 999 | BI5: =IF(BD5>=3,A5,999) -> 999
